Workbook
Name ADDITIONAL_INVEST: #REF!
Name ADJUSTED_EAV: #REF!
Name BASE_CALC: #REF!
Name BFM: #REF!
Name ChosenDistrict: #REF!
Name ChosenDistrict: #REF!
Name ChosenDistrict: Cover!H5
Name CORE_INVEST: #REF!
Name CY_REAL_CALC: #REF!
Name DashedRCDTHidden: Cover!$Y$14
Name ENROLL_ALL: #REF!
Name ENROLL_EL: #REF!
Name ENROLL_LOWINC: #REF!
Name LOCAL_CAPACITY_TARGET: #REF!
Name OTR: #REF!
Name PER_STUDENT_INVEST: #REF!
Name PTELL_EAV_CALC: #REF!
Name REGION: #REF!
Name SCHADDRS: #REF!
Name SCHCTY: #REF!
Name SCHNMBR: #REF!
Name SCHNME: #REF!
Name School_District: #REF!
Name SUPT: #REF!
Name validation_list: OFFSET(#REF!,,,COUNTIF(#REF!,"?*"))

Sheet Cover
A1: District Type: | G1: ILLINOIS STATE BOARD OF EDUCATION
B2: =IF(Y15="SD","x","") -> x | C2: School District | G2: School Business Services Division
B3: =IF(Y15="JA","x","") | C3: Joint Agreement
G4: SCHOOL DISTRICT/JOINT AGREEMENT BUDGET FORM *
A5: Accounting Basis: | G5: ="July 1, "&'B27'!K2-1&" - June 30, "&'B27'!K2 -> July 1, 2026 - June 30, 2027
C6: Cash
B7: x | C7: Accrual
C8: Is this an amended budget? | H8: No
C10: Date of Amended Budget:
H11: (MM/DD/YY)
C13: District Name: | J13: West Chicago ESD 33 | Y13: =IF(H14<>"Select dist name from drop-down on line above",1,0) -> 1
C14: District RCDT No: | J14: =IFERROR(VLOOKUP(J13,'District Drop-down'!$A$2:$B$1001,2,FALSE),"Please select district from drop-down list in cell J13.") -> 19022033002 | Y14: =_xlfn.IFNA(VLOOKUP(J13,#REF!,6),"") -> #REF!
Y15: =IFERROR(VLOOKUP(J14,'District Drop-down'!$B$2:$D$1001,3,FALSE),"") -> SD
B17: ='DeficitBudgetSum Calc 21'!D7 & 'DeficitBudgetSum Calc 21'!D8 & " " -> Balanced budget; no Deficit Reduction Plan is required.
B18: ='DeficitBudgetSum Calc 21'!D9 & 'DeficitBudgetSum Calc 21'!D10 & " " | Q18: =IF('DeficitBudgetSum Calc 21'!D7='DeficitBudgetSum Calc 21'!B23, 'DeficitBudgetSum Calc 21'!D30, " ")
C25: Budget of | H25: =IF(J13="","",J13) -> West Chicago ESD 33 | L25: , County of | O25: =IFERROR(VLOOKUP($J$13,'District Drop-down'!$A$2:$C$1001,3,FALSE),"") -> Dupage | S25: ,
B26: State of Illinois, for the Fiscal Year beginning | I26: ="July 1, "&'B27'!K2-1 -> July 1, 2026 | L26: and ending | N26: ="June 30, "&'B27'!K2 -> June 30, 2027 | R26: .
C28: WHEREAS the Board of Education of | K28: =IF(J13=" Click here to choose your district from drop-down list","",J13) -> West Chicago ESD 33 | S28: ,
A29: County of | G29: =O25 -> Dupage | I29: , State of Illinois, caused to be prepared in tentative form a budget, and the Secretary
A30: of this Board has made the same conveniently available to public inspection for at least thirty days prior to final action thereon;
C32: AND WHEREAS a public hearing was held as to such budget on the | K32: 3rd | L32: day of | M32: September | P32: , 20 | Q32: 26 | R32: ,
A33: notice of said hearing was given at least thirty days prior thereto as required by law, and all other legal requirements have been complied with;
C35: NOW, THEREFORE, Be it resolved by the Board of Education of said district as follows:
C37: Section 1: That the fiscal year of this school district be and the same hereby is fixed and declared to be
A38: beginning | E38: =I26 -> July 1, 2026 | H38: and ending | J38: =N26 -> June 30, 2027 | M38: .
C40: Section 2: That the following budget containing an estimate of amounts available in each Fund, separately, and expenditures from each be
A41: and the same is hereby adopted as the budget of this school district for said fiscal year.
J43: ADOPTION OF BUDGET
C44: The budget shall be approved and signed below by members of the School Board. Adopted this | N44: 17th | O44: day of | P44: September | S44: , 20 | T44: 26
A45: by a roll call vote of | E45: 7 | G45: Yeas, and | H45: 0 | I45: Nays, to wit:
E49: ** MEMBERS VOTING YEA: | K49: ** MEMBERS VOTING NAY:
E50: Rita Balgeman
E51: Sandra Garcia
E52: Janette Hernandez
E53: Kari McCue
E54: Molly Denton
E55: Chad McClean
E56: Morgan Banasiak
D61: * | E61: Based on the 23 Illinois Administrative Code-Part 100 and inconformity with Section 17-1 of the School Code.
D62: ** | E62: Type in the members who voted "YEA" nor "NAY". Actual school board member signatures are not required for electronic submission.
D64: (1) | E64: A certified copy of this document must be filed with the county clerk within 30 days of adoption as required
E65: by Section 18-50 of the Property Tax Code (35 ILCS 200/18-50).
D66: (2) | E66: Districts are required to submit the adopted/amended budget electronically to ISBE within 30 days of adoption or by October 30,
E67: whichever comes first. Budgets are submitted through IWAS: | M67: https://apps.isbe.net/iwas/asp/login.asp?js=true
E68: Please type the member signatures before submitting to ISBE. We do not accept PDF copies.
C71: SD50-36/JA50-39 | E71: 5/26
C72: =J13 -> West Chicago ESD 33
C73: =J14 -> 19022033002

Sheet BudgetSum 2-4
A1: Begin entering data on EstRev 6-10 and EstExp 11-19 tabs. | C1: (10) | D1: (20) | E1: (30) | F1: (40) | G1: (50) | H1: (60) | I1: (70) | J1: (80) | K1: (90)
A2: Description: Enter Whole Numbers Only | B2: Acct # | C2: Educational | D2: Operations & Maintenance | E2: Debt Service | F2: Transportation | G2: Municipal Retirement/ Social Security | H2: Capital Projects | I2: Working Cash | J2: Tort | K2: Fire Prevention & Safety
A3: ="ESTIMATED BEGINNING FUND BALANCE (without Student Activity Funds)1 as of July 1, "&'B27'!K2-1 -> ESTIMATED BEGINNING FUND BALANCE (without Student Activity Funds)1 as of July 1, 2026 | C3: 48545078 | D3: 3765414 | E3: 1863901 | F3: 3410565 | G3: 2381964 | H3: 5840803 | I3: 5520315 | J3: 141785 | K3: 0
A4: RECEIPTS/REVENUES (without Student Activity Funds)
A5: LOCAL SOURCES | B5: 1000 | C5: ='EstRev 6-10'!C112 -> 42432409 | D5: ='EstRev 6-10'!D112 -> 4993399 | E5: ='EstRev 6-10'!E112 -> 2649096 | F5: ='EstRev 6-10'!F112 -> 3004291 | G5: ='EstRev 6-10'!G112 -> 1155921 | H5: ='EstRev 6-10'!H112 -> 0 | I5: ='EstRev 6-10'!I112 -> 476730 | J5: ='EstRev 6-10'!J112 -> 20027 | K5: ='EstRev 6-10'!K112 -> 0
A6: FLOW-THROUGH RECEIPTS/REVENUES FROM ONE DISTRICT TO ANOTHER DISTRICT | B6: 2000 | C6: ='EstRev 6-10'!C118 -> 0 | D6: ='EstRev 6-10'!D118 -> 0 | F6: ='EstRev 6-10'!F118 -> 0 | G6: ='EstRev 6-10'!G118 -> 0
A7: STATE SOURCES | B7: 3000 | C7: ='EstRev 6-10'!C165 -> 29529806 | D7: ='EstRev 6-10'!D165 -> 650000 | E7: ='EstRev 6-10'!E165 -> 0 | F7: ='EstRev 6-10'!F165 -> 3475000 | G7: ='EstRev 6-10'!G165 -> 0 | H7: ='EstRev 6-10'!H165 -> 0 | I7: ='EstRev 6-10'!I165 -> 0 | J7: ='EstRev 6-10'!J165 -> 0 | K7: ='EstRev 6-10'!K165 -> 0
A8: FEDERAL SOURCES | B8: 4000 | C8: ='EstRev 6-10'!C239 -> 6100000 | D8: ='EstRev 6-10'!D239 -> 0 | E8: ='EstRev 6-10'!E239 -> 0 | F8: ='EstRev 6-10'!F239 -> 0 | G8: ='EstRev 6-10'!G239 -> 0 | H8: ='EstRev 6-10'!H239 -> 0 | I8: ='EstRev 6-10'!I239 -> 0 | J8: ='EstRev 6-10'!J239 -> 0 | K8: ='EstRev 6-10'!K239 -> 0
A9: Total Direct Receipts/Revenues 8 | C9: =SUM(C5:C8) -> 78062215 | D9: =SUM(D5:D8) -> 5643399 | E9: =SUM(E5:E8) -> 2649096 | F9: =SUM(F5:F8) -> 6479291 | G9: =SUM(G5:G8) -> 1155921 | H9: =SUM(H5:H8) -> 0 | I9: =SUM(I5:I8) -> 476730 | J9: =SUM(J5:J8) -> 20027 | K9: =SUM(K5:K8) -> 0
A10: Receipts/Revenues for "On Behalf" Payments 2 | B10: 3998 | C10: 21040343
A11: Total Receipts/Revenues | C11: =SUM(C9:C10) -> 99102558 | D11: =SUM(D9:D10) -> 5643399 | E11: =SUM(E9:E10) -> 2649096 | F11: =SUM(F9:F10) -> 6479291 | G11: =SUM(G9:G10) -> 1155921 | H11: =SUM(H9:H10) -> 0 | I11: =SUM(I9:I10) -> 476730 | J11: =SUM(J9:J10) -> 20027 | K11: =SUM(K9:K10) -> 0
A12: DISBURSEMENTS/EXPENDITURES (without Student Activity Funds)
A13: INSTRUCTION | B13: 1000 | C13: ='EstExp 11-19'!K34 -> 45131246 | G13: ='EstExp 11-19'!K233 -> 1320274 | J13: ='EstExp 11-19'!K344 -> 0
A14: SUPPORT SERVICES | B14: 2000 | C14: ='EstExp 11-19'!K76 -> 18491775 | D14: ='EstExp 11-19'!K133 -> 5201594 | F14: ='EstExp 11-19'!K188 -> 6109100 | G14: ='EstExp 11-19'!K276 -> 1045549 | H14: ='EstExp 11-19'!K300 -> 4700000 | J14: ='EstExp 11-19'!K387 -> 0 | K14: ='EstExp 11-19'!K438 -> 0
A15: COMMUNITY SERVICES | B15: 3000 | C15: ='EstExp 11-19'!K77 -> 2669117 | D15: ='EstExp 11-19'!K134 -> 0 | F15: ='EstExp 11-19'!K189 -> 0 | G15: ='EstExp 11-19'!K277 -> 288486 | J15: ='EstExp 11-19'!K388 -> 0
A16: PAYMENTS TO OTHER DISTRICTS & GOVT UNITS | B16: 4000 | C16: ='EstExp 11-19'!K104 -> 2904000 | D16: ='EstExp 11-19'!K143 -> 0 | E16: ='EstExp 11-19'!K164 -> 0 | F16: ='EstExp 11-19'!K200 -> 0 | G16: ='EstExp 11-19'!K282 -> 0 | H16: ='EstExp 11-19'!K307 -> 0 | J16: ='EstExp 11-19'!K415 -> 0 | K16: ='EstExp 11-19'!K443 -> 0
A17: DEBT SERVICES | B17: 5000 | C17: ='EstExp 11-19'!K114 -> 0 | D17: ='EstExp 11-19'!K153 -> 0 | E17: ='EstExp 11-19'!K176 -> 2615000 | F17: ='EstExp 11-19'!K212 -> 0 | G17: ='EstExp 11-19'!K290 -> 0 | J17: ='EstExp 11-19'!K426 -> 0 | K17: ='EstExp 11-19'!K451 -> 0
A18: PROVISION FOR CONTINGENCIES | B18: 6000 | C18: ='EstExp 11-19'!K115 -> 0 | D18: ='EstExp 11-19'!K154 -> 0 | E18: ='EstExp 11-19'!K177 -> 0 | F18: ='EstExp 11-19'!K213 -> 0 | G18: ='EstExp 11-19'!K291 -> 0 | H18: ='EstExp 11-19'!K308 -> 0 | J18: ='EstExp 11-19'!K427 -> 0 | K18: ='EstExp 11-19'!K452 -> 0
A19: Total Direct Disbursements/Expenditures 9 | C19: =SUM(C13:C18) -> 69196138 | D19: =SUM(D13:D18) -> 5201594 | E19: =SUM(E13:E18) -> 2615000 | F19: =SUM(F13:F18) -> 6109100 | G19: =SUM(G13:G18) -> 2654309 | H19: =SUM(H13:H18) -> 4700000 | J19: =SUM(J13:J18) -> 0 | K19: =SUM(K13:K18) -> 0
A20: Disbursements/Expenditures for "On Behalf" Payments 2 | B20: 4180 | C20: =C10 -> 21040343 | D20: =D10 -> 0 | E20: =E10 -> 0 | F20: =F10 -> 0 | G20: =G10 -> 0 | H20: =H10 -> 0 | J20: =J10 -> 0 | K20: =K10 -> 0
A21: Total Disbursements/Expenditures | C21: =SUM(C19:C20) -> 90236481 | D21: =SUM(D19:D20) -> 5201594 | E21: =SUM(E19:E20) -> 2615000 | F21: =SUM(F19:F20) -> 6109100 | G21: =SUM(G19:G20) -> 2654309 | H21: =SUM(H19:H20) -> 4700000 | J21: =SUM(J19:J20) -> 0 | K21: =SUM(K19:K20) -> 0
A22: Excess of Direct Receipts/Revenues Over (Under) Direct Disbursements/Expenditures | C22: =C9-C19 -> 8866077 | D22: =D9-D19 -> 441805 | E22: =E9-E19 -> 34096 | F22: =F9-F19 -> 370191 | G22: =G9-G19 -> -1498388 | H22: =H9-H19 -> -4700000 | I22: =I9-I19 -> 476730 | J22: =J9-J19 -> 20027 | K22: =K9-K19 -> 0
A23: OTHER SOURCES/USES OF FUNDS
A24: OTHER SOURCES OF FUNDS (7000)
A25: PERMANENT TRANSFER FROM VARIOUS FUNDS
A26: Abolishment the Working Cash Fund 16 | B26: 7110
A27: Abatement of the Working Cash Fund 16 | B27: 7110
A28: Transfer of Working Cash Fund Interest | B28: 7120
A29: Transfer Among Funds | B29: 7130
A30: Transfer of Interest | B30: 7140
A31: Transfer from Capital Projects Fund to O&M Fund | B31: 7150 | D31: =H54 -> 0
A32: Transfer of Excess Fire Prev & Safety Tax & Interest 3 Proceeds to O&M Fund | B32: 7160 | D32: =K55 -> 0
A33: Transfer of Excess Accumulated Fire Prev & Safety Bond and Int 3a Proceeds to Debt Service Fund | B33: 7170 | E33: =K56 -> 0
A34: SALE OF BONDS (7200)
A35: Principal on Bonds Sold 4 | B35: 7210
A36: Premium on Bonds Sold | B36: 7220
A37: Accrued Interest on Bonds Sold | B37: 7230
A38: Sale or Compensation for Fixed Assets 5 | B38: 7300
A39: Transfer to Debt Service to Pay Principal on Leases | B39: 7400 | E39: =SUM(C57:H60) -> 0
A40: Transfer to Debt Service to Pay Interest on Leases | B40: 7500 | E40: =SUM(C61:H64) -> 0
A41: Transfer to Debt Service Fund to Pay Principal on Revenue Bonds | B41: 7600 | E41: =SUM(C65:D68) -> 0
A42: Transfer to Debt Service Fund to Pay Interest on Revenue Bonds | B42: 7700 | E42: =SUM(C69:D72) -> 0
A43: Transfer to Capital Projects Fund | B43: 7800 | H43: =SUM(C73:D76) -> 0
A44: ISBE Loan Proceeds | B44: 7900
A45: Other Sources Not Classified Elsewhere | B45: 7990
A46: Total Other Sources of Funds 8 | C46: =SUM(C26:C45) -> 0 | D46: =SUM(D26:D45) -> 0 | E46: =SUM(E26:E45) -> 0 | F46: =SUM(F26:F45) -> 0 | G46: =SUM(G26:G45) -> 0 | H46: =SUM(H26:H45) -> 0 | I46: =SUM(I26:I45) -> 0 | J46: =SUM(J26:J45) -> 0 | K46: =SUM(K26:K45) -> 0
A47: OTHER USES OF FUNDS (8000)
A49: TRANSFER TO VARIOUS OTHER FUNDS (8100)
A50: Abolishment or Abatement of the Working Cash Fund 16 | B50: 8110 | I50: =SUM(C26,C27,D27,E27,F27,G27,H27,J27,K27) -> 0
A51: Transfer of Working Cash Fund Interest | B51: 8120 | I51: =SUM(C28:K28) -> 0
A52: Transfer Among Funds | B52: 8130
A53: Transfer of Interest 6 | B53: 8140
A54: Transfer from Capital Projects Fund to O&M Fund | B54: 8150
A55: Transfer of Excess Fire Prev & Safety Tax & Interest 3 Proceeds to O&M Fund | B55: 8160
A56: Transfer of Excess Accumulated Fire Prev & Safety Bond 3a and Int Proceeds to Debt Service Fund | B56: 8170
A57: Taxes Pledged to Pay Principal on Leases | B57: 8410
A58: Grants/Reimbursements Pledged to Pay Principal on Leases | B58: 8420
A59: Other Revenues Pledged to Pay Principal on Leases | B59: 8430
A60: Fund Balance Transfers Pledged to Pay Principal on Leases | B60: 8440
A61: Taxes Pledged to Pay Interest on Leases | B61: 8510
A62: Grants/Reimbursements Pledged to Pay Interest on Leases | B62: 8520
A63: Other Revenues Pledged to Pay Interest on Leases | B63: 8530
... A78: Other Uses Not Classified Elsewhere | B78: 8990
A79: Total Other Uses of Funds 9 | C79: =SUM(C50:C78) -> 0 | D79: =SUM(D50:D78) -> 0 | E79: =SUM(E50:E78) -> 0 | F79: =SUM(F50:F78) -> 0 | G79: =SUM(G50:G78) -> 0 | H79: =SUM(H50:H78) -> 0 | I79: =SUM(I50:I78) -> 0 | J79: =SUM(J50:J78) -> 0 | K79: =SUM(K50:K78) -> 0
A80: Total Other Sources/Uses of Fund | C80: =C46-C79 -> 0 | D80: =D46-D79 -> 0 | E80: =E46-E79 -> 0 | F80: =F46-F79 -> 0 | G80: =G46-G79 -> 0 | H80: =H46-H79 -> 0 | I80: =I46-I79 -> 0 | J80: =J46-J79 -> 0 | K80: =K46-K79 -> 0
A81: ="ESTIMATED ENDING FUND BALANCE (without Student Activity Funds) as of June 30, "&'B27'!K2 -> ESTIMATED ENDING FUND BALANCE (without Student Activity Funds) as of June 30, 2027 | C81: =C3+C22+C80 -> 57411155 | D81: =D3+D22+D80 -> 4207219 | E81: =E3+E22+E80 -> 1897997 | F81: =F3+F22+F80 -> 3780756 | G81: =G3+G22+G80 -> 883576 | H81: =H3+H22+H80 -> 1140803 | I81: =I3+I22+I80 -> 5997045 | J81: =J3+J22+J80 -> 161812 | K81: =K3+K22+K80 -> 0
A83: ="Student Activity (Fund 11) ESTIMATED BEGINNING FUND BALANCE as of July 1, "&'B27'!K2-1 -> Student Activity (Fund 11) ESTIMATED BEGINNING FUND BALANCE as of July 1, 2026 | C83: 42600
A84: RECEIPTS/REVENUES (For Student Activity Funds)
A85: Total Student Activity Direct Receipts/Revenues (Local Sources) | B85: 1799 | C85: ='EstRev 6-10'!C83 -> 0
A86: DISBURSEMENTS/EXPENDITURES (For Student Activity Funds)
A87: Total Student Activity Direct Disbursements/Expenditures | B87: 1999 | C87: ='EstExp 11-19'!K33 -> 0
A88: Excess of Direct Receipts/Revenues Over (Under) Direct Disbursements/Expenditures | C88: =C85-C87 -> 0
A89: ="Student Activity ESTIMATED ENDING FUND BALANCE as of June 30, "&'B27'!K2 -> Student Activity ESTIMATED ENDING FUND BALANCE as of June 30, 2027 | C89: =C83+C88 -> 42600
A91: ="Total ESTIMATED BEGINNING FUND BALANCE (All Sources Including Student Activity Funds) as of July 1, "&'B27'!K2-1 -> Total ESTIMATED BEGINNING FUND BALANCE (All Sources Including Student Activity Funds) as of July 1, 2026 | C91: =C3+C83 -> 48587678 | D91: =D3 -> 3765414 | E91: =E3 -> 1863901 | F91: =F3 -> 3410565 | G91: =G3 -> 2381964 | H91: =H3 -> 5840803 | I91: =I3 -> 5520315 | J91: =J3 -> 141785 | K91: =K3 -> 0
A92: RECEIPTS/REVENUES (All Sources with Student Activity Funds)
A93: LOCAL SOURCES | B93: 1000 | C93: =C5+C85 -> 42432409 | D93: =D5 -> 4993399 | E93: =E5 -> 2649096 | F93: =F5 -> 3004291 | G93: =G5 -> 1155921 | H93: =H5 -> 0 | I93: =I5 -> 476730 | J93: =J5 -> 20027 | K93: =K5 -> 0
A94: FLOW-THROUGH RECEIPTS/REVENUES FROM ONE DISTRICT TO ANOTHER DISTRICT | B94: 2000 | C94: =C6 -> 0 | D94: =D6 -> 0 | F94: =F6 -> 0 | G94: =G6 -> 0
A95: STATE SOURCES | B95: 3000 | C95: =C7 -> 29529806 | D95: =D7 -> 650000 | E95: =E7 -> 0 | F95: =F7 -> 3475000 | G95: =G7 -> 0 | H95: =H7 -> 0 | I95: =I7 -> 0 | J95: =J7 -> 0 | K95: =K7 -> 0
A96: FEDERAL SOURCES | B96: 4000 | C96: =C8 -> 6100000 | D96: =D8 -> 0 | E96: =E8 -> 0 | F96: =F8 -> 0 | G96: =G8 -> 0 | H96: =H8 -> 0 | I96: =I8 -> 0 | J96: =J8 -> 0 | K96: =K8 -> 0
A97: Total Direct Receipts/Revenues 8 | C97: =SUM(C93:C96) -> 78062215 | D97: =SUM(D93:D96) -> 5643399 | E97: =SUM(E93:E96) -> 2649096 | F97: =SUM(F93:F96) -> 6479291 | G97: =SUM(G93:G96) -> 1155921 | H97: =SUM(H93:H96) -> 0 | I97: =SUM(I93:I96) -> 476730 | J97: =SUM(J93:J96) -> 20027 | K97: =SUM(K93:K96) -> 0
A98: Receipts/Revenues for "On Behalf" Payments 2 | B98: 3998 | C98: =C10 -> 21040343 | D98: =D10 -> 0 | E98: =E10 -> 0 | F98: =F10 -> 0 | G98: =G10 -> 0 | H98: =H10 -> 0 | J98: =J10 -> 0 | K98: =K10 -> 0
A99: Total Receipts/Revenues | C99: =SUM(C97:C98) -> 99102558 | D99: =SUM(D97:D98) -> 5643399 | E99: =SUM(E97:E98) -> 2649096 | F99: =SUM(F97:F98) -> 6479291 | G99: =SUM(G97:G98) -> 1155921 | H99: =SUM(H97:H98) -> 0 | I99: =SUM(I97:I98) -> 476730 | J99: =SUM(J97:J98) -> 20027 | K99: =SUM(K97:K98) -> 0
A100: DISBURSEMENTS/EXPENDITURES (All Sources with Student Activity Funds)
A101: INSTRUCTION | B101: 1000 | C101: =C13+C87 -> 45131246 | G101: =G13 -> 1320274 | J101: =J13 -> 0
A102: SUPPORT SERVICES | B102: 2000 | C102: =C14 -> 18491775 | D102: =D14 -> 5201594 | F102: =F14 -> 6109100 | G102: =G14 -> 1045549 | H102: =H14 -> 4700000 | J102: =J14 -> 0 | K102: =K14 -> 0
A103: COMMUNITY SERVICES | B103: 3000 | C103: =C15 -> 2669117 | D103: =D15 -> 0 | F103: =F15 -> 0 | G103: =G15 -> 288486 | J103: =J15 -> 0
A104: PAYMENTS TO OTHER DISTRICTS & GOVT UNITS | B104: 4000 | C104: =C16 -> 2904000 | D104: =D16 -> 0 | E104: =E16 -> 0 | F104: =F16 -> 0 | G104: =G16 -> 0 | H104: =H16 -> 0 | J104: =J16 -> 0 | K104: =K16 -> 0
A105: DEBT SERVICES | B105: 5000 | C105: =C17 -> 0 | D105: =D17 -> 0 | E105: =E17 -> 2615000 | F105: =F17 -> 0 | G105: =G17 -> 0 | J105: =J17 -> 0 | K105: =K17 -> 0
A106: PROVISION FOR CONTINGENCIES | B106: 6000 | C106: =C18 -> 0 | D106: =D18 -> 0 | E106: =E18 -> 0 | F106: =F18 -> 0 | G106: =G18 -> 0 | H106: =H18 -> 0 | J106: =J18 -> 0 | K106: =K18 -> 0
A107: Total Direct Disbursements/Expenditures 9 | C107: =SUM(C101:C106) -> 69196138 | D107: =SUM(D101:D106) -> 5201594 | E107: =SUM(E101:E106) -> 2615000 | F107: =SUM(F101:F106) -> 6109100 | G107: =SUM(G101:G106) -> 2654309 | H107: =SUM(H101:H106) -> 4700000 | J107: =SUM(J101:J106) -> 0 | K107: =SUM(K101:K106) -> 0
A108: Disbursements/Expenditures for "On Behalf" Payments 2 | B108: 4180 | C108: =C98 -> 21040343 | D108: =D98 -> 0 | E108: =E98 -> 0 | F108: =F98 -> 0 | G108: =G98 -> 0 | H108: =H98 -> 0 | J108: =J98 -> 0 | K108: =K98 -> 0
A109: Total Disbursements/Expenditures | C109: =SUM(C107:C108) -> 90236481 | D109: =SUM(D107:D108) -> 5201594 | E109: =SUM(E107:E108) -> 2615000 | F109: =SUM(F107:F108) -> 6109100 | G109: =SUM(G107:G108) -> 2654309 | H109: =SUM(H107:H108) -> 4700000 | J109: =SUM(J107:J108) -> 0 | K109: =SUM(K107:K108) -> 0
A110: Excess of Direct Receipts/Revenues Over (Under) Direct Disbursements/Expenditures | C110: =C97-C107 -> 8866077 | D110: =D97-D107 -> 441805 | E110: =E97-E107 -> 34096 | F110: =F97-F107 -> 370191 | G110: =G97-G107 -> -1498388 | H110: =H97-H107 -> -4700000 | I110: =I97-I107 -> 476730 | J110: =J97-J107 -> 20027 | K110: =K97-K107 -> 0
A111: OTHER SOURCES/USES OF FUNDS
A112: OTHER SOURCES OF FUNDS (7000)
A113: Total Other Sources of Funds 8 | C113: =C46 -> 0 | D113: =D46 -> 0 | E113: =E46 -> 0 | F113: =F46 -> 0 | G113: =G46 -> 0 | H113: =H46 -> 0 | I113: =I46 -> 0 | J113: =J46 -> 0 | K113: =K46 -> 0
A114: OTHER USES OF FUNDS (8000)
A116: Total Other Uses of Funds 9 | C116: =C79 -> 0 | D116: =D79 -> 0 | E116: =E79 -> 0 | F116: =F79 -> 0 | G116: =G79 -> 0 | H116: =H79 -> 0 | I116: =I79 -> 0 | J116: =J79 -> 0 | K116: =K79 -> 0
A117: Total Other Sources/Uses of Fund | C117: =C80 -> 0 | D117: =D80 -> 0 | E117: =E80 -> 0 | F117: =F80 -> 0 | G117: =G80 -> 0 | H117: =H80 -> 0 | I117: =I80 -> 0 | J117: =J80 -> 0 | K117: =K80 -> 0
A118: ="ESTIMATED ENDING FUND BALANCE (All Sources with Student Activity Funds) as of June 30, "&'B27'!K2 -> ESTIMATED ENDING FUND BALANCE (All Sources with Student Activity Funds) as of June 30, 2027 | C118: =C81+C89 -> 57453755 | D118: =D81+D89 -> 4207219 | E118: =E81+E89 -> 1897997 | F118: =F81+F89 -> 3780756 | G118: =G81+G89 -> 883576 | H118: =H81+H89 -> 1140803 | I118: =I81+I89 -> 5997045 | J118: =J81+J89 -> 161812 | K118: =K81+K89 -> 0
...

Sheet CashSum 5
C1: (10) | D1: (20) | E1: (30) | F1: (40) | G1: (50) | H1: (60) | I1: (70) | J1: (80) | K1: (90)
A2: Description: Enter Whole Numbers Only | B2: Acct # | C2: Educational | D2: Operations & Maintenance | E2: Debt Service | F2: Transportation | G2: Municipal Retirement/ Social Security | H2: Capital Projects | I2: Working Cash | J2: Tort | K2: Fire Prevention & Safety
A3: ="BEGINNING CASH BALANCE ON HAND (without Student Activity Funds)7 as of July 1, "&'B27'!K2-1 -> BEGINNING CASH BALANCE ON HAND (without Student Activity Funds)7 as of July 1, 2026 | C3: 48545078 | D3: 3765414 | E3: 1863901 | F3: 3410565 | G3: 2381964 | H3: 5840803 | I3: 5520315 | J3: 141785 | K3: 0
A4: Total Direct Receipts & Other Sources 8 | C4: ='BudgetSum 2-4'!C9+'BudgetSum 2-4'!C46 -> 78062215 | D4: ='BudgetSum 2-4'!D9+'BudgetSum 2-4'!D46 -> 5643399 | E4: ='BudgetSum 2-4'!E9+'BudgetSum 2-4'!E46 -> 2649096 | F4: ='BudgetSum 2-4'!F9+'BudgetSum 2-4'!F46 -> 6479291 | G4: ='BudgetSum 2-4'!G9+'BudgetSum 2-4'!G46 -> 1155921 | H4: ='BudgetSum 2-4'!H9+'BudgetSum 2-4'!H46 -> 0 | I4: ='BudgetSum 2-4'!I9+'BudgetSum 2-4'!I46 -> 476730 | J4: ='BudgetSum 2-4'!J9+'BudgetSum 2-4'!J46 -> 20027 | K4: ='BudgetSum 2-4'!K9+'BudgetSum 2-4'!K46 -> 0
A5: OTHER RECEIPTS
A6: Interfund Loans Payable (Loans from Other Funds) | B6: 411
A7: Interfund Loans Receivable (Repayment of Loans) | B7: 141
A8: Notes and Warrants Payable | B8: 433
A9: Other Current Assets | B9: 199
A10: Total Other Receipts | C10: =SUM(C6:C9) -> 0 | D10: =SUM(D6:D9) -> 0 | E10: =SUM(E6:E9) -> 0 | F10: =SUM(F6:F9) -> 0 | G10: =SUM(G6:G9) -> 0 | H10: =SUM(H6:H9) -> 0 | I10: =SUM(I6:I9) -> 0 | J10: =SUM(J6:J9) -> 0 | K10: =SUM(K6:K9) -> 0
A11: Total Direct Receipts, Other Sources, & Other Receipts | C11: =SUM(C4,C10) -> 78062215 | D11: =SUM(D4,D10) -> 5643399 | E11: =SUM(E4,E10) -> 2649096 | F11: =SUM(F4,F10) -> 6479291 | G11: =SUM(G4,G10) -> 1155921 | H11: =SUM(H4,H10) -> 0 | I11: =SUM(I4,I10) -> 476730 | J11: =SUM(J4,J10) -> 20027 | K11: =SUM(K4,K10) -> 0
A12: Total Amount Available | C12: =SUM(C3,C11) -> 126607293 | D12: =SUM(D3,D11) -> 9408813 | E12: =SUM(E3,E11) -> 4512997 | F12: =SUM(F3,F11) -> 9889856 | G12: =SUM(G3,G11) -> 3537885 | H12: =SUM(H3,H11) -> 5840803 | I12: =SUM(I3,I11) -> 5997045 | J12: =SUM(J3,J11) -> 161812 | K12: =SUM(K3,K11) -> 0
A13: Total Direct Disbursements & Other Uses 9 | C13: =SUM('BudgetSum 2-4'!C19,'BudgetSum 2-4'!C79) -> 69196138 | D13: =SUM('BudgetSum 2-4'!D19,'BudgetSum 2-4'!D79) -> 5201594 | E13: =SUM('BudgetSum 2-4'!E19,'BudgetSum 2-4'!E79) -> 2615000 | F13: =SUM('BudgetSum 2-4'!F19,'BudgetSum 2-4'!F79) -> 6109100 | G13: =SUM('BudgetSum 2-4'!G19,'BudgetSum 2-4'!G79) -> 2654309 | H13: =SUM('BudgetSum 2-4'!H19,'BudgetSum 2-4'!H79) -> 4700000 | I13: =SUM('BudgetSum 2-4'!I19,'BudgetSum 2-4'!I79) -> 0 | J13: =SUM('BudgetSum 2-4'!J19,'BudgetSum 2-4'!J79) -> 0 | K13: =SUM('BudgetSum 2-4'!K19,'BudgetSum 2-4'!K79) -> 0
A14: OTHER DISBURSEMENTS
A15: Interfund Loans Receivable (Loans to Other Funds) 10 | B15: 141
A16: Interfund Loans Payable (Repayment of Loans) | B16: 411
A17: Notes and Warrants Payable | B17: 433
A18: Other Current Liabilities | B18: 499
A19: Total Other Disbursements | C19: =SUM(C15:C18) -> 0 | D19: =SUM(D15:D18) -> 0 | E19: =SUM(E15:E18) -> 0 | F19: =SUM(F15:F18) -> 0 | G19: =SUM(G15:G18) -> 0 | H19: =SUM(H15:H18) -> 0 | I19: =SUM(I15:I18) -> 0 | J19: =SUM(J15:J18) -> 0 | K19: =SUM(K15:K18) -> 0
A20: Total Direct Disbursements, Other Uses, & Other Disbursements | C20: =SUM(C13,C19) -> 69196138 | D20: =SUM(D13,D19) -> 5201594 | E20: =SUM(E13,E19) -> 2615000 | F20: =SUM(F13,F19) -> 6109100 | G20: =SUM(G13,G19) -> 2654309 | H20: =SUM(H13,H19) -> 4700000 | I20: =SUM(I13,I19) -> 0 | J20: =SUM(J13,J19) -> 0 | K20: =SUM(K13,K19) -> 0
A21: ="ENDING CASH BALANCE ON HAND (without Student Activity Funds) as of June 30, "&'B27'!K2 -> ENDING CASH BALANCE ON HAND (without Student Activity Funds) as of June 30, 2027 | C21: =SUM(C12-C20) -> 57411155 | D21: =SUM(D12-D20) -> 4207219 | E21: =SUM(E12-E20) -> 1897997 | F21: =SUM(F12-F20) -> 3780756 | G21: =SUM(G12-G20) -> 883576 | H21: =SUM(H12-H20) -> 1140803 | I21: =SUM(I12-I20) -> 5997045 | J21: =SUM(J12-J20) -> 161812 | K21: =SUM(K12-K20) -> 0
A23: ="Activity Funds BEGINNING CASH BALANCE ON HAND7 as of July 1, "&'B27'!K2-1 -> Activity Funds BEGINNING CASH BALANCE ON HAND7 as of July 1, 2026 | C23: 42600
A24: Total Direct Receipts & Other Sources 8 | C24: ='BudgetSum 2-4'!C85 -> 0
A25: Total Amount Available | C25: =SUM(C23,C24) -> 42600
A26: Total Direct Disbursements & Other Uses 9 | C26: ='BudgetSum 2-4'!C87 -> 0
A27: ="Activity funds ENDING CASH BALANCE ON HAND7 as of June 30, "&'B27'!K2 -> Activity funds ENDING CASH BALANCE ON HAND7 as of June 30, 2027 | C27: =SUM(C25-C26) -> 42600
A29: ="Total BEGINNING CASH BALANCE ON HAND (with Student Activity Funds)7 as of July 1, "&'B27'!K2-1 -> Total BEGINNING CASH BALANCE ON HAND (with Student Activity Funds)7 as of July 1, 2026 | C29: =C3+C23 -> 48587678 | D29: =D3 -> 3765414 | E29: =E3 -> 1863901 | F29: =F3 -> 3410565 | G29: =G3 -> 2381964 | H29: =H3 -> 5840803 | I29: =I3 -> 5520315 | J29: =J3 -> 141785 | K29: =K3 -> 0
A30: Total Direct Receipts & Other Sources 8 | C30: =C4+C24 -> 78062215 | D30: =D4 -> 5643399 | E30: =E4 -> 2649096 | F30: =F4 -> 6479291 | G30: =G4 -> 1155921 | H30: =H4 -> 0 | I30: =I4 -> 476730 | J30: =J4 -> 20027 | K30: =K4 -> 0
A31: Total Other Receipts | C31: =C10 -> 0 | D31: =D10 -> 0 | E31: =E10 -> 0 | F31: =F10 -> 0 | G31: =G10 -> 0 | H31: =H10 -> 0 | I31: =I10 -> 0 | J31: =J10 -> 0 | K31: =K10 -> 0
A32: Total Direct Receipts, Other Sources, & Other Receipts | C32: =SUM(C30,C31) -> 78062215 | D32: =SUM(D30,D31) -> 5643399 | E32: =SUM(E30,E31) -> 2649096 | F32: =SUM(F30,F31) -> 6479291 | G32: =SUM(G30,G31) -> 1155921 | H32: =SUM(H30,H31) -> 0 | I32: =SUM(I30,I31) -> 476730 | J32: =SUM(J30,J31) -> 20027 | K32: =SUM(K30,K31) -> 0
A33: Total Amount Available | C33: =SUM(C29,C32) -> 126649893 | D33: =SUM(D29,D32) -> 9408813 | E33: =SUM(E29,E32) -> 4512997 | F33: =SUM(F29,F32) -> 9889856 | G33: =SUM(G29,G32) -> 3537885 | H33: =SUM(H29,H32) -> 5840803 | I33: =SUM(I29,I32) -> 5997045 | J33: =SUM(J29,J32) -> 161812 | K33: =SUM(K29,K32) -> 0
A34: Total Direct Disbursements & Other Uses 9 | C34: =C13+C26 -> 69196138 | D34: =D13 -> 5201594 | E34: =E13 -> 2615000 | F34: =F13 -> 6109100 | G34: =G13 -> 2654309 | H34: =H13 -> 4700000 | I34: =I13 -> 0 | J34: =J13 -> 0 | K34: =K13 -> 0
A35: Total Other Disbursements | C35: =C19 -> 0 | D35: =D19 -> 0 | E35: =E19 -> 0 | F35: =F19 -> 0 | G35: =G19 -> 0 | H35: =H19 -> 0 | I35: =I19 -> 0 | J35: =J19 -> 0 | K35: =K19 -> 0
A36: Total Direct Disbursements, Other Uses, & Other Disbursements | C36: =SUM(C34,C35) -> 69196138 | D36: =SUM(D34,D35) -> 5201594 | E36: =SUM(E34,E35) -> 2615000 | F36: =SUM(F34,F35) -> 6109100 | G36: =SUM(G34,G35) -> 2654309 | H36: =SUM(H34,H35) -> 4700000 | I36: =SUM(I34,I35) -> 0 | J36: =SUM(J34,J35) -> 0 | K36: =SUM(K34,K35) -> 0
A37: ="Total ENDING CASH BALANCE ON HAND (with Student Activity Funds)7 as of June 30, "&'B27'!K2 -> Total ENDING CASH BALANCE ON HAND (with Student Activity Funds)7 as of June 30, 2027 | C37: =SUM(C33-C36) -> 57453755 | D37: =SUM(D33-D36) -> 4207219 | E37: =SUM(E33-E36) -> 1897997 | F37: =SUM(F33-F36) -> 3780756 | G37: =SUM(G33-G36) -> 883576 | H37: =SUM(H33-H36) -> 1140803 | I37: =SUM(I33-I36) -> 5997045 | J37: =SUM(J33-J36) -> 161812 | K37: =SUM(K33-K36) -> 0

Sheet EstRev 6-10
C1: (10) | D1: (20) | E1: (30) | F1: (40) | G1: (50) | H1: (60) | I1: (70) | J1: (80) | K1: (90)
A2: Description: Enter Whole Numbers Only | B2: Acct # | C2: Educational | D2: Operations & Maintenance | E2: Debt Service | F2: Transportation | G2: Municipal Retirement/ Social Security | H2: Capital Projects | I2: Working Cash | J2: Tort | K2: Fire Prevention & Safety
A3: RECEIPTS/REVENUES FROM LOCAL SOURCES (1000)
A4: AD VALOREM TAXES LEVIED BY LOCAL EDUCATION AGENCY | B4: 1100
A5: Designated Purposes Levies 11 (1110-1120) | B5: ­ | C5: 36893362 | D5: 4733399 | E5: 2609096 | F5: 2934291 | G5: 371356 | H5: 0 | I5: 451730 | J5: 19527 | K5: 0
A6: Leasing Purposes Levy 12 | B6: 1130 | C6: 0 | D6: 0
A7: Special Education Purposes Levy | B7: 1140 | C7: 3568275 | D7: 0 | F7: 0 | G7: 0 | H7: 0
A8: FICA and Medicare Only Levies | B8: 1150 | G8: 569231
A9: Area Vocational Construction Purposes Levy | B9: 1160 | D9: 0 | E9: 0 | H9: 0
A10: Summer School Purposes Levy | B10: 1170 | C10: 0
A11: Other Tax Levies (Describe & Itemize) | B11: 1190 | C11: 0 | D11: 0 | E11: 0 | F11: 0 | G11: 0 | H11: 0 | I11: 0 | J11: 0 | K11: 0
A12: Total Ad Valorem Taxes Levied by District | C12: =SUM(C5:C11) -> 40461637 | D12: =SUM(D5:D11) -> 4733399 | E12: =SUM(E5:E11) -> 2609096 | F12: =SUM(F5:F11) -> 2934291 | G12: =SUM(G5:G11) -> 940587 | H12: =SUM(H5:H11) -> 0 | I12: =SUM(I5:I11) -> 451730 | J12: =SUM(J5:J11) -> 19527 | K12: =SUM(K5:K11) -> 0
A13: PAYMENTS IN LIEU OF TAXES | B13: 1200
A14: Mobile Home Privilege Tax | B14: 1210 | C14: 0 | D14: 0 | E14: 0 | F14: 0 | G14: 0 | H14: 0 | I14: 0 | J14: 0 | K14: 0
A15: Payments from Local Housing Authority | B15: 1220 | C15: 0 | D15: 0 | E15: 0 | F15: 0 | G15: 0 | H15: 0 | I15: 0 | J15: 0 | K15: 0
A16: Corporate Personal Property Replacement Taxes13 | B16: 1230 | C16: 1273772 | D16: 0 | E16: 0 | F16: 0 | G16: 190334 | H16: 0 | I16: 0 | J16: 0 | K16: 0
A17: Other Payments in Lieu of Taxes (Describe & Itemize) | B17: 1290 | C17: 0 | D17: 0 | E17: 0 | F17: 0 | G17: 0 | H17: 0 | I17: 0 | J17: 0 | K17: 0
A18: Total Payments in Lieu of Taxes | C18: =SUM(C14:C17) -> 1273772 | D18: =SUM(D14:D17) -> 0 | E18: =SUM(E14:E17) -> 0 | F18: =SUM(F14:F17) -> 0 | G18: =SUM(G14:G17) -> 190334 | H18: =SUM(H14:H17) -> 0 | I18: =SUM(I14:I17) -> 0 | J18: =SUM(J14:J17) -> 0 | K18: =SUM(K14:K17) -> 0
A19: TUITION | B19: 1300
A20: Regular Tuition from Pupils or Parents (In State) | B20: 1311 | C20: 0
A21: Regular Tuition from Other Districts (In State) | B21: 1312 | C21: 0
A22: Regular Tuition from Other Sources (In State) | B22: 1313 | C22: 0
A23: Regular Tuition from Other Sources (Out of State) | B23: 1314 | C23: 0
A24: Summer School Tuition from Pupils or Parents (In State) | B24: 1321 | C24: 0
A25: Summer School Tuition from Other Districts (In State) | B25: 1322 | C25: 0
A26: Summer School Tuition from Other Sources (In State) | B26: 1323 | C26: 0
A27: Summer School Tuition from Other Sources (Out of State) | B27: 1324 | C27: 0
A28: CTE Tuition from Pupils or Parents (In State) | B28: 1331 | C28: 0
A29: CTE Tuition from Other Districts (In State) | B29: 1332 | C29: 0
A30: CTE Tuition from Other Sources (In State) | B30: 1333 | C30: 0
A31: CTE Tuition from Other Sources (Out of State) | B31: 1334 | C31: 0
... A39: Adult Tuition from Other Sources (Out of State) | B39: 1354 | C39: 0
A40: Total Tuition | C40: =SUM(C20:C39) -> 0
A41: TRANSPORTATION FEES | B41: 1400
A42: Regular Transportation Fees from Pupils or Parents (In State) | B42: 1411 | F42: 20000
A43: Regular Transportation Fees from Other Districts (In State) | B43: 1412 | F43: 0
A44: Regular Transportation Fees from Other Sources (In State) | B44: 1413 | F44: 0
A45: Regular Transportation Fees from Co-curricular Activities (In State) | B45: 1415 | F45: 0
A46: Regular Transportation Fees from Other Sources (Out of State) | B46: 1416 | F46: 0
A47: Summer School Transportation Fees from Pupils or Parents (In State) | B47: 1421 | F47: 0
A48: Summer School Transportation Fees from Other Districts (In State) | B48: 1422 | F48: 0
A49: Summer School Transportation Fees from Other Sources (In State) | B49: 1423 | F49: 0
A50: Summer School Transportation Fees from Other Sources (Out of State) | B50: 1424 | F50: 0
A51: CTE Transportation Fees from Pupils or Parents (In State) | B51: 1431 | F51: 0
A52: CTE Transportation Fees from Other Districts (In State) | B52: 1432 | F52: 0
A53: CTE Transportation Fees from Other Sources (In State) | B53: 1433 | F53: 0
A54: CTE Transportation Fees from Other Sources (Out of State) | B54: 1434 | F54: 0
A55: Special Education Transportation Fees from Pupils or Parents (In State) | B55: 1441 | F55: 0
A56: Special Education Transportation Fees from Other Districts (In State) | B56: 1442 | F56: 0
A57: Special Education Transportation Fees from Other Sources (In State) | B57: 1443 | F57: 0
A58: Special Education Transportation Fees from Other Sources (Out of State) | B58: 1444 | F58: 0
A59: Adult Transportation Fees from Pupils or Parents (In State) | B59: 1451 | F59: 0
A60: Adult Transportation Fees from Other Districts (In State) | B60: 1452 | F60: 0
A61: Adult Transportation Fees from Other Sources (In State) | B61: 1453 | F61: 0
A62: Adult Transportation Fees from Other Sources (Out of State) | B62: 1454 | F62: 0
A63: Total Transportation Fees | F63: =SUM(F42:F62) -> 20000
A64: EARNINGS ON INVESTMENTS | B64: 1500
A65: Interest on Investments | B65: 1510 | C65: 350000 | D65: 100000 | E65: 40000 | F65: 50000 | G65: 25000 | H65: 0 | I65: 25000 | J65: 500 | K65: 0
A66: Gain or Loss on Sale of Investments | B66: 1520 | C66: 0 | D66: 0 | E66: 0 | F66: 0 | G66: 0 | H66: 0 | I66: 0 | J66: 0 | K66: 0
A67: Unrealized Gain or Loss on Investments | B67: 1530 | C67: 0 | D67: 0 | E67: 0 | F67: 0 | G67: 0 | H67: 0 | I67: 0 | J67: 0 | K67: 0
A68: Total Earnings on Investments | C68: =SUM(C65:C67) -> 350000 | D68: =SUM(D65:D67) -> 100000 | E68: =SUM(E65:E67) -> 40000 | F68: =SUM(F65:F67) -> 50000 | G68: =SUM(G65:G67) -> 25000 | H68: =SUM(H65:H67) -> 0 | I68: =SUM(I65:I67) -> 25000 | J68: =SUM(J65:J67) -> 500 | K68: =SUM(K65:K67) -> 0
A69: FOOD SERVICE | B69: 1600
A70: Sales to Pupils - Lunch | B70: 1611 | C70: 0
A71: Sales to Pupils - Breakfast | B71: 1612 | C71: 0
A72: Sales to Pupils - A la Carte | B72: 1613 | C72: 20000
A73: Sales to Pupils - Other (Describe & Itemize) | B73: 1614 | C73: 0
A74: Sales to Adults | B74: 1620 | C74: 0
A75: Other Food Service (Describe & Itemize) | B75: 1690 | C75: 0
A76: Total Food Service | C76: =SUM(C70:C75) -> 20000
A77: DISTRICT/SCHOOL ACTIVITY INCOME | B77: 1700
A78: Admissions - Athletic | B78: 1711 | C78: 5000 | D78: 0
A79: Admissions - Other | B79: 1719 | C79: 5000 | D79: 0
A80: Fees | B80: 1720 | C80: 5000 | D80: 0
A81: Book Store Sales | B81: 1730 | C81: 0 | D81: 0
A82: Other District/School Activity Revenue (Describe & Itemize) | B82: 1790 | C82: 37000 | D82: 0
A83: Student Activity Fund Revenues | B83: 1799 | C83: 0
A84: Total District/School Activity Income (without Student Activity Funds 1799) | C84: =SUM(C78:C82) -> 52000 | D84: =SUM(D78:D82) -> 0
A85: Total District/School Activity Income (with Student Activity Funds 1799) | C85: =C84+C83 -> 52000
A86: TEXTBOOK INCOME | B86: 1800
A87: Textbook Rentals - Regular Textbooks | B87: 1811 | C87: 50000
A88: Textbook Rentals - Summer School Textbooks | B88: 1812 | C88: 0
A89: Textbook Rentals - Adult/Continuing Education Textbooks | B89: 1813 | C89: 0
A90: Textbook Rentals - Other (Describe & Itemize) | B90: 1819 | C90: 0
A91: Textbook Sales - Regular Textbooks | B91: 1821 | C91: 0
A92: Textbook Sales - Summer School | B92: 1822 | C92: 0
A93: Textbook Sales - Adult/Continuing Education | B93: 1823 | C93: 0
A94: Textbook Sales - Other (Describe & Itemize) | B94: 1829 | C94: 0
A95: Other Textbook Income (Describe & Itemize) | B95: 1890 | C95: 0
A96: Total Textbooks | C96: =SUM(C87:C95) -> 50000
A97: OTHER REVENUE FROM LOCAL SOURCES | B97: 1900
A98: Rentals | B98: 1910 | C98: 0 | D98: 5000
A99: Contributions and Donations from Private Sources | B99: 1920 | C99: 0 | D99: 0 | E99: 0 | F99: 0 | G99: 0 | H99: 0 | I99: 0 | J99: 0 | K99: 0
A100: Impact Fees from Municipal or County Governments | B100: 1930 | C100: 0 | D100: 5000 | E100: 0 | F100: 0 | G100: 0 | H100: 0 | I100: 0 | J100: 0 | K100: 0
A101: Services Provided Other Districts | B101: 1940 | C101: 0 | D101: 0 | F101: 0
A102: Refund of Prior Years' Expenditures | B102: 1950 | C102: 0 | D102: 0 | E102: 0 | F102: 0 | G102: 0 | H102: 0 | J102: 0 | K102: 0
A103: Payments of Surplus Moneys from TIF Districts | B103: 1960 | C103: 0 | D103: 0 | E103: 0 | F103: 0 | G103: 0 | H103: 0 | I103: 0 | J103: 0 | K103: 0
A104: Drivers' Education Fees | B104: 1970 | C104: 0
A105: Proceeds from Vendors' Contracts | B105: 1980 | C105: 0 | D105: 0 | E105: 0 | F105: 0 | G105: 0 | H105: 0 | I105: 0 | J105: 0 | K105: 0
A106: School Facility Occupation Tax Proceeds | B106: 1983 | C106: 0 | E106: 0 | H106: 0
A107: Payment from Other Districts | B107: 1991 | C107: 0 | D107: 0 | E107: 0 | F107: 0 | G107: 0 | H107: 0
...

Sheet EstExp 11-19
A1: Description: Enter Whole Numbers Only | C1: (100) | D1: (200) | E1: (300) | F1: (400) | G1: (500) | H1: (600) | I1: (700) | J1: (800) | K1: (900)
B2: Funct # | C2: Salaries | D2: Employee Benefits | E2: Purchased Services | F2: Supplies & Materials | G2: Capital Outlay | H2: Other Objects | I2: Non-Capitalized Equipment | J2: Termination Benefits | K2: Total
A3: 10 - EDUCATIONAL FUND (ED)
A4: INSTRUCTION (ED) | B4: 1000
A5: Regular Programs | B5: 1100 | C5: 28527206 | D5: 4889602 | E5: 989700 | F5: 1147700 | G5: 37500 | H5: 11500 | I5: 40000 | J5: 0 | K5: =SUM(C5:J5) -> 35643208
A6: Tuition Payment to Charter Schools | B6: 1115 | E6: 0 | K6: =SUM(C6:J6) -> 0
A7: Pre-K Programs | B7: 1125 | C7: 0 | D7: 0 | E7: 0 | F7: 0 | G7: 0 | H7: 0 | I7: 0 | J7: 0 | K7: =SUM(C7:J7) -> 0
A8: Special Education Programs (Functions 1200 - 1220) | B8: 1200 | C8: 6291558 | D8: 1186786 | E8: 10900 | F8: 2500 | G8: 0 | H8: 3500 | I8: 0 | J8: 0 | K8: =SUM(C8:J8) -> 7495244
A9: Special Education Programs Pre-K | B9: 1225 | C9: 0 | D9: 0 | E9: 0 | F9: 0 | G9: 0 | H9: 0 | I9: 0 | J9: 0 | K9: =SUM(C9:J9) -> 0
A10: Remedial and Supplemental Programs K-12 | B10: 1250 | C10: 0 | D10: 0 | E10: 0 | F10: 0 | G10: 0 | H10: 0 | I10: 0 | J10: 0 | K10: =SUM(C10:J10) -> 0
A11: Remedial and Supplemental Programs Pre-K | B11: 1275 | C11: 0 | D11: 0 | E11: 0 | F11: 0 | G11: 0 | H11: 0 | I11: 0 | J11: 0 | K11: =SUM(C11:J11) -> 0
A12: Adult/Continuing Education Programs | B12: 1300 | C12: 0 | D12: 0 | E12: 0 | F12: 0 | G12: 0 | H12: 0 | I12: 0 | J12: 0 | K12: =SUM(C12:J12) -> 0
A13: CTE Programs | B13: 1400 | C13: 0 | D13: 0 | E13: 0 | F13: 0 | G13: 0 | H13: 0 | I13: 0 | J13: 0 | K13: =SUM(C13:J13) -> 0
A14: Interscholastic Programs | B14: 1500 | C14: 341818 | D14: 27720 | E14: 16000 | F14: 12000 | G14: 10000 | H14: 2700 | I14: 0 | J14: 0 | K14: =SUM(C14:J14) -> 410238
A15: Summer School Programs | B15: 1600 | C15: 414000 | D15: 1400 | E15: 12000 | F15: 5000 | G15: 0 | H15: 0 | I15: 0 | J15: 0 | K15: =SUM(C15:J15) -> 432400
A16: Gifted Programs | B16: 1650 | C16: 1041806 | D16: 108350 | E16: 0 | F16: 0 | G16: 0 | H16: 0 | I16: 0 | J16: 0 | K16: =SUM(C16:J16) -> 1150156
A17: Driver's Education Programs | B17: 1700 | C17: 0 | D17: 0 | E17: 0 | F17: 0 | G17: 0 | H17: 0 | I17: 0 | J17: 0 | K17: =SUM(C17:J17) -> 0
A18: Bilingual Programs | B18: 1800 | C18: 0 | D18: 0 | E18: 0 | F18: 0 | G18: 0 | H18: 0 | I18: 0 | J18: 0 | K18: =SUM(C18:J18) -> 0
A19: Truant Alternative & Optional Programs | B19: 1900 | C19: 0 | D19: 0 | E19: 0 | F19: 0 | G19: 0 | H19: 0 | I19: 0 | J19: 0 | K19: =SUM(C19:J19) -> 0
A20: Pre-K Programs - Private Tuition | B20: 1910 | H20: 0 | K20: =SUM(C20:J20) -> 0
A21: Regular K-12 Programs Private Tuition | B21: 1911 | H21: 0 | K21: =SUM(C21:J21) -> 0
A22: Special Education Programs K-12 Private Tuition | B22: 1912 | H22: 0 | K22: =SUM(C22:J22) -> 0
A23: Special Education Programs Pre-K Tuition | B23: 1913 | H23: 0 | K23: =SUM(C23:J23) -> 0
A24: Remedial/Supplemental Programs K-12 Private Tuition | B24: 1914 | H24: 0 | K24: =SUM(C24:J24) -> 0
A25: Remedial/Supplemental Programs Pre-K Private Tuition | B25: 1915 | H25: 0 | K25: =SUM(C25:J25) -> 0
A26: Adult/Continuing Education Programs Private Tuition | B26: 1916 | H26: 0 | K26: =SUM(C26:J26) -> 0
A27: CTE Programs Private Tuition | B27: 1917 | H27: 0 | K27: =SUM(C27:J27) -> 0
A28: Interscholastic Programs Private Tuition | B28: 1918 | H28: 0 | K28: =SUM(C28:J28) -> 0
A29: Summer School Programs Private Tuition | B29: 1919 | H29: 0 | K29: =SUM(C29:J29) -> 0
A30: Gifted Programs Private Tuition | B30: 1920 | H30: 0 | K30: =SUM(C30:J30) -> 0
A31: Bilingual Programs Private Tuition | B31: 1921 | H31: 0 | K31: =SUM(C31:J31) -> 0
... A33: Student Activity Fund Expenditures | B33: 1999 | H33: 0 | K33: =SUM(C33:J33) -> 0
A34: Total Instruction14 (Without Student Activity Funds 1999) | B34: 1000 | C34: =SUM(C5:C32) -> 36616388 | D34: =SUM(D5:D32) -> 6213858 | E34: =SUM(E5:E32) -> 1028600 | F34: =SUM(F5:F32) -> 1167200 | G34: =SUM(G5:G32) -> 47500 | H34: =SUM(H5:H32) -> 17700 | I34: =SUM(I5:I32) -> 40000 | J34: =SUM(J5:J32) -> 0 | K34: =SUM(C34:J34) -> 45131246
A35: Total Instruction (With Student Activity Funds 1999) | B35: 1000 | C35: =SUM(C5:C33) -> 36616388 | D35: =SUM(D5:D33) -> 6213858 | E35: =SUM(E5:E33) -> 1028600 | F35: =SUM(F5:F33) -> 1167200 | G35: =SUM(G5:G33) -> 47500 | H35: =SUM(H5:H33) -> 17700 | I35: =SUM(I5:I33) -> 40000 | J35: =SUM(J5:J33) -> 0 | K35: =SUM(C35:J35) -> 45131246
A36: SUPPORT SERVICES (ED) | B36: 2000
A37: Support Services - Pupil | B37: 2100
A38: Attendance & Social Work Services | B38: 2110 | C38: 1467871 | D38: 132350 | E38: 800 | F38: 0 | G38: 0 | H38: 0 | I38: 0 | J38: 0 | K38: =SUM(C38:J38) -> 1601021
A39: Guidance Services | B39: 2120 | C39: 0 | D39: 0 | E39: 0 | F39: 0 | G39: 0 | H39: 0 | I39: 0 | J39: 0 | K39: =SUM(C39:J39) -> 0
A40: Health Services | B40: 2130 | C40: 1063317 | D40: 220744 | E40: 262350 | F40: 12000 | G40: 0 | H40: 0 | I40: 0 | J40: 0 | K40: =SUM(C40:J40) -> 1558411
A41: Psychological Services | B41: 2140 | C41: 570270 | D41: 82300 | E41: 242000 | F41: 0 | G41: 0 | H41: 0 | I41: 0 | J41: 0 | K41: =SUM(C41:J41) -> 894570
A42: Speech Pathology & Audiology Services | B42: 2150 | C42: 1480812 | D42: 138800 | E42: 94000 | F42: 0 | G42: 0 | H42: 0 | I42: 0 | J42: 0 | K42: =SUM(C42:J42) -> 1713612
A43: Other Support Services - Pupils (Describe & Itemize) | B43: 2190 | C43: 0 | D43: 0 | E43: 32550 | F43: 26500 | G43: 15000 | H43: 0 | I43: 0 | J43: 0 | K43: =SUM(C43:J43) -> 74050
A44: Total Support Services - Pupil | B44: 2100 | C44: =SUM(C38:C43) -> 4582270 | D44: =SUM(D38:D43) -> 574194 | E44: =SUM(E38:E43) -> 631700 | F44: =SUM(F38:F43) -> 38500 | G44: =SUM(G38:G43) -> 15000 | H44: =SUM(H38:H43) -> 0 | I44: =SUM(I38:I43) -> 0 | J44: =SUM(J38:J43) -> 0 | K44: =SUM(K38:K43) -> 5841664
A45: Support Services - Instructional Staff | B45: 2200
A46: Improvement of Instruction Services | B46: 2210 | C46: 680920 | D46: 173640 | E46: 143100 | F46: 31000 | G46: 0 | H46: 116000 | I46: 0 | J46: 0 | K46: =SUM(C46:J46) -> 1144660
A47: Educational Media Services | B47: 2220 | C47: 585447 | D47: 77000 | E47: 211000 | F47: 429775 | G47: 835000 | H47: 500 | I47: 0 | J47: 0 | K47: =SUM(C47:J47) -> 2138722
A48: Assessment & Testing | B48: 2230 | C48: 0 | D48: 0 | E48: 60000 | F48: 35500 | G48: 0 | H48: 0 | I48: 0 | J48: 0 | K48: =SUM(C48:J48) -> 95500
A49: Total Support Services - Instructional Staff | B49: 2200 | C49: =SUM(C46:C48) -> 1266367 | D49: =SUM(D46:D48) -> 250640 | E49: =SUM(E46:E48) -> 414100 | F49: =SUM(F46:F48) -> 496275 | G49: =SUM(G46:G48) -> 835000 | H49: =SUM(H46:H48) -> 116500 | I49: =SUM(I46:I48) -> 0 | J49: =SUM(J46:J48) -> 0 | K49: =SUM(K46:K48) -> 3378882
A50: Support Services - General Administration | B50: 2300
A51: Board of Education Services | B51: 2310 | C51: 253372 | D51: 125595 | E51: 755000 | F51: 13000 | G51: 0 | H51: 8500 | I51: 0 | J51: 0 | K51: =SUM(C51:J51) -> 1155467
A52: Executive Administration Services | B52: 2320 | C52: 345214 | D52: 85300 | E52: 27500 | F52: 4000 | G52: 0 | H52: 15500 | I52: 0 | J52: 0 | K52: =SUM(C52:J52) -> 477514
A53: Special Area Administration Services | B53: 2330 | C53: 253250 | D53: 38256 | E53: 0 | F53: 0 | G53: 0 | H53: 0 | I53: 0 | J53: 0 | K53: =SUM(C53:J53) -> 291506
A54: Tort Immunity Services | B54: 2361, 2365 | C54: 0 | D54: 0 | E54: 0 | F54: 0 | G54: 0 | H54: 0 | I54: 0 | J54: 0 | K54: =SUM(C54:J54) -> 0
A55: Total Support Services - General Administration | B55: 2300 | C55: =SUM(C51:C54) -> 851836 | D55: =SUM(D51:D54) -> 249151 | E55: =SUM(E51:E54) -> 782500 | F55: =SUM(F51:F54) -> 17000 | G55: =SUM(G51:G54) -> 0 | H55: =SUM(H51:H54) -> 24000 | I55: =SUM(I51:I54) -> 0 | J55: =SUM(J51:J54) -> 0 | K55: =SUM(K51:K54) -> 1924487
A56: Support Services - School Administration | B56: 2400
A57: Office of the Principal Services | B57: 2410 | C57: 2358223 | D57: 403300 | E57: 4500 | F57: 0 | G57: 0 | H57: 11900 | I57: 0 | J57: 0 | K57: =SUM(C57:J57) -> 2777923
A58: Other Support Services - School Administration (Describe & Itemize) | B58: 2490 | C58: 0 | D58: 0 | E58: 0 | F58: 0 | G58: 0 | H58: 0 | I58: 0 | J58: 0 | K58: =SUM(C58:J58) -> 0
A59: Total Support Services - School Administration | B59: 2400 | C59: =SUM(C57:C58) -> 2358223 | D59: =SUM(D57:D58) -> 403300 | E59: =SUM(E57:E58) -> 4500 | F59: =SUM(F57:F58) -> 0 | G59: =SUM(G57:G58) -> 0 | H59: =SUM(H57:H58) -> 11900 | I59: =SUM(I57:I58) -> 0 | J59: =SUM(J57:J58) -> 0 | K59: =SUM(K57:K58) -> 2777923
A60: Support Services - Business | B60: 2500
A61: Direction of Business Support Services | B61: 2510 | C61: 305986 | D61: 77800 | E61: 83000 | F61: 10000 | G61: 2000 | H61: 24000 | I61: 0 | J61: 0 | K61: =SUM(C61:J61) -> 502786
A62: Fiscal Services | B62: 2520 | C62: 0 | D62: 0 | E62: 0 | F62: 0 | G62: 0 | H62: 0 | I62: 0 | J62: 0 | K62: =SUM(C62:J62) -> 0
A63: Operation & Maintenance of Plant Services | B63: 2540 | C63: 0 | D63: 0 | E63: 250000 | F63: 0 | G63: 2000 | H63: 0 | I63: 0 | J63: 0 | K63: =SUM(C63:J63) -> 252000
A64: Pupil Transportation Services | B64: 2550 | C64: 0 | D64: 0 | E64: 0 | F64: 0 | G64: 0 | H64: 0 | I64: 0 | J64: 0 | K64: =SUM(C64:J64) -> 0
A65: Food Services | B65: 2560 | C65: 134500 | D65: 0 | E65: 1650000 | F65: 70000 | G65: 365000 | H65: 5700 | I65: 0 | J65: 0 | K65: =SUM(C65:J65) -> 2225200
A66: Internal Services | B66: 2570 | C66: 0 | D66: 0 | E66: 36000 | F66: 1000 | G66: 0 | H66: 0 | I66: 0 | J66: 0 | K66: =SUM(C66:J66) -> 37000
A67: Total Support Services - Business | B67: 2500 | C67: =SUM(C61:C66) -> 440486 | D67: =SUM(D61:D66) -> 77800 | E67: =SUM(E61:E66) -> 2019000 | F67: =SUM(F61:F66) -> 81000 | G67: =SUM(G61:G66) -> 369000 | H67: =SUM(H61:H66) -> 29700 | I67: =SUM(I61:I66) -> 0 | J67: =SUM(J61:J66) -> 0 | K67: =SUM(K61:K66) -> 3016986
A68: Support Services - Central | B68: 2600
A69: Direction of Central Support Services | B69: 2610 | C69: 0 | D69: 0 | E69: 0 | F69: 0 | G69: 0 | H69: 0 | I69: 0 | J69: 0 | K69: =SUM(C69:J69) -> 0
A70: Planning, Research, Development & Evaluation Services | B70: 2620 | C70: 0 | D70: 0 | E70: 0 | F70: 0 | G70: 0 | H70: 0 | I70: 0 | J70: 0 | K70: =SUM(C70:J70) -> 0
A71: Information Services | B71: 2630 | C71: 137299 | D71: 0 | E71: 92500 | F71: 3000 | G71: 0 | H71: 2000 | I71: 0 | J71: 0 | K71: =SUM(C71:J71) -> 234799
A72: Staff Services | B72: 2640 | C72: 359084 | D72: 68075 | E72: 104500 | F72: 222000 | G72: 500 | H72: 11000 | I72: 0 | J72: 251000 | K72: =SUM(C72:J72) -> 1016159
A73: Data Processing Services | B73: 2660 | C73: 134625 | D73: 46250 | E73: 120000 | F73: 0 | G73: 0 | H73: 0 | I73: 0 | J73: 0 | K73: =SUM(C73:J73) -> 300875
A74: Total Support Services - Central | B74: 2600 | C74: =SUM(C69:C73) -> 631008 | D74: =SUM(D69:D73) -> 114325 | E74: =SUM(E69:E73) -> 317000 | F74: =SUM(F69:F73) -> 225000 | G74: =SUM(G69:G73) -> 500 | H74: =SUM(H69:H73) -> 13000 | I74: =SUM(I69:I73) -> 0 | J74: =SUM(J69:J73) -> 251000 | K74: =SUM(K69:K73) -> 1551833
A75: Other Support Services - Misc. (Describe & Itemize) | B75: 2900 | C75: 0 | D75: 0 | E75: 0 | F75: 0 | G75: 0 | H75: 0 | I75: 0 | J75: 0 | K75: =SUM(C75:J75) -> 0
A76: Total Support Services | B76: 2000 | C76: =SUM(C44,C49,C55,C59,C67,C74,C75) -> 10130190 | D76: =SUM(D44,D49,D55,D59,D67,D74,D75) -> 1669410 | E76: =SUM(E44,E49,E55,E59,E67,E74,E75) -> 4168800 | F76: =SUM(F44,F49,F55,F59,F67,F74,F75) -> 857775 | G76: =SUM(G44,G49,G55,G59,G67,G74,G75) -> 1219500 | H76: =SUM(H44,H49,H55,H59,H67,H74,H75) -> 195100 | I76: =SUM(I44,I49,I55,I59,I67,I74,I75) -> 0 | J76: =SUM(J44,J49,J55,J59,J67,J74,J75) -> 251000 | K76: =SUM(C76:J76) -> 18491775
A77: COMMUNITY SERVICES (ED) | B77: 3000 | C77: 1712632 | D77: 320735 | E77: 517750 | F77: 94000 | G77: 1000 | H77: 23000 | I77: 0 | J77: 0 | K77: =SUM(C77:J77) -> 2669117
A78: PAYMENTS TO OTHER DIST & GOVT UNITS (ED) | B78: 4000
A79: Payments to Other Dist & Govt Units (In-State) | B79: 4100
A80: Payments for Regular Programs | B80: 4110 | E80: 55000 | H80: 106000 | K80: =SUM(C80:J80) -> 161000
A81: Payments for Special Education Programs | B81: 4120 | E81: 0 | H81: 2738000 | K81: =SUM(C81:J81) -> 2738000
A82: Payments for Adult/Continuing Education Programs | B82: 4130 | E82: 0 | H82: 0 | K82: =SUM(C82:J82) -> 0
A83: Payments for CTE Programs | B83: 4140 | E83: 0 | H83: 0 | K83: =SUM(C83:J83) -> 0
A84: Payments for Community College Programs | B84: 4170 | E84: 0 | H84: 0 | K84: =SUM(C84:J84) -> 0
A85: Other Payments to In-State Govt Units - Programs (Describe & Itemize) | B85: 4190 | E85: 5000 | H85: 0 | K85: =SUM(C85:J85) -> 5000
A86: Total Payments to Other Dist & Govt Units (In-State) | B86: 4100 | E86: =SUM(E80:E85) -> 60000 | H86: =SUM(H80:H85) -> 2844000 | K86: =SUM(K80:K85) -> 2904000
A87: Payments for Regular Programs - Tuition | B87: 4210 | H87: 0 | K87: =SUM(C87:J87) -> 0
A88: Payments for Special Education Programs - Tuition | B88: 4220 | H88: 0 | K88: =SUM(C88:J88) -> 0
A89: Payments for Adult/Continuing Education Programs - Tuition | B89: 4230 | H89: 0 | K89: =SUM(C89:J89) -> 0
A90: Payments for CTE Programs - Tuition | B90: 4240 | H90: 0 | K90: =SUM(C90:J90) -> 0
A91: Payments for Community College Programs - Tuition | B91: 4270 | H91: 0 | K91: =SUM(C91:J91) -> 0
A92: Payments for Other Programs - Tuition | B92: 4280 | H92: 0 | K92: =SUM(C92:J92) -> 0
A93: Other Payments to In-State Govt Units - Tuition (Describe & Itemize) | B93: 4290 | H93: 0 | K93: =SUM(C93:J93) -> 0
A94: Total Payments to Other Dist & Govt Units - Tuition (In State) | B94: 4200 | H94: =SUM(H87:H93) -> 0 | K94: =SUM(K87:K93) -> 0
A95: Payments for Regular Programs - Transfers | B95: 4310 | H95: 0 | K95: =SUM(C95:J95) -> 0
A96: Payments for Special Education Programs - Transfers | B96: 4320 | H96: 0 | K96: =SUM(C96:J96) -> 0
A97: Payments for Adult/Continuing Ed Programs - Transfers | B97: 4330 | H97: 0 | K97: =SUM(C97:J97) -> 0
A98: Payments for CTE Programs - Transfers | B98: 4340 | H98: 0 | K98: =SUM(C98:J98) -> 0
A99: Payments for Community College Program - Transfers | B99: 4370 | H99: 0 | K99: =SUM(C99:J99) -> 0
A100: Payments for Other Programs - Transfers | B100: 4380 | H100: 0 | K100: =SUM(C100:J100) -> 0
A101: Other Payments to In-State Govt Units - Transfers (Describe & Itemize) | B101: 4390 | E101: 0 | H101: 0 | K101: =SUM(C101:J101) -> 0
...

Sheet Itemize 20
C1: If there is an amount in column C or column G, please describe the type of revenue or expenditure in column D or column H.
B2: Revenue Check: | C2: =IF(COUNTIF(A:A,"ERROR-Describe Revenue")<>0,"Error - Please describe all the revenue.","OK") -> OK
B3: Expenditure Check: | C3: =IF(COUNTIF(I:I,"ERROR-Describe Expenditures")<>0,"Error - Please describe all the expenditures.","OK") -> OK
A4: Error Message | B4: Revenues Acct. (EstRev tab) | C4: Amount | D4: Describe Revenue | F4: Expenditures Fund-Function (EstExp tab) | G4: Amount | H4: Describe Expenditures | I4: Error Message
A5: =IF(AND(C5="",D5=""),"OK",IF(AND(C5<>"",D5<>""),"OK","ERROR-Describe Revenue")) -> OK | B5: 1190 | C5: =IF(SUM('EstRev 6-10'!$C$11:$K$11)>0,SUM('EstRev 6-10'!$C$11:$K$11),"") | F5: 10-2190 | G5: =IF(SUM('EstExp 11-19'!$C$43:$J$43)>0,SUM('EstExp 11-19'!$C$43:$J$43),"") -> 74050 | H5: District safety supplies | I5: =IF(AND(G5="",H5=""),"OK",IF(AND(G5<>"",H5<>""),"OK","ERROR-Describe Expenditures")) -> OK
A6: =IF(AND(C6="",D6=""),"OK",IF(AND(C6<>"",D6<>""),"OK","ERROR-Describe Revenue")) -> OK | B6: 1290 | C6: =IF(SUM('EstRev 6-10'!$C$17:$K$17)>0,SUM('EstRev 6-10'!$C$17:$K$17),"") | F6: 10-2490 | G6: =IF(SUM('EstExp 11-19'!$C$58:$J$58)>0,SUM('EstExp 11-19'!$C$58:$J$58),"") | I6: =IF(AND(G6="",H6=""),"OK",IF(AND(G6<>"",H6<>""),"OK","ERROR-Describe Expenditures")) -> OK
A7: =IF(AND(C7="",D7=""),"OK",IF(AND(C7<>"",D7<>""),"OK","ERROR-Describe Revenue")) -> OK | B7: 1614 | C7: =IF(SUM('EstRev 6-10'!$C$73:$K$73)>0,SUM('EstRev 6-10'!$C$73:$K$73),"") | F7: 10-2900 | G7: =IF(SUM('EstExp 11-19'!$C$75:$J$75)>0,SUM('EstExp 11-19'!$C$75:$J$75),"") | I7: =IF(AND(G7="",H7=""),"OK",IF(AND(G7<>"",H7<>""),"OK","ERROR-Describe Expenditures")) -> OK
A8: =IF(AND(C8="",D8=""),"OK",IF(AND(C8<>"",D8<>""),"OK","ERROR-Describe Revenue")) -> OK | B8: 1690 | C8: =IF(SUM('EstRev 6-10'!$C$75:$K$75)>0,SUM('EstRev 6-10'!$C$75:$K$75),"") | F8: 10-4190 | G8: =IF(SUM('EstExp 11-19'!$C$85:$J$85)>0,SUM('EstExp 11-19'!$C$85:$J$85),"") -> 5000 | H8: Title II (4932) Teacher Quality - Payments to other Gov't entity | I8: =IF(AND(G8="",H8=""),"OK",IF(AND(G8<>"",H8<>""),"OK","ERROR-Describe Expenditures")) -> OK
A9: =IF(AND(C9="",D9=""),"OK",IF(AND(C9<>"",D9<>""),"OK","ERROR-Describe Revenue")) -> OK | B9: 1790 | C9: =IF(SUM('EstRev 6-10'!$C$82:$K$82)>0,SUM('EstRev 6-10'!$C$82:$K$82),"") -> 37000 | D9: Band, Orchestra, & Chorus fees | F9: 10-4290 | G9: =IF(SUM('EstExp 11-19'!$C$93:$J$93)>0,SUM('EstExp 11-19'!$C$93:$J$93),"") | I9: =IF(AND(G9="",H9=""),"OK",IF(AND(G9<>"",H9<>""),"OK","ERROR-Describe Expenditures")) -> OK
A10: =IF(AND(C10="",D10=""),"OK",IF(AND(C10<>"",D10<>""),"OK","ERROR-Describe Revenue")) -> OK | B10: 1819 | C10: =IF(SUM('EstRev 6-10'!$C$90:$K$90)>0,SUM('EstRev 6-10'!$C$90:$K$90),"") | F10: 10-4390 | G10: =IF(SUM('EstExp 11-19'!$C$101:$J$101)>0,SUM('EstExp 11-19'!$C$101:$J$101),"") | I10: =IF(AND(G10="",H10=""),"OK",IF(AND(G10<>"",H10<>""),"OK","ERROR-Describe Expenditures")) -> OK
A11: =IF(AND(C11="",D11=""),"OK",IF(AND(C11<>"",D11<>""),"OK","ERROR-Describe Revenue")) -> OK | B11: 1829 | C11: =IF(SUM('EstRev 6-10'!$C$94:$K$94)>0,SUM('EstRev 6-10'!$C$94:$K$94),"") | F11: 10-4400 | G11: =IF(SUM('EstExp 11-19'!$C$103:$J$103)>0,SUM('EstExp 11-19'!$C$103:$J$103),"") | I11: =IF(AND(G11="",H11=""),"OK",IF(AND(G11<>"",H11<>""),"OK","ERROR-Describe Expenditures")) -> OK
A12: =IF(AND(C12="",D12=""),"OK",IF(AND(C12<>"",D12<>""),"OK","ERROR-Describe Revenue")) -> OK | B12: 1890 | C12: =IF(SUM('EstRev 6-10'!$C$95:$K$95)>0,SUM('EstRev 6-10'!$C$95:$K$95),"") | F12: 10-5150 | G12: =IF(SUM('EstExp 11-19'!$C$111:$J$111)>0,SUM('EstExp 11-19'!$C$111:$J$111),"") | I12: =IF(AND(G12="",H12=""),"OK",IF(AND(G12<>"",H12<>""),"OK","ERROR-Describe Expenditures")) -> OK
A13: =IF(AND(C13="",D13=""),"OK",IF(AND(C13<>"",D13<>""),"OK","ERROR-Describe Revenue")) -> OK | B13: 1993 | C13: =IF(SUM('EstRev 6-10'!$C$109:$K$109)>0,SUM('EstRev 6-10'!$C$109:$K$109),"") | F13: 20-2190 | G13: =IF(SUM('EstExp 11-19'!$C$124:$J$124)>0,SUM('EstExp 11-19'!$C$124:$J$124),"") | I13: =IF(AND(G13="",H13=""),"OK",IF(AND(G13<>"",H13<>""),"OK","ERROR-Describe Expenditures")) -> OK
A14: =IF(AND(C14="",D14=""),"OK",IF(AND(C14<>"",D14<>""),"OK","ERROR-Describe Revenue")) -> OK | B14: 1999 | C14: =IF(SUM('EstRev 6-10'!$C$110:$K$110)>0,SUM('EstRev 6-10'!$C$110:$K$110),"") -> 375000 | D14: Federal e-rate reimbursement & bus fee ridership | F14: 20-2900 | G14: =IF(SUM('EstExp 11-19'!$C$132:$J$132)>0,SUM('EstExp 11-19'!$C$132:$J$132),"") | I14: =IF(AND(G14="",H14=""),"OK",IF(AND(G14<>"",H14<>""),"OK","ERROR-Describe Expenditures")) -> OK
A15: =IF(AND(C15="",D15=""),"OK",IF(AND(C15<>"",D15<>""),"OK","ERROR-Describe Revenue")) -> OK | B15: 2300 | C15: =IF(SUM('EstRev 6-10'!$C$117:$K$117)>0,SUM('EstRev 6-10'!$C$117:$K$117),"") | F15: 20-4190 | G15: =IF(SUM('EstExp 11-19'!$C$140:$J$140)>0,SUM('EstExp 11-19'!$C$140:$J$140),"") | I15: =IF(AND(G15="",H15=""),"OK",IF(AND(G15<>"",H15<>""),"OK","ERROR-Describe Expenditures")) -> OK
A16: =IF(AND(C16="",D16=""),"OK",IF(AND(C16<>"",D16<>""),"OK","ERROR-Describe Revenue")) -> OK | B16: 3099 | C16: =IF(SUM('EstRev 6-10'!$C$123:$K$123)>0,SUM('EstRev 6-10'!$C$123:$K$123),"") | F16: 20-4400 | G16: =IF(SUM('EstExp 11-19'!$C$142:$J$142)>0,SUM('EstExp 11-19'!$C$142:$J$142),"") | I16: =IF(AND(G16="",H16=""),"OK",IF(AND(G16<>"",H16<>""),"OK","ERROR-Describe Expenditures")) -> OK
A17: =IF(AND(C17="",D17=""),"OK",IF(AND(C17<>"",D17<>""),"OK","ERROR-Describe Revenue")) -> OK | B17: 3199 | C17: =IF(SUM('EstRev 6-10'!$C$130:$K$130)>0,SUM('EstRev 6-10'!$C$130:$K$130),"") | F17: 20-5150 | G17: =IF(SUM('EstExp 11-19'!$C$150:$J$150)>0,SUM('EstExp 11-19'!$C$150:$J$150),"") | I17: =IF(AND(G17="",H17=""),"OK",IF(AND(G17<>"",H17<>""),"OK","ERROR-Describe Expenditures")) -> OK
A18: =IF(AND(C18="",D18=""),"OK",IF(AND(C18<>"",D18<>""),"OK","ERROR-Describe Revenue")) -> OK | B18: 3299 | C18: =IF(SUM('EstRev 6-10'!$C$139:$K$139)>0,SUM('EstRev 6-10'!$C$139:$K$139),"") | F18: 30-4190 | G18: =IF(SUM('EstExp 11-19'!$C$163:$J$163)>0,SUM('EstExp 11-19'!$C$163:$J$163),"") | I18: =IF(AND(G18="",H18=""),"OK",IF(AND(G18<>"",H18<>""),"OK","ERROR-Describe Expenditures")) -> OK
A19: =IF(AND(C19="",D19=""),"OK",IF(AND(C19<>"",D19<>""),"OK","ERROR-Describe Revenue")) -> OK | B19: 3499 | C19: =IF(SUM('EstRev 6-10'!$C$145:$K$145)>0,SUM('EstRev 6-10'!$C$145:$K$145),"") | F19: 30-5150 | G19: =IF(SUM('EstExp 11-19'!$C$171:$J$171)>0,SUM('EstExp 11-19'!$C$171:$J$171),"") | I19: =IF(AND(G19="",H19=""),"OK",IF(AND(G19<>"",H19<>""),"OK","ERROR-Describe Expenditures")) -> OK
A20: =IF(AND(C20="",D20=""),"OK",IF(AND(C20<>"",D20<>""),"OK","ERROR-Describe Revenue")) -> OK | B20: 3599 | C20: =IF(SUM('EstRev 6-10'!$C$149:$K$149)>0,SUM('EstRev 6-10'!$C$149:$K$149),"") | F20: 30-5300 | G20: =IF(SUM('EstExp 11-19'!$C$174:$J$174)>0,SUM('EstExp 11-19'!$C$174:$J$174),"") | I20: =IF(AND(G20="",H20=""),"OK",IF(AND(G20<>"",H20<>""),"OK","ERROR-Describe Expenditures")) -> OK
A21: =IF(AND(C21="",D21=""),"OK",IF(AND(C21<>"",D21<>""),"OK","ERROR-Describe Revenue")) -> OK | B21: 3999 | C21: =IF(SUM('EstRev 6-10'!$C$163:$K$163)>0,SUM('EstRev 6-10'!$C$163:$K$163),"") -> 100000 | D21: IDHS Grant | F21: 30-5400 | G21: =IF(SUM('EstExp 11-19'!$C$175:$J$175)>0,SUM('EstExp 11-19'!$C$175:$J$175),"") | I21: =IF(AND(G21="",H21=""),"OK",IF(AND(G21<>"",H21<>""),"OK","ERROR-Describe Expenditures")) -> OK
A22: =IF(AND(C22="",D22=""),"OK",IF(AND(C22<>"",D22<>""),"OK","ERROR-Describe Revenue")) -> OK | B22: 4009 | C22: =IF(SUM('EstRev 6-10'!$C$169:$K$169)>0,SUM('EstRev 6-10'!$C$169:$K$169),"") | F22: 40-2190 | G22: =IF(SUM('EstExp 11-19'!$C$184:$J$184)>0,SUM('EstExp 11-19'!$C$184:$J$184),"") | I22: =IF(AND(G22="",H22=""),"OK",IF(AND(G22<>"",H22<>""),"OK","ERROR-Describe Expenditures")) -> OK
A23: =IF(AND(C23="",D23=""),"OK",IF(AND(C23<>"",D23<>""),"OK","ERROR-Describe Revenue")) -> OK | B23: 4090 | C23: =IF(SUM('EstRev 6-10'!$C$175:$K$175)>0,SUM('EstRev 6-10'!$C$175:$K$175),"") | F23: 40-2900 | G23: =IF(SUM('EstExp 11-19'!$C$187:$J$187)>0,SUM('EstExp 11-19'!$C$187:$J$187),"") | I23: =IF(AND(G23="",H23=""),"OK",IF(AND(G23<>"",H23<>""),"OK","ERROR-Describe Expenditures")) -> OK
A24: =IF(AND(C24="",D24=""),"OK",IF(AND(C24<>"",D24<>""),"OK","ERROR-Describe Revenue")) -> OK | B24: 4199 | C24: =IF(SUM('EstRev 6-10'!$C$182:$K$182)>0,SUM('EstRev 6-10'!$C$182:$K$182),"") | F24: 40-4190 | G24: =IF(SUM('EstExp 11-19'!$C$197:$J$197)>0,SUM('EstExp 11-19'!$C$197:$J$197),"") | I24: =IF(AND(G24="",H24=""),"OK",IF(AND(G24<>"",H24<>""),"OK","ERROR-Describe Expenditures")) -> OK
A25: =IF(AND(C25="",D25=""),"OK",IF(AND(C25<>"",D25<>""),"OK","ERROR-Describe Revenue")) -> OK | B25: 4299 | C25: =IF(SUM('EstRev 6-10'!$C$192:$K$192)>0,SUM('EstRev 6-10'!$C$192:$K$192),"") | F25: 40-4400 | G25: =IF(SUM('EstExp 11-19'!$C$199:$J$199)>0,SUM('EstExp 11-19'!$C$199:$J$199),"") | I25: =IF(AND(G25="",H25=""),"OK",IF(AND(G25<>"",H25<>""),"OK","ERROR-Describe Expenditures")) -> OK
A26: =IF(AND(C26="",D26=""),"OK",IF(AND(C26<>"",D26<>""),"OK","ERROR-Describe Revenue")) -> OK | B26: 4399 | C26: =IF(SUM('EstRev 6-10'!$C$198:$K$198)>0,SUM('EstRev 6-10'!$C$198:$K$198),"") -> 100000 | D26: 4331 - Title I School Improvement & Accountability | F26: 40-5150 | G26: =IF(SUM('EstExp 11-19'!$C$207:$J$207)>0,SUM('EstExp 11-19'!$C$207:$J$207),"") | I26: =IF(AND(G26="",H26=""),"OK",IF(AND(G26<>"",H26<>""),"OK","ERROR-Describe Expenditures")) -> OK
A27: =IF(AND(C27="",D27=""),"OK",IF(AND(C27<>"",D27<>""),"OK","ERROR-Describe Revenue")) -> OK | B27: 4499 | C27: =IF(SUM('EstRev 6-10'!$C$204:$K$204)>0,SUM('EstRev 6-10'!$C$204:$K$204),"") | F27: 40-5300 | G27: =IF(SUM('EstExp 11-19'!$C$210:$J$210)>0,SUM('EstExp 11-19'!$C$210:$J$210),"") | I27: =IF(AND(G27="",H27=""),"OK",IF(AND(G27<>"",H27<>""),"OK","ERROR-Describe Expenditures")) -> OK
A28: =IF(AND(C28="",D28=""),"OK",IF(AND(C28<>"",D28<>""),"OK","ERROR-Describe Revenue")) -> OK | B28: 4699 | C28: =IF(SUM('EstRev 6-10'!$C$212:$K$212)>0,SUM('EstRev 6-10'!$C$212:$K$212),"") | F28: 40-5400 | G28: =IF(SUM('EstExp 11-19'!$C$211:$J$211)>0,SUM('EstExp 11-19'!$C$211:$J$211),"") | I28: =IF(AND(G28="",H28=""),"OK",IF(AND(G28<>"",H28<>""),"OK","ERROR-Describe Expenditures")) -> OK
A29: =IF(AND(C29="",D29=""),"OK",IF(AND(C29<>"",D29<>""),"OK","ERROR-Describe Revenue")) -> OK | B29: 4799 | C29: =IF(SUM('EstRev 6-10'!$C$216:$K$216)>0,SUM('EstRev 6-10'!$C$216:$K$216),"") | F29: 50-2190 | G29: =IF(SUM('EstExp 11-19'!$C$241:$J$241)>0,SUM('EstExp 11-19'!$C$241:$J$241),"") | I29: =IF(AND(G29="",H29=""),"OK",IF(AND(G29<>"",H29<>""),"OK","ERROR-Describe Expenditures")) -> OK
A30: =IF(AND(C30="",D30=""),"OK",IF(AND(C30<>"",D30<>""),"OK","ERROR-Describe Revenue")) -> OK | B30: 4998 | C30: =IF(SUM('EstRev 6-10'!$C$237:$K$237)>0,SUM('EstRev 6-10'!$C$237:$K$237),"") | F30: 50-2490 | G30: =IF(SUM('EstExp 11-19'!$C$257:$J$257)>0,SUM('EstExp 11-19'!$C$257:$J$257),"") | I30: =IF(AND(G30="",H30=""),"OK",IF(AND(G30<>"",H30<>""),"OK","ERROR-Describe Expenditures")) -> OK
F31: 50-2900 | G31: =IF(SUM('EstExp 11-19'!$C$275:$J$275)>0,SUM('EstExp 11-19'!$C$275:$J$275),"") | I31: =IF(AND(G31="",H31=""),"OK",IF(AND(G31<>"",H31<>""),"OK","ERROR-Describe Expenditures")) -> OK
F32: 50-5150 | G32: =IF(SUM('EstExp 11-19'!$C$289:$J$289)>0,SUM('EstExp 11-19'!$C$289:$J$289),"") | I32: =IF(AND(G32="",H32=""),"OK",IF(AND(G32<>"",H32<>""),"OK","ERROR-Describe Expenditures")) -> OK
F33: 60-2900 | G33: =IF(SUM('EstExp 11-19'!$C$299:$J$299)>0,SUM('EstExp 11-19'!$C$299:$J$299),"") | I33: =IF(AND(G33="",H33=""),"OK",IF(AND(G33<>"",H33<>""),"OK","ERROR-Describe Expenditures")) -> OK
F34: 60-4190 | G34: =IF(SUM('EstExp 11-19'!$C$306:$J$306)>0,SUM('EstExp 11-19'!$C$306:$J$306),"") | I34: =IF(AND(G34="",H34=""),"OK",IF(AND(G34<>"",H34<>""),"OK","ERROR-Describe Expenditures")) -> OK
F35: 80-2190 | G35: =IF(SUM('EstExp 11-19'!$C$352:$J$352)>0,SUM('EstExp 11-19'!$C$352:$J$352),"") | I35: =IF(AND(G35="",H35=""),"OK",IF(AND(G35<>"",H35<>""),"OK","ERROR-Describe Expenditures")) -> OK
F36: 80-2490 | G36: =IF(SUM('EstExp 11-19'!$C$368:$J$368)>0,SUM('EstExp 11-19'!$C$368:$J$368),"") | I36: =IF(AND(G36="",H36=""),"OK",IF(AND(G36<>"",H36<>""),"OK","ERROR-Describe Expenditures")) -> OK
F37: 80-2900 | G37: =IF(SUM('EstExp 11-19'!$C$386:$J$386)>0,SUM('EstExp 11-19'!$C$386:$J$386),"") | I37: =IF(AND(G37="",H37=""),"OK",IF(AND(G37<>"",H37<>""),"OK","ERROR-Describe Expenditures")) -> OK
F38: 80-4190 | G38: =IF(SUM('EstExp 11-19'!$C$396:$J$396)>0,SUM('EstExp 11-19'!$C$396:$J$396),"") | I38: =IF(AND(G38="",H38=""),"OK",IF(AND(G38<>"",H38<>""),"OK","ERROR-Describe Expenditures")) -> OK
F39: 80-4290 | G39: =IF(SUM('EstExp 11-19'!$C$404:$J$404)>0,SUM('EstExp 11-19'!$C$404:$J$404),"") | I39: =IF(AND(G39="",H39=""),"OK",IF(AND(G39<>"",H39<>""),"OK","ERROR-Describe Expenditures")) -> OK
F40: 80-4390 | G40: =IF(SUM('EstExp 11-19'!$C$412:$J$412)>0,SUM('EstExp 11-19'!$C$412:$J$412),"") | I40: =IF(AND(G40="",H40=""),"OK",IF(AND(G40<>"",H40<>""),"OK","ERROR-Describe Expenditures")) -> OK
F41: 80-4400 | G41: =IF(SUM('EstExp 11-19'!$C$414:$J$414)>0,SUM('EstExp 11-19'!$C$414:$J$414),"") | I41: =IF(AND(G41="",H41=""),"OK",IF(AND(G41<>"",H41<>""),"OK","ERROR-Describe Expenditures")) -> OK
F42: 80-5150 | G42: =IF(SUM('EstExp 11-19'!$C$422:$J$422)>0,SUM('EstExp 11-19'!$C$422:$J$422),"") | I42: =IF(AND(G42="",H42=""),"OK",IF(AND(G42<>"",H42<>""),"OK","ERROR-Describe Expenditures")) -> OK
F43: 80-5300 | G43: =IF(SUM('EstExp 11-19'!$C$424:$J$424)>0,SUM('EstExp 11-19'!$C$424:$J$424),"") | I43: =IF(AND(G43="",H43=""),"OK",IF(AND(G43<>"",H43<>""),"OK","ERROR-Describe Expenditures")) -> OK
F44: 80-5400 | G44: =IF(SUM('EstExp 11-19'!$C$425:$J$425)>0,SUM('EstExp 11-19'!$C$425:$J$425),"") | I44: =IF(AND(G44="",H44=""),"OK",IF(AND(G44<>"",H44<>""),"OK","ERROR-Describe Expenditures")) -> OK
F45: 90-2900 | G45: =IF(SUM('EstExp 11-19'!$C$437:$J$437)>0,SUM('EstExp 11-19'!$C$437:$J$437),"") | I45: =IF(AND(G45="",H45=""),"OK",IF(AND(G45<>"",H45<>""),"OK","ERROR-Describe Expenditures")) -> OK
F46: 90-4190 | G46: =IF(SUM('EstExp 11-19'!$C$442:$J$442)>0,SUM('EstExp 11-19'!$C$442:$J$442),"") | I46: =IF(AND(G46="",H46=""),"OK",IF(AND(G46<>"",H46<>""),"OK","ERROR-Describe Expenditures")) -> OK
F47: 90-5150 | G47: =IF(SUM('EstExp 11-19'!$C$447:$J$447)>0,SUM('EstExp 11-19'!$C$447:$J$447),"") | I47: =IF(AND(G47="",H47=""),"OK",IF(AND(G47<>"",H47<>""),"OK","ERROR-Describe Expenditures")) -> OK
F48: 90-5300 | G48: =IF(SUM('EstExp 11-19'!$C$450:$J$450)>0,SUM('EstExp 11-19'!$C$450:$J$450),"") | I48: =IF(AND(G48="",H48=""),"OK",IF(AND(G48<>"",H48<>""),"OK","ERROR-Describe Expenditures")) -> OK

Sheet DeficitBudgetSum Calc 21
D1: DEFICIT BUDGET SUMMARY INFORMATION - Operating Funds Only (School Districts Only)
B2: Description | C2: EDUCATIONAL FUND (10) | D2: OPERATIONS & MAINTENANCE FUND (20) | E2: TRANSPORTATION FUND (40) | F2: WORKING CASH FUND (70) | G2: TOTAL
B3: Direct Revenues | C3: ='BudgetSum 2-4'!C9 -> 78062215 | D3: ='BudgetSum 2-4'!D9 -> 5643399 | E3: ='BudgetSum 2-4'!F9 -> 6479291 | F3: ='BudgetSum 2-4'!I9 -> 476730 | G3: =SUM(C3:F3) -> 90661635
B4: Direct Expenditures | C4: ='BudgetSum 2-4'!C19 -> 69196138 | D4: ='BudgetSum 2-4'!D19 -> 5201594 | E4: ='BudgetSum 2-4'!F19 -> 6109100 | G4: =SUM(C4:F4) -> 80506832
B5: Difference | C5: =(C3-C4) -> 8866077 | D5: =(D3-D4) -> 441805 | E5: =(E3-E4) -> 370191 | F5: =(F3-F4) -> 476730 | G5: =SUM(G3-G4) -> 10154803
B6: ="Estimated Fund Balance - June 30, "&'B27'!K2 -> Estimated Fund Balance - June 30, 2027 | C6: ='BudgetSum 2-4'!C81 -> 57411155 | D6: ='BudgetSum 2-4'!D81 -> 4207219 | E6: ='BudgetSum 2-4'!F81 -> 3780756 | F6: ='BudgetSum 2-4'!I81 -> 5997045 | G6: =SUM(C6:F6) -> 71396175
D7: =IF(Cover!$B$3="X", "Deficit Reduction Plan is not required", IF(AND($G$5<0,$G$6>=0,ABS($G$5*3)>ABS($G$6)),B23,IF(AND($G$5<0,$G$6>0,ABS($G$5*3)<=ABS($G$6)),$B$24,IF(AND($G$5<0,$G$6<0),B23,IF($G$6=0,$B$26,$B$25))))) -> Balanced budget; no Deficit Reduction Plan is required.
D8: =IF(D$7=B$23, B28, " ")
D9: =IF(D$7=B$23, B29, " ")
D10: =IF(D$7=B$23, B30, " ")
B12: ="A deficit reduction plan is required if the local board of education adopts (or amends) the "&'B27'!K2-1&-'B27'!K2&" school district budget in which the operating funds listed above result in direct" -> A deficit reduction plan is required if the local board of education adopts (or amends) the 2026-2027 school district budget in which the operating funds listed above result in direct
B13: revenues (line 9, BudgetSum 2-4) being less than direct expenditures (line 19, BudgetSum 2-4) by an amount equal to or greater than one-third (1/3)
B14: of the ending fund balance (line 81, BudgetSum 2-4).
B16: Note: The balance is determined using only the four funds listed above. That is, if the estimated ending fund balance is less than three times the deficit spending,
B17: the district must adopt and file with ISBE a deficit reduction plan to balance the shortfall within three years.
B19: ="Per School Code (105 ILCS 5/17-1) - If the Deficit AFR Summary Information tab from the "&'B27'!K2-2&"-"&'B27'!K2-1&" Annual Financial Report (AFR) reflects a deficit as" -> Per School Code (105 ILCS 5/17-1) - If the Deficit AFR Summary Information tab from the 2025-2026 Annual Financial Report (AFR) reflects a deficit as
B20: defined above, then the school district shall adopt and submit a deficit reduction plan (found here on page 22-26) to ISBE within 30 days after acceptance of the AFR.
B21: The deficit reduction plan, if required, is developed using ISBE guidelines and format.
B23: Unbalanced budget: A Deficit Reduction Plan must be adopted and submitted | G23: Deficit Reduction Plan is required
B24: Unbalanced budget; however, a Deficit Reduction Plan is not required at this time. | G24: Deficit Reduction Plan is not required
B25: Balanced budget; no Deficit Reduction Plan is required. | G25: Deficit Reduction Plan is not required
B26: To determine if the budget is balanced, complete all pages of the budget first. | G26: ERROR - INCOMPLETE BUDGET. PLEASE COMPLETE BUDGET FORM
B28: concurrently with this budget. This Deficit Reduction Plan
B29: must result in a balanced budget by the last year of the attached plan, as
B30: adopted by the local board of education. | D30: (DeficitBudgetSum Calc 21)
B33: Unbalanced budget: A Deficit Reduction Plan must be adopted and submitted concurrently with this budget. This Deficit Reduction Plan must result in a balanced budget by the last year of the attached plan, as adopted by the local board of education. (Tab: Deficit BudgetSum Calc)

Sheet DefReductPlan 22-26
A1: *School Districts Only | E1: DEFICIT REDUCTION PLAN | X1: SUMMARY
E2: ESTIMATED BUDGET | J2: ESTIMATED BUDGET | O2: ESTIMATED BUDGET | T2: ESTIMATED BUDGET | Z2: BUDGET ADDENDUM - DEFICIT REDUCTION PLAN
A3: =Cover!J14 -> 19022033002 | E3: ="FY"&'B27'!K2-1&-'B27'!K2 -> FY2026-2027 | J3: ="FY"&'B27'!K2&-'B27'!K2-1 -> FY2027-2028 | O3: ="FY"&'B27'!K2+1&-'B27'!K2-2 -> FY2028-2029 | T3: ="FY"&'B27'!K2+2&-'B27'!K2-3 -> FY2029-2030 | X3: ESTIMATED BUDGET
A4: District Number | X4: Date of Adoption:
A5: =Cover!J13 -> West Chicago ESD 33 | Y5: (Enter as MM/DD/YY)
A6: District Name | C6: Educational Fund | D6: Operations & Maintenance Fund | E6: Transportation Fund | F6: Working Cash Fund | G6: Total | H6: Educational Fund | I6: Operations & Maintenance Fund | J6: Transportation Fund | K6: Working Cash Fund | L6: Total | M6: Educational Fund | N6: Operations & Maintenance Fund | O6: Transportation Fund | P6: Working Cash Fund | Q6: Total | R6: Educational Fund | S6: Operations & Maintenance Fund | T6: Transportation Fund | U6: Working Cash Fund | V6: Total | W6: ="FY"&'B27'!K2-1&-'B27'!K2 -> FY2026-2027 | X6: ="FY"&'B27'!K2&-'B27'!K2-1 -> FY2027-2028 | Y6: ="FY"&'B27'!K2+1&-'B27'!K2-2 -> FY2028-2029 | Z6: ="FY"&'B27'!K2+2&-'B27'!K2-3 -> FY2029-2030
A7: ESTIMATED BEGINNING FUND BALANCE (must equal prior Ending Fund Balance) | C7: ='BudgetSum 2-4'!C3 -> 48545078 | D7: ='BudgetSum 2-4'!D3 -> 3765414 | E7: ='BudgetSum 2-4'!F3 -> 3410565 | F7: ='BudgetSum 2-4'!I3 -> 5520315 | G7: =SUM(C7:F7) -> 61241372 | H7: =C27 -> 57411155 | I7: =D27 -> 4207219 | J7: =E27 -> 3780756 | K7: =F27 -> 5997045 | L7: =SUM(H7:K7) -> 71396175 | M7: =H27 -> 57411155 | N7: =I27 -> 4207219 | O7: =J27 -> 3780756 | P7: =K27 -> 5997045 | Q7: =SUM(M7:P7) -> 71396175 | R7: =M27 -> 57411155 | S7: =N27 -> 4207219 | T7: =O27 -> 3780756 | U7: =P27 -> 5997045 | V7: =SUM(R7:U7) -> 71396175 | W7: =G7 -> 61241372 | X7: =L7 -> 71396175 | Y7: =Q7 -> 71396175 | Z7: =V7 -> 71396175
A8: RECEIPTS/REVENUES | B8: Acct #
A9: LOCAL SOURCES | B9: 1000 | C9: ='BudgetSum 2-4'!C5 -> 42432409 | D9: ='BudgetSum 2-4'!D5 -> 4993399 | E9: ='BudgetSum 2-4'!F5 -> 3004291 | F9: ='BudgetSum 2-4'!I5 -> 476730 | G9: =SUM(C9:F9) -> 50906829 | L9: =SUM(H9:K9) -> 0 | Q9: =SUM(M9:P9) -> 0 | V9: =SUM(R9:U9) -> 0 | W9: =G9 -> 50906829 | X9: =L9 -> 0 | Y9: =Q9 -> 0 | Z9: =V9 -> 0
A10: FLOW-THROUGH RECEIPTS/REVENUES FROM ONE DISTRICT TO ANOTHER DISTRICT | B10: 2000 | C10: ='BudgetSum 2-4'!C6 -> 0 | D10: ='BudgetSum 2-4'!D6 -> 0 | E10: ='BudgetSum 2-4'!F6 -> 0 | G10: =SUM(C10:F10) -> 0 | L10: =SUM(H10:K10) -> 0 | Q10: =SUM(M10:P10) -> 0 | V10: =SUM(R10:U10) -> 0 | W10: =G10 -> 0 | X10: =L10 -> 0 | Y10: =Q10 -> 0 | Z10: =V10 -> 0
A11: STATE SOURCES | B11: 3000 | C11: ='BudgetSum 2-4'!C7 -> 29529806 | D11: ='BudgetSum 2-4'!D7 -> 650000 | E11: ='BudgetSum 2-4'!F7 -> 3475000 | F11: ='BudgetSum 2-4'!I7 -> 0 | G11: =SUM(C11:F11) -> 33654806 | L11: =SUM(H11:K11) -> 0 | Q11: =SUM(M11:P11) -> 0 | V11: =SUM(R11:U11) -> 0 | W11: =G11 -> 33654806 | X11: =L11 -> 0 | Y11: =Q11 -> 0 | Z11: =V11 -> 0
A12: FEDERAL SOURCES | B12: 4000 | C12: ='BudgetSum 2-4'!C8 -> 6100000 | D12: ='BudgetSum 2-4'!D8 -> 0 | E12: ='BudgetSum 2-4'!F8 -> 0 | F12: ='BudgetSum 2-4'!I8 -> 0 | G12: =SUM(C12:F12) -> 6100000 | L12: =SUM(H12:K12) -> 0 | Q12: =SUM(M12:P12) -> 0 | V12: =SUM(R12:U12) -> 0 | W12: =G12 -> 6100000 | X12: =L12 -> 0 | Y12: =Q12 -> 0 | Z12: =V12 -> 0
A13: Total Receipts/Revenues | C13: =SUM(C9:C12) -> 78062215 | D13: =SUM(D9:D12) -> 5643399 | E13: =SUM(E9:E12) -> 6479291 | F13: =SUM(F9:F12) -> 476730 | G13: =SUM(C13:F13) -> 90661635 | H13: =SUM(H9:H12) -> 0 | I13: =SUM(I9:I12) -> 0 | J13: =SUM(J9:J12) -> 0 | K13: =SUM(K9:K12) -> 0 | L13: =SUM(H13:K13) -> 0 | M13: =SUM(M9:M12) -> 0 | N13: =SUM(N9:N12) -> 0 | O13: =SUM(O9:O12) -> 0 | P13: =SUM(P9:P12) -> 0 | Q13: =SUM(M13:P13) -> 0 | R13: =SUM(R9:R12) -> 0 | S13: =SUM(S9:S12) -> 0 | T13: =SUM(T9:T12) -> 0 | U13: =SUM(U9:U12) -> 0 | V13: =SUM(R13:U13) -> 0 | W13: =G13 -> 90661635 | X13: =L13 -> 0 | Y13: =Q13 -> 0 | Z13: =V13 -> 0
A14: DISBURSEMENTS/EXPENDITURES | B14: Funct #
A15: INSTRUCTION | B15: 1000 | C15: ='BudgetSum 2-4'!C13 -> 45131246 | G15: =SUM(C15:F15) -> 45131246 | L15: =SUM(H15:K15) -> 0 | Q15: =SUM(M15:P15) -> 0 | V15: =SUM(R15:U15) -> 0 | W15: =G15 -> 45131246 | X15: =L15 -> 0 | Y15: =Q15 -> 0 | Z15: =V15 -> 0
A16: SUPPORT SERVICES | B16: 2000 | C16: ='BudgetSum 2-4'!C14 -> 18491775 | D16: ='BudgetSum 2-4'!D14 -> 5201594 | E16: ='BudgetSum 2-4'!F14 -> 6109100 | G16: =SUM(C16:F16) -> 29802469 | L16: =SUM(H16:K16) -> 0 | Q16: =SUM(M16:P16) -> 0 | V16: =SUM(R16:U16) -> 0 | W16: =G16 -> 29802469 | X16: =L16 -> 0 | Y16: =Q16 -> 0 | Z16: =V16 -> 0
A17: COMMUNITY SERVICES | B17: 3000 | C17: ='BudgetSum 2-4'!C15 -> 2669117 | D17: ='BudgetSum 2-4'!D15 -> 0 | E17: ='BudgetSum 2-4'!F15 -> 0 | G17: =SUM(C17:F17) -> 2669117 | L17: =SUM(H17:K17) -> 0 | Q17: =SUM(M17:P17) -> 0 | V17: =SUM(R17:U17) -> 0 | W17: =G17 -> 2669117 | X17: =L17 -> 0 | Y17: =Q17 -> 0 | Z17: =V17 -> 0
A18: PAYMENTS TO OTHER DISTRICTS & GOVT. UNITS | B18: 4000 | C18: ='BudgetSum 2-4'!C16 -> 2904000 | D18: ='BudgetSum 2-4'!D16 -> 0 | E18: ='BudgetSum 2-4'!F16 -> 0 | G18: =SUM(C18:F18) -> 2904000 | L18: =SUM(H18:K18) -> 0 | Q18: =SUM(M18:P18) -> 0 | V18: =SUM(R18:U18) -> 0 | W18: =G18 -> 2904000 | X18: =L18 -> 0 | Y18: =Q18 -> 0 | Z18: =V18 -> 0
A19: DEBT SERVICES | B19: 5000 | C19: ='BudgetSum 2-4'!C17 -> 0 | D19: ='BudgetSum 2-4'!D17 -> 0 | E19: ='BudgetSum 2-4'!F17 -> 0 | G19: =SUM(C19:F19) -> 0 | L19: =SUM(H19:K19) -> 0 | Q19: =SUM(M19:P19) -> 0 | V19: =SUM(R19:U19) -> 0 | W19: =G19 -> 0 | X19: =L19 -> 0 | Y19: =Q19 -> 0 | Z19: =V19 -> 0
A20: PROVISION FOR CONTINGENCIES | B20: 6000 | C20: ='BudgetSum 2-4'!C18 -> 0 | D20: ='BudgetSum 2-4'!D18 -> 0 | E20: ='BudgetSum 2-4'!F18 -> 0 | G20: =SUM(C20:F20) -> 0 | L20: =SUM(H20:K20) -> 0 | Q20: =SUM(M20:P20) -> 0 | V20: =SUM(R20:U20) -> 0 | W20: =G20 -> 0 | X20: =L20 -> 0 | Y20: =Q20 -> 0 | Z20: =V20 -> 0
A21: Total Disbursements/Expenditures | C21: =SUM(C15:C20) -> 69196138 | D21: =SUM(D15:D20) -> 5201594 | E21: =SUM(E15:E20) -> 6109100 | G21: =SUM(C21:F21) -> 80506832 | H21: =SUM(H15:H20) -> 0 | I21: =SUM(I15:I20) -> 0 | J21: =SUM(J15:J20) -> 0 | L21: =SUM(H21:K21) -> 0 | M21: =SUM(M15:M20) -> 0 | N21: =SUM(N15:N20) -> 0 | O21: =SUM(O15:O20) -> 0 | Q21: =SUM(M21:P21) -> 0 | R21: =SUM(R15:R20) -> 0 | S21: =SUM(S15:S20) -> 0 | T21: =SUM(T15:T20) -> 0 | V21: =SUM(R21:U21) -> 0 | W21: =G21 -> 80506832 | X21: =L21 -> 0 | Y21: =Q21 -> 0 | Z21: =V21 -> 0
A22: Excess of Receipts/Revenue Over/(Under) Disbursements/Expenditures | C22: =SUM(C13-C21) -> 8866077 | D22: =SUM(D13-D21) -> 441805 | E22: =SUM(E13-E21) -> 370191 | F22: =SUM(F13-F21) -> 476730 | G22: =G13-G21 -> 10154803 | H22: =SUM(H13-H21) -> 0 | I22: =SUM(I13-I21) -> 0 | J22: =SUM(J13-J21) -> 0 | K22: =SUM(K13-K21) -> 0 | L22: =SUM(H22:K22) -> 0 | M22: =SUM(M13-M21) -> 0 | N22: =SUM(N13-N21) -> 0 | O22: =SUM(O13-O21) -> 0 | P22: =SUM(P13-P21) -> 0 | Q22: =SUM(M22:P22) -> 0 | R22: =SUM(R13-R21) -> 0 | S22: =SUM(S13-S21) -> 0 | T22: =SUM(T13-T21) -> 0 | U22: =SUM(U13-U21) -> 0 | V22: =SUM(R22:U22) -> 0 | W22: =G22 -> 10154803 | X22: =L22 -> 0 | Y22: =Q22 -> 0 | Z22: =V22 -> 0
A23: OTHER SOURCES/USES OF FUNDS
A24: OTHER SOURCES OF FUNDS (7000) | C24: ='BudgetSum 2-4'!C46 -> 0 | D24: ='BudgetSum 2-4'!D46 -> 0 | E24: ='BudgetSum 2-4'!F46 -> 0 | F24: ='BudgetSum 2-4'!I46 -> 0 | G24: =SUM(C24:F24) -> 0 | L24: =SUM(H24:K24) -> 0 | Q24: =SUM(M24:P24) -> 0 | V24: =SUM(R24:U24) -> 0 | W24: =G24 -> 0 | X24: =L24 -> 0 | Y24: =Q24 -> 0 | Z24: =V24 -> 0
A25: OTHER USES OF FUNDS (8000) | C25: ='BudgetSum 2-4'!C79 -> 0 | D25: ='BudgetSum 2-4'!D79 -> 0 | E25: ='BudgetSum 2-4'!F79 -> 0 | F25: ='BudgetSum 2-4'!I79 -> 0 | G25: =SUM(C25:F25) -> 0 | L25: =SUM(H25:K25) -> 0 | Q25: =SUM(M25:P25) -> 0 | V25: =SUM(R25:U25) -> 0 | W25: =G25 -> 0 | X25: =L25 -> 0 | Y25: =Q25 -> 0 | Z25: =V25 -> 0
A26: TOTAL OTHER SOURCES/USES OF FUNDS | C26: =SUM(C24-C25) -> 0 | D26: =SUM(D24-D25) -> 0 | E26: =SUM(E24-E25) -> 0 | F26: =SUM(F24-F25) -> 0 | G26: =SUM(G24-G25) -> 0 | H26: =SUM(H24-H25) -> 0 | I26: =SUM(I24-I25) -> 0 | J26: =SUM(J24-J25) -> 0 | K26: =SUM(K24-K25) -> 0 | L26: =SUM(H26:K26) -> 0 | M26: =SUM(M24-M25) -> 0 | N26: =SUM(N24-N25) -> 0 | O26: =SUM(O24-O25) -> 0 | P26: =SUM(P24-P25) -> 0 | Q26: =SUM(M26:P26) -> 0 | R26: =SUM(R24-R25) -> 0 | S26: =SUM(S24-S25) -> 0 | T26: =SUM(T24-T25) -> 0 | U26: =SUM(U24-U25) -> 0 | V26: =SUM(R26:U26) -> 0 | W26: =G26 -> 0 | X26: =L26 -> 0 | Y26: =Q26 -> 0 | Z26: =V26 -> 0
A27: ESTIMATED ENDING FUND BALANCE | C27: =C7+C22+C26 -> 57411155 | D27: =D7+D22+D26 -> 4207219 | E27: =E7+E22+E26 -> 3780756 | F27: =F7+F22+F26 -> 5997045 | G27: =G7+G22+G26 -> 71396175 | H27: =H7+H22+H26 -> 57411155 | I27: =I7+I22+I26 -> 4207219 | J27: =J7+J22+J26 -> 3780756 | K27: =K7+K22+K26 -> 5997045 | L27: =SUM(H27:K27) -> 71396175 | M27: =M7+M22+M26 -> 57411155 | N27: =N7+N22+N26 -> 4207219 | O27: =O7+O22+O26 -> 3780756 | P27: =P7+P22+P26 -> 5997045 | Q27: =Q7+Q22+Q26 -> 71396175 | R27: =R7+R22+R26 -> 57411155 | S27: =S7+S22+S26 -> 4207219 | T27: =T7+T22+T26 -> 3780756 | ... V27: =V7+V22+V26 -> 71396175 | W27: =G27 -> 71396175 | X27: =L27 -> 71396175 | Y27: =Q27 -> 71396175 | Z27: =V27 -> 71396175
A30: =IF(V13<>0,IF(V21<>0,IF(V22<0,IF(V27/3<ABS(V22),"The district's plan does not result in a balanced budget. Revise the plan prior to school board approval and submission to ISBE.", "The district's plan meets the requirements."),"The district's plan meets the requirements."),"Plan is incomplete."),"Plan is incomplete.") -> Plan is incomplete.

Sheet Bckgrnd-Assumpt 27-28
B1: Deficit Reduction Plan-Background/Assumptions (School Districts Only)
B2: ="Fiscal Year "&'B27'!K2-1&-'B27'!K2 -> Fiscal Year 2026-2027
B3: ="through Fiscal Year "&'B27'!K2+2&-'B27'!K2-3 -> through Fiscal Year 2029-2030
B5: =Cover!J13&" "&Cover!J14 -> West Chicago ESD 33 19022033002
B6: Please complete the following schedule and include a brief description to identify any areas of the budget that will be impacted from one year to the next. If the deficit reduction plan relies upon new local revenues, identify contingencies for further budget reductions which will be enacted in the event those new revenues are not available.
A9: 1 | B9: Background and Narrative of Budget Reductions:
A12: 2 | B12: Assumptions Used in the Deficit Reduction Plan:
B15: - EBF and Estimated New Tier Funding:
B18: - Equal Assessed Valuation and Tax Rates:
B21: - Employee Salaries and Benefits:
B24: - Short- and Long-Term Borrowing:
B27: - Educational Impact:
B30: - Other Assumptions:
B33: - Has the district considered shared services or outsourcing (Ex: Transportation, Insurance)? If yes, please explain:

Sheet EBF Spending Plan 29-33
A1: Evidence-Based Funding: Fiscal Year 2027 Spending Plan | N1: RCDT | O1: =IF(Cover!J13=0,"",Cover!J14) -> 19022033002 | Q1: P1.Q2 | R1: P2.Q1 | S1: P2.Q2 | T1: P2.Q3,P3Q2-4 | U1: P2.Q4 | V1: Assurances
A2: =IF(Cover!J13=0,"",IF(Cover!H8="Yes","N/A - EBF Spending Plan Not Required for Amended Budgets",IFERROR(VLOOKUP(O1,'FY 26 Data for FY 27'!A3:B936,2,FALSE),"N/A - EBF Spending Plan Not Required for Joint Agreements"))) -> WEST CHICAGO SCHOOL DIST 33 | Q2: Focus increased time and attention on special student groups | R2: Estimated | S2: Climate and culture survey data (e.g., Five Essentials Survey) | T2: Yes | U2: Core Teachers | V2: Yes
A3: Part I: Achieving Student Growth and Making Progress Toward State Education Goals | N3: Color Key | O3: Text or dollar figure entered by user. | Q3: Increase the number of high-quality educators dedicated to special student groups | R3: Actual | S3: Attendance data (e.g., chronic absenteeism, graduation or dropout rates) | U3: Specialist Teachers | V3: No
A4: The questions below allow you to indicate the strategic priorities and strategies that will drive your efforts to achieve student growth and make progress toward state education goals. These may involve investing in any combination of an Organizational Unit's core resources: time, money, people, and programs. | O4: Response selected from dropdown list | Q4: Increase number and/or quality of professional development opportunities | S4: Student growth and achievement data, disaggregated by student groups | U4: Instructional Facilitator
A5: Collaboration Opportunity - Organizational Units may find that Part I is most easily and effectively completed if led by program leaders in consultation with finance leaders. | O5: Value is provided based on district selection. | Q5: Maintain or expand early childhood programming | S5: Student grades or other local academic performance data | U5: Core Intervention Teacher
A6: 1) | B6: What are the Organizational Unit's strategic goals for student success for the 2026-27 school year? What measures will be used to evaluate progress? (No more than 2000 characters, including spaces.) | Q6: Maintain or decrease class sizes | S6: Student discipline and behavior data | U6: Substitute Teacher
B7: By Spring 2027, 39% of students will be at or above the 65% ile on the Reading NWEA MAP assessment, up from a Spring 2026 baseline of 32%. By Spring 2027, 45% of students will be at or above the 65%ile on the Math NWEA MAP assessment, up from at Spring 2026 baseline of 40%. By Spring 2027, 60% of students taking the ACCESS will meet their Progress to Proficiency (PtP). By Spring 2027, 44% of students will be proficient/above proficienct on the English Language Arts IAR, up from a Spring 2026 baseline of 39%. By Spring 2027, 31% of students will be proficient/above proficient on the Math IAR, from a Spring 2026 baseline of 26%. | N7: =IF(LEN(B7)>10,1,0) -> 1 | Q7: Maintain or expand pupil support services | S7: Educator shortages, retention and recruitment data | U7: Guidance Counselor
Q8: Maintain or expand college and career readiness options (e.g., CTE programming, AP/IB programming, dual credit/dual enrollment programming) | S8: Family and community engagement data | U8: Nurse
Q9: Improve programs, curriculum, and/or learning tools | S9: Site-based expenditure data | U9: Supervisory Aide
G10: Top Strategy 1 | I10: Top Strategy 2 | L10: Top Strategy 3 | Q10: Increase number and/or quality of community, parent, and family engagement opportunities | S10: Annual Financial Report data | U10: Librarian
A11: 2) | B11: Select the top three strategies that the Organizational Unit will employ to achieve student growth and make progress toward state education goals. (Select three different responses from the dropdown list.) | G11: Improve programs, curriculum, and/or learning tools | I11: Increase number and/or quality of professional development opportunities | L11: Increase number and/or quality of community, parent, and family engagement opportunities | N11: =IF(OR(G11="",I11="",L11=""),0,IF(OR(G11=I11,G11=L11,I11=L11),0,1)) -> 1 | Q11: Maintain or increase equitable resource allocation for students so that more dollars benefit students in greater need | S11: Financial projections | U11: Librarian Aide
B12: If "Other" was selected in question 2, please describe. (No more than 1000 characters, including spaces.) | Q12: Provide interventions and services to reduce truancy or dropout rates | S12: EBF student allocations and/or cost factors | U12: Principal
A13: =IF(OR(G11="Other", I11="Other",M11="Other"),"Required","") | B13: =IF(COUNTIF(G11:M11,"Other"),"Required","") | N13: =IF(B13="",1,IF(LEN(G12)>10,1,0)) -> 1 | Q13: Provide alternative learning programs and models to address unique student needs | S13: Health and/or technology access data (e.g., CDC School Health Index, ventilation data, etc.) | U13: Assistant Principal
Q14: Other | S14: Equity Journey Continuum Data | U14: School Site Staff
A15: Part II: Planned Use of Evidence-Based Funding | S15: State Performance Plan Indicators for Special Education | U15: Gifted
A16: The questions below provide an opportunity to document the stakeholders with whom you consulted and the data you analyzed as you determined your strategic allocations of FY 2027 EBF dollars. Key statistics related to EBF distributions are provided for your reference. Form 50-36/50-39 is typically released before current-year appropriations are known. Therefore, the figures provided are for the prior fiscal year. | S16: Other local data sources | U16: Professional Development
A17: Collaboration Opportunity - Organizational Units may find that questions in this section are most easily and effectively completed if led by finance leaders in consultation with program leaders. | U17: Instructional Materials
A18: Evidence-Based Funding Organizational Unit Results (FY 2026) | E18: Final Resources / Adequacy Target = Percent of Adequacy | F18: Average Student Enrollment | G18: =IF(Cover!J13=0,"",VLOOKUP($O$1,'FY 26 Data for FY 27'!$A$4:$BC$932,3,FALSE)) -> 3060.37 | H18: Adequacy Target | J18: =IF(Cover!J13=0,"",VLOOKUP($O$1,'FY 26 Data for FY 27'!$A$2:$BC$935,4,FALSE)) -> 58805016 | U18: Assessments
U19: Computer & Tech Equip
F20: Final Resources | G20: =IF(Cover!J13=0,"",VLOOKUP($O$1,'FY 26 Data for FY 27'!$A$2:$BC$935,5,FALSE)) -> 53873879 | H20: Percent of Adequacy | J20: =IF(Cover!J13=0,"",VLOOKUP($O$1,'FY 26 Data for FY 27'!$A$2:$BC$935,6,FALSE)) -> 0.91614428 | U20: Student Activities
U21: Maintenance & Operations
E22: Base Funding Minimum + Tier Funding = Gross State Contribution | F22: Tier Assignment | G22: =IF(Cover!J13=0,"",VLOOKUP($O$1,'FY 26 Data for FY 27'!$A$2:$BC$935,7,FALSE)) -> 3 | H22: Gross State Contribution | J22: =IF(Cover!J13=0,"",VLOOKUP($O$1,'FY 26 Data for FY 27'!$A$2:$BC$935,10,FALSE)) -> 26601804 | U22: Central Office
U23: Employee Benefits
F24: FY26 Base Funding Minimum | G24: =IF(Cover!J13=0,"",VLOOKUP($O$1,'FY 26 Data for FY 27'!$A$2:$BC$935,9,FALSE)) -> 26524816 | H24: FY 2026 Tier Funding | J24: =IF(Cover!J13=0,"",VLOOKUP($O$1,'FY 26 Data for FY 27'!$A$2:$BC$935,8,FALSE)) -> 76988.87 | U24: Low-Income Intervention Teacher
U25: Low-Income Pupil Support Staff
E26: Within FY 2026 Gross State Contribution, Resources Attributable to Specific Populations | F26: Low-Income Students | G26: =IF(Cover!J13=0,"",VLOOKUP(O1,'FY 26 Data for FY 27'!$A$2:$BC$935,53,FALSE)) -> 6929051.4 | U26: Low-Income Extended Day Teacher
F27: English Learners (Els) | G27: =IF(Cover!J13=0,"",VLOOKUP(O1,'FY 26 Data for FY 27'!$A$2:$BC$935,54,FALSE)) -> 2093680.6 | U27: Low-Income Summer School Teacher
F28: Special Education | G28: =IF(Cover!J13=0,"",VLOOKUP($O$1,'FY 26 Data for FY 27'!$A$2:$BC$935,55,FALSE)) -> 2066941.4 | U28: EL Intervention Teacher
U29: EL Pupil Support Staff
G30: FY 2027 Tier Funding | H30: Funding Type (Select) | I30: *Note: Tier Funding allocations are published annually at https://www.isbe.net/Pages/ebfdistribution.aspx . Amounts are available in early August. Districts must use actual funding amounts if they are available before submitting the budget to ISBE. | U30: EL Extended Day Teacher
A31: 1) | B31: FY 2027 Tier Funding Allocation*: Enter the dollar amount of Tier Funding (e.g., NEW MONEY only) allocated to the Organizational Unit for FY 2027. Select whether the amount is estimated or actual funding. | G31: 71502.05 | H31: Actual | N31: =IF(AND(ISNUMBER(G31),H31<>0),1,0) -> 1 | U31: EL Summer School Teacher
U32: EL Core Teacher
U33: Sp Ed Teacher
G34: Data Source 1 | I34: Data Source 2 | L34: Data Source 3 | U34: Sp Ed Instructional Assistant
A35: 2) | B35: Select the top three sources of data used to inform the Organizational Unit's planned allocation of EBF dollars. (Select three different responses.) | G35: Student growth and achievement data, disaggregated by student groups | I35: Student grades or other local academic performance data | L35: Family and community engagement data | N35: =IF(OR(G35="",I35="",L35=""),0,IF(OR(G35=I35,G35=L35,I35=L35),0,1)) -> 1 | U35: Sp Ed Psychologist
U36: Other
A37: 3) | B37: Indicate with which groups the Organizational Unit engaged to inform its intended allocation of EBF dollars. (Select any that apply; otherwise leave blank.) | G37: Bilingual Program Director(s) | H37: Yes | I37: Principals | K37: Yes | L37: Bilingual Parent Advisory Committee | M37: Yes | N37: =IF(COUNTIF(H37:M40,"Yes"),1,0) -> 1
G38: Special Ed. Program Director(s) | H38: Yes | I38: School Improvement Teams | K38: Yes | L38: Other Parent Group(s) | M38: Yes
G39: Other Program Leaders | I39: Teacher or Support Staff Unions | L39: Community Focus Group(s)
G40: School Board Members | I40: Other School Staff | L40: Other
B41: [Optional] Provide a brief description of the Organizational Unit's process for consulting with internal and external stakeholders in determining the allocation of EBF dollars. (No more than 1000 characters, including spaces.)
G42: Priority Investment 1 | I42: Priority Investment 2 | L42: Priority Investment 3
A43: 4) | B43: Given the data analyzed, the stakeholders consulted, and the priorities identified in Part I, indicate the top three priority investments the Organizational Unit will make with its FY 2027 Base Funding Minimum (e.g., excluding Tier Funding). Choose "Other" if investments do not match the provided list. (Select three different responses. "Other" may be selected more than once if needed.) | G43: Core Teachers | I43: Core Intervention Teacher | L43: Student Activities | N43: =IF(OR(G43="",I43="",L43=""),0,IF(OR(G43="Other",I43="Other"),1,IF(OR(G43=I43,G43=L43,I43=L43),0,1))) -> 1
B44: If "Other" was selected in question 4, please describe. (No more than 1000 characters, including spaces.) | N44: =IF(B45="",1,IF(AND(B45="Required",LEN(G44)>10),1,0)) -> 1
B45: =IF(COUNTIF(G43:L43,"Other"), "Required","")
B47: Cost Factor Table
A48: 5) | B48: The table below presents the regionally adjusted amount embedded in the Organizational Unit's FY 2026 Adequacy Target for each of the 34 cost factors in the Evidence-Based Funding model (Column F). Column G is required for all Organizational Units that receive at least $5,000 in Tier Funding, while column H is optional. Organizational Units may choose to provide additional narrative context in Columns I-M to elaborate on the figures included in the table. ISBE has produced guidance for populating the cost factor table. The guidance includes a definition for each cost factor, along with suggestions for using Employee Information System position codes and common expenditure accounts to support a determination of expenditures. This guidance is available at https://www.isbe.net/ebfspendingplan. Column G: If the Organizational Unit will receive at least $5,000 in FY 2027 Tier Funding (as entered in Q2.1/cell G31), column G is required. Please indicate the Organizational Unit's planned expenditures in FY 2027 from Tier Funds only. Organizational Units are not expected to place a value in each cell. Rather, the table allows for the communication of priority investments with new state resources for the current fiscal year. During years in which there is no new Tier Funding, column G will not be required. During years in which Tier Funding is available, the amount of new Tier Funding entered in Q2.1/cell G31 above must equal the sum in cell G90 below. If some or all Tier Funding is invested outside of the cost factors, enter a dollar amount in cell G89 and provide additional context in the space for a narrative beginning in row 93. Column H: Optionally, Organizational Units may populate column H with total planned expenditures in FY 2027 for each cost factor from all revenue sources (e.g., not just from EBF). By comparing the figures in column F to the figures entered in column H, the Organizational Unit may engage local stakeholders in productive dialogue about resource allocation decisions.
A49: Cost Factors | F49: Amount in FY 2026 Adjusted Adequacy Target | G49: Budgeted FY 2027 Investments with New Tier Funding | H49: Budgeted FY 2027 Expenditures (All Resources) | I49: Optional District Narratives
G51: =IF(G31=0,"[N/A]",IF(G31>=5000,"[Required]","[Optional]")) -> [Required] | H51: [Optional]
A52: Core Investments | E52: Core Teachers | F52: =IF(Cover!J13=0,"",VLOOKUP($O$1,'FY 26 Data for FY 27'!$A$2:$BC$935,12, FALSE)) -> 11961678 | G52: 71502 | I52: Enter optional context for core investment decisions.
E53: Specialist Teachers | F53: =IF(Cover!J13=0,"",VLOOKUP($O$1,'FY 26 Data for FY 27'!$A$2:$BC$935,13, FALSE)) -> 2392335.5
E54: Instructional Facilitator | F54: =IF(Cover!J13=0,"",VLOOKUP($O$1,'FY 26 Data for FY 27'!$A$2:$BC$935,14, FALSE)) -> 1163469
E55: Core Intervention Teacher | F55: =IF(Cover!J13=0,"",VLOOKUP($O$1,'FY 26 Data for FY 27'!$A$2:$BC$935,15, FALSE)) -> 516336.88
E56: Substitute Teachers | F56: =IF(Cover!J13=0,"",VLOOKUP($O$1,'FY 26 Data for FY 27'!$A$2:$BC$935,16, FALSE)) -> 534876.17
E57: Guidance Counselor | F57: =IF(Cover!J13=0,"",VLOOKUP($O$1,'FY 26 Data for FY 27'!$A$2:$BC$935,17, FALSE)) -> 701008.49
E58: Nurse | F58: =IF(Cover!J13=0,"",VLOOKUP($O$1,'FY 26 Data for FY 27'!$A$2:$BC$935,18, FALSE)) -> 272112.74
E59: Supervisory Aide | F59: =IF(Cover!J13=0,"",VLOOKUP($O$1,'FY 26 Data for FY 27'!$A$2:$BC$935,19, FALSE)) -> 454957.88
E60: Librarian | F60: =IF(Cover!J13=0,"",VLOOKUP($O$1,'FY 26 Data for FY 27'!$A$2:$BC$935,20, FALSE)) -> 593523.18
E61: Librarian Aide | F61: =IF(Cover!J13=0,"",VLOOKUP($O$1,'FY 26 Data for FY 27'!$A$2:$BC$935,21, FALSE)) -> 341469.49
E62: Principal | F62: =IF(Cover!J13=0,"",VLOOKUP($O$1,'FY 26 Data for FY 27'!$A$2:$BC$935,22, FALSE)) -> 870138.02
E63: Assistant Principal | F63: =IF(Cover!J13=0,"",VLOOKUP($O$1,'FY 26 Data for FY 27'!$A$2:$BC$935,23, FALSE)) -> 753377.86
E64: School Site Staff | F64: =IF(Cover!J13=0,"",VLOOKUP($O$1,'FY 26 Data for FY 27'!$A$2:$BC$935,24, FALSE)) -> 545926.87
E65: Subtotal | F65: =IF(Cover!J13=0,"",VLOOKUP($O$1,'FY 26 Data for FY 27'!$A$2:$BC$935,25, FALSE)) -> 21101210 | G65: =IF(AND(ISBLANK(G52),ISBLANK(G53),ISBLANK(G54),ISBLANK(G55),ISBLANK(G56),ISBLANK(G57),ISBLANK(G58),ISBLANK(G59),ISBLANK(G60),ISBLANK(G61),ISBLANK(G62),ISBLANK(G63),ISBLANK(G64)),"",SUM(G52:G64)) -> 71502 | H65: =IF(AND(ISBLANK(H52),ISBLANK(H53),ISBLANK(H54),ISBLANK(H55),ISBLANK(H56),ISBLANK(H57),ISBLANK(H58),ISBLANK(H59),ISBLANK(H60),ISBLANK(H61),ISBLANK(H62),ISBLANK(H63),ISBLANK(H64)),"",SUM(H52:H64))
A66: Per Student Investments | E66: Gifted | F66: =IF(Cover!J13=0,"",VLOOKUP($O$1,'FY 26 Data for FY 27'!$A$2:$BC$935,26, FALSE)) -> 272246.4 | I66: Enter optional context for per student investment decisions.
E67: Professional Development | F67: =IF(Cover!J13=0,"",VLOOKUP($O$1,'FY 26 Data for FY 27'!$A$2:$BC$935,27, FALSE)) -> 382546.25
E68: Instructional Materials | F68: =IF(Cover!J13=0,"",VLOOKUP($O$1,'FY 26 Data for FY 27'!$A$2:$BC$935,28, FALSE)) -> 1043586.2
E69: Assessments | F69: =IF(Cover!J13=0,"",VLOOKUP($O$1,'FY 26 Data for FY 27'!$A$2:$BC$935,29, FALSE)) -> 104052.58
E70: Computer & Tech Equipment | F70: =IF(Cover!J13=0,"",VLOOKUP($O$1,'FY 26 Data for FY 27'!$A$2:$BC$935,30, FALSE)) -> 1747471.3
E71: Student Activities | F71: =IF(Cover!J13=0,"",VLOOKUP($O$1,'FY 26 Data for FY 27'!$A$2:$BC$935,31, FALSE)) -> 595913.28
E72: Maintenance & Operations | F72: =IF(Cover!J13=0,"",VLOOKUP($O$1,'FY 26 Data for FY 27'!$A$2:$BC$935,32, FALSE)) -> 4844565.7
E73: Central Office | F73: =IF(Cover!J13=0,"",VLOOKUP($O$1,'FY 26 Data for FY 27'!$A$2:$BC$935,3, FALSE)) -> 3060.37
E74: Employee Benefits | F74: =IF(Cover!J13=0,"",VLOOKUP($O$1,'FY 26 Data for FY 27'!$A$2:$BC$935,34, FALSE)) -> 11041554
E75: Subtotal* | F75: =IF(Cover!J13=0,"",VLOOKUP($O$1,'FY 26 Data for FY 27'!$A$2:$BC$935,38, FALSE)) -> 23441118 | G75: =IF(AND(ISBLANK(G66),ISBLANK(G67),ISBLANK(G68),ISBLANK(G69),ISBLANK(G70),ISBLANK(G71),ISBLANK(G72),ISBLANK(G73),ISBLANK(G74)),"",SUM(G66:G74)) | H75: =IF(AND(ISBLANK(H66),ISBLANK(H67),ISBLANK(H68),ISBLANK(H69),ISBLANK(H70),ISBLANK(H71),ISBLANK(H72),ISBLANK(H73),ISBLANK(H74)),"",SUM(H66:H74))
A76: Additional Investments | E76: Low-Income Intervention Teacher | F76: =IF(Cover!J13=0,"",VLOOKUP($O$1,'FY 26 Data for FY 27'!$A$2:$BC$935,39, FALSE)) -> 1176159.7 | I76: Enter optional context for additional investment decisions.
E77: Low-Income Pupil Support Staff | F77: =IF(Cover!J13=0,"",VLOOKUP($O$1,'FY 26 Data for FY 27'!$A$2:$BC$935,40, FALSE)) -> 1176159.7
E78: Low-Income Extended Day Teacher | F78: =IF(Cover!J13=0,"",VLOOKUP($O$1,'FY 26 Data for FY 27'!$A$2:$BC$935,41, FALSE)) -> 1225099.5
E79: Low-Income Summer School Teacher | F79: =IF(Cover!J13=0,"",VLOOKUP($O$1,'FY 26 Data for FY 27'!$A$2:$BC$935,42, FALSE)) -> 1225099.5
E80: EL Intervention Teacher | F80: =IF(Cover!J13=0,"",VLOOKUP($O$1,'FY 26 Data for FY 27'!$A$2:$BC$935,43, FALSE)) -> 1259598.1
E81: EL Pupil Support Staff | F81: =IF(Cover!J13=0,"",VLOOKUP($O$1,'FY 26 Data for FY 27'!$A$2:$BC$935,44, FALSE)) -> 1259598.1
E82: EL Extended Day Teacher | F82: =IF(Cover!J13=0,"",VLOOKUP($O$1,'FY 26 Data for FY 27'!$A$2:$BC$935,45, FALSE)) -> 1311747.1
E83: EL Summer School Teacher | F83: =IF(Cover!J13=0,"",VLOOKUP($O$1,'FY 26 Data for FY 27'!$A$2:$BC$935,46, FALSE)) -> 1311747.1
E84: EL Core Teacher | F84: =IF(Cover!J13=0,"",VLOOKUP($O$1,'FY 26 Data for FY 27'!$A$2:$BC$935,47, FALSE)) -> 1574096.5
E85: Sp Ed Teacher | F85: =IF(Cover!J13=0,"",VLOOKUP($O$1,'FY 26 Data for FY 27'!$A$2:$BC$935,48, FALSE)) -> 1740973.2
E86: Sp Ed Instructional Assistant | F86: =IF(Cover!J13=0,"",VLOOKUP($O$1,'FY 26 Data for FY 27'!$A$2:$BC$935,49, FALSE)) -> 726459.61
E87: Sp Ed Psychologist | F87: =IF(Cover!J13=0,"",VLOOKUP($O$1,'FY 26 Data for FY 27'!$A$2:$BC$935,50, FALSE)) -> 275949.28
E88: Subtotal | F88: =IF(Cover!J13=0,"",VLOOKUP($O$1,'FY 26 Data for FY 27'!$A$2:$BC$935,51, FALSE)) -> 14262687 | G88: =IF(AND(ISBLANK(G76),ISBLANK(G77),ISBLANK(G78),ISBLANK(G79),ISBLANK(G80),ISBLANK(G81),ISBLANK(G82),ISBLANK(G83),ISBLANK(G84),ISBLANK(G85),ISBLANK(G86),ISBLANK(G87)),"",SUM(G76:G87)) | H88: =IF(AND(ISBLANK(H76),ISBLANK(H77),ISBLANK(H78),ISBLANK(H79),ISBLANK(H80),ISBLANK(H81),ISBLANK(H82),ISBLANK(H83),ISBLANK(H84),ISBLANK(H85),ISBLANK(H86),ISBLANK(H87)),"",SUM(H76:H87))
E89: Other Investments | F89: N/A | I89: =SUM(G88,G89,G75,G65) -> 71502
E90: Total** | F90: =IF(Cover!J13=0,"",VLOOKUP($O$1,'FY 26 Data for FY 27'!$A$2:$BC$935,52, FALSE)) -> 58805016 | G90: =IF(AND(ISBLANK(G52),ISBLANK(G53),ISBLANK(G54),ISBLANK(G55),ISBLANK(G56),ISBLANK(G57),ISBLANK(G58),ISBLANK(G59),ISBLANK(G60),ISBLANK(G61),ISBLANK(G62),ISBLANK(G63),ISBLANK(G64),ISBLANK(G66),ISBLANK(G67),ISBLANK(G68),ISBLANK(G69),ISBLANK(G70),ISBLANK(G71),ISBLANK(G72),ISBLANK(G73),ISBLANK(G74),ISBLANK(G76),ISBLANK(G77),ISBLANK(G78),ISBLANK(G79),ISBLANK(G80),ISBLANK(G81),ISBLANK(G82),ISBLANK(G83),ISBLANK(G84),ISBLANK(G85),ISBLANK(G86),ISBLANK(G87),ISBLANK(G89)),"",SUM(G65,G75,G88,G89)) -> 71502 | H90: =IF(H65="","",SUM(H65,H75,H88,H89)) | I90: Tier Funding Check (Cell G90) | L90: =IF(I89=0,"",IF(ROUND(G90,0)=ROUND(G31,0)," Complete, G90=G31",IF(G90<G31," Incomplete, G90<G31",IF(G90>G31," Incomplete, G90>G31")))) -> Complete, G90=G31 | N90: =IF(G51="[N/A]",0,IF(AND(G51="[Optional]",G90=""),1,IF(AND(G51="[Required]",G90=""),0,IF(ROUND(G31,0)=ROUND(G90,0),1,0)))) -> 1
E91: *The subtotal for Per Student Investments is a calculated figure that adjusts salary portions of Central Office and Maintenance & Operations to account for regional salary differences. As a result, the sum of each individual cost factor will not equal the subtotal. **The total is the Final Adequacy Target (adjusted for Regionalization Factor) calculated in the Full FY 2026 EBF Calculation file. Due to differences in rounding, this figure may vary slightly from the sum of the subtotals in this table.
B93: If some or all Tier Funding was invested outside of the cost factors, please describe. (No more than 1000 characters, including spaces.) | N93: =IF(B94="",1,IF(AND(B94="Required",LEN(G93)>10),1,0)) -> 1
B94: =IF(G89>0,"Required","")
A96: Part III: Support for Special Student Groups
A97: EBF statute sets aside specific allocations to be spent for special education, English learners, and low-income students. Per statue these designated funds must be spent on programs and services benefiting these specific student groups. Funds for English learners and low-income students must be spent in addition to, and not in lieu of, funding that supports general programs of instruction for all students. Funds attributable to special education must be used for the provision of special education facilities and services as outlined in ILCS 14-1.08. Current-year EBF amounts attributable to each of the special student groups must be reported in Question 1 below (cells G100-G102). If the Organizational Unit received at least $5,000 for any of the student groups, a response to Questions 2 through 4 below is required. For amounts less than $5,000, a response is optional for those questions. All other EBF funds may be spent in any manner deemed appropriate by the school district.
A98: Collaboration Opportunity - Organizational Units may find that questions in this section are most easily and effectively completed through collaboration between program leaders affiliated with each student group and finance leaders.
G99: Enter Amounts | H99: Select type | I99: *Note: Allocations for each of the three student groups are published annually at isbe.net/ebfdist under "Reports." Amounts are typically available by September 1. Districts must use actual funding amounts if they are available before submitting the budget to ISBE.
A100: 1) | B100: FY 2027 Student Population Allocations*: Enter the dollar amount of resources attributable to Specific Populations within the FY27 Gross State Contribution. Enter "0" if no funds are allocated for a student group. Select whether amounts are estimated or actual. | F100: Low-Income Students | G100: 6942808 | H100: Actual | N100: =IF(SUM(G100,G101,G102)=0,0,IF(AND(ISNUMBER(G100),H100<>0),1,0)) -> 1
F101: English Learners | G101: 2103691 | H101: Actual | N101: =IF(AND(ISNUMBER(G101),H101<>0),1,0) -> 1
F102: Special Education | G102: 2071181 | H102: Actual | N102: =IF(AND(ISNUMBER(G102),H102<>0),1,0) -> 1
A104: 2) | B104: Organizational Unit investment of EBF dollars for low-income students: Select the investments that apply. (Optionally, dollar amounts for each investment may be entered.) | G104: Low-Income Intervention Teacher | H104: Yes | I104: Low-Income Extended Day Teacher | K104: Yes | L104: Other Investments | N104: =IF(B105="Response Optional",1,IF(AND(B105="Response Required",COUNTIF(H104:M106,"Yes")),1,0)) -> 1
B105: =IF($O$1=0,"",IF($G$100>=5000,"Response Required","Response Optional")) -> Response Required | G105: [Optional - Enter $] | I105: [Optional - Enter $] | L105: [Optional - Enter $]
...

Sheet AC 34
F1: ESTIMATED LIMITATION OF ADMINISTRATIVE COSTS (School Districts Only)
A2: (For Local Use Only)
A3: This is an estimated Limitation of Administrative Costs Worksheet only and will not be accepted for Official Submission of the Limitation of Administrative Costs Worksheet.
A5: ="The worksheet is intended for use during the budgeting process to estimate the district's percent increase of FY"&'B27'!K2&" budgeted expenditures over actual FY"&'B27'!K2-1&" expenditures." -> The worksheet is intended for use during the budgeting process to estimate the district's percent increase of FY2027 budgeted expenditures over actual FY2026 expenditures.
A6: Budget information is copied to this page. Insert the prior year estimated actual expenditures to compute the estimated percentage increase (decrease).
A8: The official Limitation of Administrative Costs Worksheet is attached to the end of the Annual Financial Report (ISBE Form 50-35) and must be submitted in conjunction with that report.
A9: An official Limitation of Administrative Costs Worksheet can also be found on the ISBE website at: | G9: Limitation of Administrative Costs
A11: ESTIMATED LIMITATION OF ADMINISTRATIVE COSTS WORKSHEET | I11: School District Name: | J11: =Cover!J13 -> West Chicago ESD 33
A12: (Section 17-1.5 of the School Code) | I12: RCDT Number: | J12: =Cover!J14 -> 19022033002
E14: ="Estimated Actual Expenditures, Fiscal Year "&'B27'!K2-1 -> Estimated Actual Expenditures, Fiscal Year 2026 | I14: ="Budgeted Expenditures, Fiscal Year "&'B27'!K2 -> Budgeted Expenditures, Fiscal Year 2027
E15: (10) | F15: (20) | G15: (80) | I15: (10) | J15: (20) | K15: (80)
A16: Description | D16: Funct. No. | E16: Educational Fund | F16: Operations & Maintenance Fund | G16: Tort Fund | H16: Total | I16: Educational Fund | J16: Operations & Maintenance Fund | K16: Tort Fund | L16: Total
A17: 1 | B17: Executive Administration Services | D17: 2320 | E17: 490506 | G17: 0 | H17: =SUM(E17:G17) -> 490506 | I17: ='EstExp 11-19'!K52 -> 477514 | K17: ='EstExp 11-19'!K361 -> 0 | L17: =SUM(I17:K17) -> 477514
A18: 2 | B18: Special Area Administration Services | D18: 2330 | E18: 305611 | G18: 0 | H18: =SUM(E18:G18) -> 305611 | I18: ='EstExp 11-19'!K53 -> 291506 | K18: ='EstExp 11-19'!K362 -> 0 | L18: =SUM(I18:K18) -> 291506
A19: 3 | B19: Other Support Services - School Administration | D19: 2490 | E19: 0 | G19: 0 | H19: =SUM(E19:G19) -> 0 | I19: ='EstExp 11-19'!K58 -> 0 | K19: ='EstExp 11-19'!K368 -> 0 | L19: =SUM(I19:K19) -> 0
A20: 4 | B20: Direction of Business Support Services | D20: 2510 | E20: 480320 | F20: 0 | G20: 0 | H20: =SUM(E20:G20) -> 480320 | I20: ='EstExp 11-19'!K61 -> 502786 | J20: ='EstExp 11-19'!K126 -> 0 | K20: ='EstExp 11-19'!K371 -> 0 | L20: =SUM(I20:K20) -> 502786
A21: 5 | B21: Internal Services | D21: 2570 | E21: 37186 | G21: 0 | H21: =SUM(E21:G21) -> 37186 | I21: ='EstExp 11-19'!K66 -> 37000 | K21: ='EstExp 11-19'!K377 -> 0 | L21: =SUM(I21:K21) -> 37000
A22: 6 | B22: Direction of Central Support Services | D22: 2610 | E22: 0 | G22: 0 | H22: =SUM(E22:G22) -> 0 | I22: ='EstExp 11-19'!K69 -> 0 | K22: ='EstExp 11-19'!K380 -> 0 | L22: =SUM(I22:K22) -> 0
A23: 7 | B23: Deduct - Early Retirement or other pension obligations required | H23: =SUM(E23:G23) -> 0 | L23: =SUM(I23:K23) -> 0
B24: by state law and included above.
A25: 8 | B25: Totals | E25: =SUM(E17:E22)-E23 -> 1313623 | F25: =SUM(F17:F22)-F23 -> 0 | G25: =SUM(G17:G22)-G23 -> 0 | H25: =SUM(H17:H22)-H23 -> 1313623 | I25: =SUM(I17:I22)-I23 -> 1308806 | J25: =SUM(J17:J22)-J23 -> 0 | K25: =SUM(K17:K22)-K23 -> 0 | L25: =SUM(L17:L22)-L23 -> 1308806
A26: 9 | B26: ="Estimated Percent Increase (Decrease) for FY"&'B27'!K2 -> Estimated Percent Increase (Decrease) for FY2027 | L26: =IF(AND(H25>0,L25>0),(((L25-H25)/H25)),"Enter Actual Data") -> -0.0036669577
B27: ="(Budgeted) over (Actual) FY "&'B27'!K2-"1" -> (Budgeted) over (Actual) FY 2026

Sheet VendContract 35
C1: REPORTING OF PUBLIC VENDOR CONTRACTS OF $1,000 OR MORE (School Districts Only)
A2: In accordance with the School Code, Section 10-20.21, all school districts are required to file a report listing ‘vendor contracts’ as an attachment to their budget. In this context, the term "vendor contracts"
A3: refers to "all contracts and agreements that pertain to goods and services that were intended to generate additional revenue and other remunerations for the school district in excess of $1,000, including
A4: without limitation vending machine contracts, sports and other attire, class rings, and photographic services. The report is to list information regarding such contracts for the fiscal year immediately
A5: preceding the fiscal year of the budget. All such contracts executed on or after July 1, 2007 must be approved by the school board.
A6: See: School Code, Section 10-20.21 - Contracts
A8: Name of Vendor | B8: Product or Service Provided | C8: Net Revenue | D8: Non-Monetary Remuneration | E8: Purpose of Proceeds | F8: Distribution Method and Recipient of Non-Monetary Remunerations Distributed
A9: HR Imaging | B9: photograph | C9: 5000 | E9: sstudent activities funds

Sheet Ref 36
B1: Reference Description
A3: 1 | B3: Each fund balance should correspond to the fund balance reflected on the books as of June 30th - Balance Sheet Accounts #720 and #730 (audit figures, if available).
A5: 2 | B5: Accounting and Financial Reporting for Certain Grants and Other Financial Assistance. The "On-Behalf" Payments should only be reflected on this page (Budget Summary, Lines 10 and 20).
A7: 3 | B7: Requires the secretary of the school board to notify the county clerk (within 30 days of the transfer approval) to abate an equal amount of taxes to be next extended. See Sec. 10-22.14 & 17-2.11.
A8: 3a | B8: Requires notification to the county clerk to abate an equal amount from taxes next extended. See section 10-22.14
A9: 4 | B9: Principal on Bonds Sold:
B10: (1) Funding Bonds are to be entered in the fund or funds in which the liability occurs.
B11: (2) Refunding Bonds can be entered in the Debt Services Fund only.
B12: (3) Building Bonds can be entered in the Capital Projects Fund only.
B13: (4) Fire Prevention and Safety Bonds can be entered in the Fire Prevention & Safety Fund only.
A15: 5 | B15: The proceeds from the sale of school sites, buildings, or other real estate shall be used first to pay the principal and interest on any outstanding bonds on the property being sold, and after all such bonds have been retired, the remaining proceeds from the sale next shall be used by the school board to meet any urgent district needs as determined under Sections 2-3.12 and 17-2.11 of the School Code. Once these issues have been addressed, any remaining proceeds may be used for any other authorized purpose and for deposit into any district fund.
A17: 6 | B17: The School Code, Section 10-22.44 prohibits the transfer of interest earned on the investment of "any funds for purposes of Illinois Municipal Retirement under the Pension Code." This prohibition does not include funds for Social Security and Medicare-only purposes. For additional requirements on interest earnings, see 23 Illinois Administrative Code, Part 100, Section 100.50.
A19: 7 | B19: Cash plus investments must be greater than or equal to zero.
A21: 8 | B21: For cash basis budgets, this total will equal the Budget Summary - Total Direct Receipts/Revenues (Line 9) plus Total Other Sources of Funds (Line 46).
A23: 9 | B23: For cash basis budgets, this total will equal the Budget Summary - Total Direct Disbursements/Expenditures (Line 19) plus Total Other Uses of Funds (Line 79).
A25: 10 | B25: Working Cash Fund loans may be made to any district fund for which taxes are levied (Section 20-5 of the School Code).
A27: 11 | B27: Include revenue accounts 1110 through 1115, 1117,1118 & 1120.
A29: 12 | B29: The School Code Section 17-2.2c. Tax for leasing educational facilities or computer technology or both, and for temporary relocation expense purposes.
A31: 13 | B31: Corporate personal property replacement tax revenue must be first applied to the Municipal Retirement/Social Security Fund to replace tax revenue lost due to the abolition of the corporate personal property tax (30 ILCS 115/12). This provision does not apply to taxes levied for Medicare-Only purposes.
A33: 14 | B33: Only tuition payments made to private facilities. See Functions 4200 or 4400 for estimated public facility disbursements/expenditures.
A35: 15 | B35: Payment towards the retirement of lease/purchase agreements or bonded/other indebtedness (principal only) otherwise reported within the fund - e.g.: alternate revenue bonds. (Describe & Itemize)
A37: 16 | B37: Only abolishment of Working Cash Fund must transfer its funds directly to the Educational Fund upon adoption of a resolution and
B38: at the close of the current school Year (see 105 ILCS 5/20-8 for further explanation)
B39: Only abatement of working cash fund can transfer its funds to any fund in most need of money
B40: (see 105 ILCS 5/20-10 for further explanation)

Sheet Error Checks
B1: CHECK FOR ERRORS
B2: This worksheet checks various cells to assure that selected items are in balance. | C2: Please fix errors below before submitting to ISBE.
B4: Budget Item References | C4: Message
A5: 1 | B5: Deficit Reduction Plan (DefReductPlan 23-27 tab)
B6: Is Deficit Reduction Plan Required? (Joint Agreements do not complete Deficit Reduction Plan.) | C6: =IF(Cover!B3="X", "Deficit Reduction Plan is not required", IF(AND('DeficitBudgetSum Calc 21'!G5<0,'DeficitBudgetSum Calc 21'!G6>=0,ABS('DeficitBudgetSum Calc 21'!G5*3)>ABS('DeficitBudgetSum Calc 21'!G6)),'DeficitBudgetSum Calc 21'!G23,IF(AND('DeficitBudgetSum Calc 21'!G5<0,'DeficitBudgetSum Calc 21'!G6>0,ABS('DeficitBudgetSum Calc 21'!G5*3)<=ABS('DeficitBudgetSum Calc 21'!G6)),'DeficitBudgetSum Calc 21'!G24,IF(AND('DeficitBudgetSum Calc 21'!G5<0,'DeficitBudgetSum Calc 21'!G6<0),'DeficitBudgetSum Calc 21'!G23,IF('DeficitBudgetSum Calc 21'!G6=0,'DeficitBudgetSum Calc 21'!G26,'DeficitBudgetSum Calc 21'!G25))))) -> Deficit Reduction Plan is not required
B7: If required, is Deficit Reduction Plan completed? (DefReductPlan 22-26 tab) | C7: =IF(AND(C6='DeficitBudgetSum Calc 21'!G23,'DefReductPlan 22-26'!Z22>0),"Deficit Reduction Plan complete",IF(AND(C6='DeficitBudgetSum Calc 21'!G23,'DefReductPlan 22-26'!Z22=0),"ERROR - PLEASE COMPLETE Deficit Reduction Plan","")) | J7: For ISBE Use Only
A8: 2 | B8: Cover Page (Cover tab) | I8: RCDT | J8: {=IF(ChosenDistrict="","",Cover!J14)} | K8: Type
B9: District Name must be selected from drop-down. (Cell J13) | C9: =IF(ChosenDistrict="","ERROR -Choose district from drop-down list.","OK") -> OK | F9: =C9 -> OK | I9: Tier Funding | J9: =IF('EBF Spending Plan 29-33'!G31="[Enter $]","",'EBF Spending Plan 29-33'!G31) -> 71502.05 | K9: =IF('EBF Spending Plan 29-33'!H31="[Enter $]","",'EBF Spending Plan 29-33'!H31) -> Actual
B10: Accounting Basis must be selected on Cover sheet. | C10: =IF(AND(Cover!B6="",Cover!B7=""),"ERROR - Choose Accounting Basis.","OK") -> OK | F10: =C10 -> OK | I10: Low-Income | J10: =IF('EBF Spending Plan 29-33'!G100="[Enter $]","",'EBF Spending Plan 29-33'!G100) -> 6942808 | K10: =IF('EBF Spending Plan 29-33'!H100="[Enter $]","",'EBF Spending Plan 29-33'!H100) -> Actual
B11: Dates (Day, Month, Year) must be input on Cover sheet. | C11: =IF(OR(ISBLANK(Cover!M32),ISBLANK(Cover!Q32),ISBLANK(Cover!P44),ISBLANK(Cover!T44)),"ERROR - INPUT DATE(S)","OK") -> OK | F11: =C11 -> OK | I11: EL | J11: =IF('EBF Spending Plan 29-33'!G101="[Enter $]","",'EBF Spending Plan 29-33'!G101) -> 2103691 | K11: =IF('EBF Spending Plan 29-33'!H101="[Enter $]","",'EBF Spending Plan 29-33'!H101) -> Actual
B12: Board Names must be typed on Cover sheet. | C12: {=IF(AND(Cover!E50:J59="",Cover!K50:Q59=""),"ERROR - TYPE BOARD NAMES","OK")} -> OK | F12: =C12 -> OK | I12: SpEd | J12: =IF('EBF Spending Plan 29-33'!G102="[Enter $]","",'EBF Spending Plan 29-33'!G102) -> 2071181 | K12: =IF('EBF Spending Plan 29-33'!H102="[Enter $]","",'EBF Spending Plan 29-33'!H102) -> Actual
A13: 3 | B13: Budget Summary: Other Sources (BudgetSum 2-4 tab - Acct 7000) must equal Other Uses (BudgetSum 2-4 tab - Acct 8000).
B14: Estimated Beginning Fund Balance July, 1 2026 for all Funds (Cells C3 - K3) (Line must have a number or zero. Do not leave blank.) | C14: =IF(AND(ISNUMBER('BudgetSum 2-4'!C3),ISNUMBER('BudgetSum 2-4'!D3),ISNUMBER('BudgetSum 2-4'!E3),ISNUMBER('BudgetSum 2-4'!F3),ISNUMBER('BudgetSum 2-4'!G3),ISNUMBER('BudgetSum 2-4'!H3),ISNUMBER('BudgetSum 2-4'!I3),ISNUMBER('BudgetSum 2-4'!J3),ISNUMBER('BudgetSum 2-4'!K3)),"OK","ERROR - ENTER AMOUNTS. IF ZERO, ENTER NUMBER 0") -> OK | F14: =C14 -> OK
B15: Estimated Activity Fund Beginning Fund Balance July, 1 2026 (Cell C83) (Cell must have a number or zero. Do not leave blank.) | C15: =IF(ISNUMBER('BudgetSum 2-4'!C83),"OK","ERROR - ENTER AMOUNT. IF ZERO, ENTER NUMBER 0") -> OK | F15: =C15 -> OK
B16: Transfer Among Funds (Funds 10, 20, 40 - Acct 7130 - Cells C29, D29, F29), must equal (Funds 10, 20 & 40 - Acct 8130 - Cells C52, D52, F52). | C16: =IF(SUM('BudgetSum 2-4'!C29:D29,'BudgetSum 2-4'!F29)<>SUM('BudgetSum 2-4'!C52:D52,'BudgetSum 2-4'!F52),"ERROR - CHECK TRANSFER(S)","OK") -> OK | F16: =C16 -> OK
B17: Transfer of Interest (Funds 10 thru 90 - Acct 7140 - Cells C30:K30), must equal (Funds 10 thru 60, & 80 - Acct 8140 - Cells C53:H53, J53). | C17: =IF(SUM('BudgetSum 2-4'!C30:K30)<>SUM('BudgetSum 2-4'!C53:J53),"ERROR - CHECK TRANSFER(S)","OK") -> OK | F17: =C17 -> OK
B18: Transfer to Debt Service to Pay Principal on GASB 87 Leases (Fund 30 - Acct 7400 - Cell E39) must equal (Funds 10, 20 & 60 - Acct 8400 Cells C57:H60). | C18: =IF(('BudgetSum 2-4'!E39)<>SUM('BudgetSum 2-4'!C57:H60),"ERROR - CHECK TRANSFER(S)","OK") -> OK | F18: =C18 -> OK
B19: Transfer to Debt Service to Pay Interest on GASB 87 Leases (Fund 30 - Acct 7500 - Cell E40) must equal (Funds 10, 20 & 60 - Acct 8500 - Cells C61:H64). | C19: =IF(('BudgetSum 2-4'!E40)<>SUM('BudgetSum 2-4'!C61:H64),"ERROR - CHECK TRANSFER(S)","OK") -> OK | F19: =C19 -> OK
B20: Transfer to Debt Service Fund to Pay Principal on Revenue Bonds (Fund 30 - Acct 7600 - Cell E41) must equal (Funds 10 & 20 - Acct 8600 - Cells C65:D68). | C20: =IF(('BudgetSum 2-4'!E41)<>SUM('BudgetSum 2-4'!C65:D68),"ERROR - CHECK TRANSFER(S)","OK") -> OK | F20: =C20 -> OK
B21: Transfer to Debt Service to Pay Interest on Revenue Bonds (Fund 30 - Acct 7700 - Cell E42) must equal (Funds 10 & 20 - Acct 8700 - Cells C69:D72). | C21: =IF(('BudgetSum 2-4'!E42)<>SUM('BudgetSum 2-4'!C69:D72),"ERROR - CHECK TRANSFER(S)","OK") -> OK | F21: =C21 -> OK
B22: Transfer to Capital Projects Fund (Fund 60 - Acct 7800 - Cell H43) must equal (Fund 10 & 20, Acct 8800 - Cells C73:D76). | C22: =IF(('BudgetSum 2-4'!H43)<>SUM('BudgetSum 2-4'!C73:D76),"ERROR - CHECK TRANSFER(S)","OK") -> OK | F22: =C22 -> OK
A23: 4 | B23: Summary of Cash Transactions: Beginning Cash Balance on Hand July 1, 2026 (CashSum 5 tab, All Funds) cannot be negative. | F23: =C23 -> 0
B24: Educational (Fund 10 - Cell C3) | C24: =IF(OR('CashSum 5'!$C$3<0,'CashSum 5'!$C$3=""),"CHECK ERROR - NEGATIVE BEGINNING BALANCE OR BLANK","OK") -> OK | F24: =C24 -> OK
B25: Operations & Maintenance (Fund 20 - Cell D3) | C25: =IF(OR('CashSum 5'!$D$3<0,'CashSum 5'!$D$3=""),"CHECK ERROR - NEGATIVE BEGINNING BALANCE OR BLANK","OK") -> OK | F25: =C25 -> OK
B26: Debt Service (Fund 30 - Cell E3) | C26: =IF(OR('CashSum 5'!$E$3<0,'CashSum 5'!$E$3=""),"CHECK ERROR - NEGATIVE BEGINNING BALANCE OR BLANK","OK") -> OK | F26: =C26 -> OK
B27: Transportation (Fund 40 - Cell F3) | C27: =IF(OR('CashSum 5'!$F$3<0,'CashSum 5'!$F$3=""),"CHECK ERROR - NEGATIVE BEGINNING BALANCE OR BLANK","OK") -> OK | F27: =C27 -> OK
B28: Municipal Retirement/Social Security (Fund 50 - Cell G3) | C28: =IF(OR('CashSum 5'!$G$3<0,'CashSum 5'!$G$3=""),"CHECK ERROR - NEGATIVE BEGINNING BALANCE OR BLANK","OK") -> OK | F28: =C28 -> OK
B29: Capital Projects (Fund 60 - Cell H3) | C29: =IF(OR('CashSum 5'!$H$3<0,'CashSum 5'!$H$3=""),"CHECK ERROR - NEGATIVE BEGINNING BALANCE OR BLANK","OK") -> OK | F29: =C29 -> OK
B30: Working Cash (Fund 70 - Cell I3) | C30: =IF(OR('CashSum 5'!$I$3<0,'CashSum 5'!$I$3=""),"CHECK ERROR - NEGATIVE BEGINNING BALANCE OR BLANK","OK") -> OK | F30: =C30 -> OK
B31: Tort (Fund 80 - Cell J3) | C31: =IF(OR('CashSum 5'!$J$3<0,'CashSum 5'!$J$3=""),"CHECK ERROR - NEGATIVE BEGINNING BALANCE OR BLANK","OK") -> OK | F31: =C31 -> OK
B32: Fire Prevention & Safety (Fund 90 - Cell K3) | C32: =IF(OR('CashSum 5'!$K$3<0,'CashSum 5'!$K$3=""),"CHECK ERROR - NEGATIVE BEGINNING BALANCE OR BLANK","OK") -> OK | F32: =C32 -> OK
B33: Activity Funds (Cell C23) | C33: =IF(ISNUMBER('CashSum 5'!C23),"OK","ERROR - ENTER AMOUNTS. IF ZERO, ENTER NUMBER 0") -> OK | F33: =C33 -> OK
A34: 5 | B34: Summary of Cash Transactions: Ending Cash Balance on Hand June 30, 2026 (CashSum 5 tab - All Funds) cannot be negative. | F34: =C34 -> 0
B35: Educational (Fund 10 - Cell C21) | C35: =IF('CashSum 5'!$C$21<0,"CHECK ERROR - NEGATIVE END BALANCE","OK") -> OK | F35: =C35 -> OK
B36: Operations & Maintenance (Fund 20 - Cell D21) | C36: =IF('CashSum 5'!$D$21<0,"CHECK ERROR - NEGATIVE END BALANCE","OK") -> OK | F36: =C36 -> OK
B37: Debt Service (Fund 30 - Cell E21) | C37: =IF('CashSum 5'!$E$21<0,"CHECK ERROR - NEGATIVE END BALANCE","OK") -> OK | F37: =C37 -> OK
B38: Transportation (Fund 40 - Cell F21) | C38: =IF('CashSum 5'!$F$21<0,"CHECK ERROR - NEGATIVE END BALANCE","OK") -> OK | F38: =C38 -> OK
B39: Municipal Retirement/Social Security (Fund 50 - Cell G21) | C39: =IF('CashSum 5'!$G$21<0,"CHECK ERROR - NEGATIVE END BALANCE","OK") -> OK | F39: =C39 -> OK
B40: Capital Projects (Fund 60 - Cell H21) | C40: =IF('CashSum 5'!$H$21<0,"CHECK ERROR - NEGATIVE END BALANCE","OK") -> OK | F40: =C40 -> OK
B41: Working Cash (Fund 70 - Cell I21) | C41: =IF('CashSum 5'!$I$21<0,"CHECK ERROR - NEGATIVE END BALANCE","OK") -> OK | F41: =C41 -> OK
B42: Tort (Fund 80 - Cell J21) | C42: =IF('CashSum 5'!$J$21<0,"CHECK ERROR - NEGATIVE END BALANCE","OK") -> OK | F42: =C42 -> OK
B43: Fire Prevention & Safety (Fund 90 - Cell K21) | C43: =IF('CashSum 5'!$K$21<0,"ERROR - NEGATIVE END BALANCE. PLEASE CORRECT.","OK") -> OK | F43: =C43 -> OK
A44: 6 | B44: Summary of Cash Transactions: Other Receipts (CashSum 5 tab) must equal Other Disbursements (CashSum 5 tab). | F44: =C44 -> 0
B45: Interfund Loans Payable (Funds 10:60, 80, 90 - Acct 411 - Cells C6:H6, J6:K6) must equal Interfund Loans Receivable (Funds 10:20, 40, 70 - Acct 141 - Cells C15:D15, F15, I15). | C45: =IF(SUM('CashSum 5'!C6:K6)<>SUM('CashSum 5'!C15:K15),"ERROR - CHECK INTERFUND LOANS","OK") -> OK | F45: =C45 -> OK
B46: Interfund Loans Receivable (Funds 10, 20, 40, 70 - Acct 141 - Cells C7:D7, F7, I7) must equal Interfund Loans Payable (Funds 10:60, 80, 90 - Acct 411 - Cells C16:H16, J16, K16). | C46: =IF(SUM('CashSum 5'!C7:K7)<>SUM('CashSum 5'!C16:K16),"ERROR - CHECK INTERFUND LOANS","OK") -> OK | F46: =C46 -> OK
A47: 7 | B47: Estimated Revenue (EstRev 6-10 tab) | F47: =C47 -> 0
B48: Amounts must be input for revenue. | C48: =IF(OR('BudgetSum 2-4'!C9>0,'BudgetSum 2-4'!D9>0,'BudgetSum 2-4'!E9>0,'BudgetSum 2-4'!F9>0,'BudgetSum 2-4'!G9>0,'BudgetSum 2-4'!H9>0,'BudgetSum 2-4'!I9>0,'BudgetSum 2-4'!J9>0,'BudgetSum 2-4'!K9>0),"OK","ERROR - ESTREV TAB IS BLANK. PLEASE INPUT AMOUNTS.") -> OK | F48: =C48 -> OK
A49: 8 | B49: Estimated Expenditures (EstExp 11-19 tab) | F49: =C49 -> 0
B50: Amounts must be input for expenditures. | C50: =IF(OR('BudgetSum 2-4'!C19>0,'BudgetSum 2-4'!D19>0,'BudgetSum 2-4'!E19>0,'BudgetSum 2-4'!F19>0,'BudgetSum 2-4'!G19>0,'BudgetSum 2-4'!H19>0,'BudgetSum 2-4'!I19>0,'BudgetSum 2-4'!J19>0,'BudgetSum 2-4'!K19>0),"OK","ERROR - ESTEXP TAB IS BLANK. PLEASE INPUT AMOUNTS.") -> OK | F50: =C50 -> OK
A51: 9 | B51: Itemization Notes: Revenues/Expenditures reported that require note on Itemize 21 tab. | F51: =C51 -> 0
B52: Include brief note(s) describing revenue source. | C52: =IF('Itemize 20'!C2="OK","OK","ERROR -Please describe revenue.") -> OK | F52: =C52 -> OK
B53: Include brief note(s) describing expenditure use. | C53: =IF('Itemize 20'!C3="OK","OK","ERROR -Please describe expenditures.") -> OK | F53: =COUNTIFS(F8:F52,"OK") -> 37
A54: 10 | B54: EBF Spending Plan
B55: All required questions have been answered. | C55: =IF(Cover!B3="x","OK",IF(Cover!H8="Yes","OK",IF('EBF Spending Plan 29-33'!N140=24,"OK","INCOMPLETE"))) -> OK
B56: End of Balancing

Sheet EBF Spending Plan Data Table
A1: Spending Plan Responses for Reporting
A3: FieldName | B3: FieldValue | C3: Item Tag
A4: distname | B4: ='EBF Spending Plan 29-33'!A2 -> WEST CHICAGO SCHOOL DIST 33 | C4: Part I
A5: distid | B5: =IF('EBF Spending Plan 29-33'!O1="","",'EBF Spending Plan 29-33'!O1&"00") -> 1902203300200 | C5: Part I
A6: 1_1 | B6: ='EBF Spending Plan 29-33'!B7 -> By Spring 2027, 39% of students will be at or above the 65% ile on the Reading NWEA MAP assessment, up from a Spring 2026 baseline of 32%. By Spring 2027, 45% of students will be at or above the 65%ile on the Math NWEA MAP assessment, up from at Spring 2026 baseline of 40%. By Spring 2027, 60% of students taking the ACCESS will meet their Progress to Proficiency (PtP). By Spring 2027, 44% of students will be proficient/above proficienct on the English Language Arts IAR, up from a Spring 2026 baseline of 39%. By Spring 2027, 31% of students will be proficient/above proficient on the Math IAR, from a Spring 2026 baseline of 26%. | C6: Part I
A7: 1_2a | B7: ='EBF Spending Plan 29-33'!G11 -> Improve programs, curriculum, and/or learning tools | C7: Part I
A8: 1_2b | B8: ='EBF Spending Plan 29-33'!I11 -> Increase number and/or quality of professional development opportunities | C8: Part I
A9: 1_2c | B9: ='EBF Spending Plan 29-33'!L11 -> Increase number and/or quality of community, parent, and family engagement opportunities | C9: Part I
A10: 1_2d | B10: =IF('EBF Spending Plan 29-33'!G12="","",'EBF Spending Plan 29-33'!G12) | C10: Part I
A11: PYD_ASE | B11: ='EBF Spending Plan 29-33'!G18 -> 3060.37 | C11: PY Distribution
A12: PYD_AT | B12: ='EBF Spending Plan 29-33'!J18 -> 58805016 | C12: PY Distribution
A13: PYD_FR | B13: ='EBF Spending Plan 29-33'!G20 -> 53873879 | C13: PY Distribution
A14: PYD_AP | B14: ='EBF Spending Plan 29-33'!J20 -> 0.91614428 | C14: PY Distribution
A15: PYD_Tier | B15: ='EBF Spending Plan 29-33'!G22 -> 3 | C15: PY Distribution
A16: PYD_BFM | B16: ='EBF Spending Plan 29-33'!G24 -> 26524816 | C16: PY Distribution
A17: PDY_GSC | B17: ='EBF Spending Plan 29-33'!J22 -> 26601804 | C17: PY Distribution
A18: PYD_TF | B18: ='EBF Spending Plan 29-33'!J24 -> 76988.87 | C18: PY Distribution
A19: PYD_LIA | B19: ='EBF Spending Plan 29-33'!G26 -> 6929051.4 | C19: PY Distribution
A20: PYD_ELA | B20: ='EBF Spending Plan 29-33'!G27 -> 2093680.6 | C20: PY Distribution
A21: PYD_SPEDA | B21: ='EBF Spending Plan 29-33'!G28 -> 2066941.4 | C21: PY Distribution
A22: 2_1a | B22: ='EBF Spending Plan 29-33'!G31 -> 71502.05 | C22: Part II
A23: 2_1b | B23: ='EBF Spending Plan 29-33'!H31 -> Actual | C23: Part II
A24: 2_2a | B24: ='EBF Spending Plan 29-33'!G35 -> Student growth and achievement data, disaggregated by student groups | C24: Part II
A25: 2_2b | B25: ='EBF Spending Plan 29-33'!I35 -> Student grades or other local academic performance data | C25: Part II
A26: 2_2c | B26: ='EBF Spending Plan 29-33'!L35 -> Family and community engagement data | C26: Part II
A27: 2_3a | B27: =IF('EBF Spending Plan 29-33'!H37="","",'EBF Spending Plan 29-33'!H37) -> Yes | C27: Part II
A28: 2_3b | B28: =IF('EBF Spending Plan 29-33'!H38="","",'EBF Spending Plan 29-33'!H38) -> Yes | C28: Part II
A29: 2_3c | B29: =IF('EBF Spending Plan 29-33'!H39="","",'EBF Spending Plan 29-33'!H39) | C29: Part II
A30: 2_3d | B30: =IF('EBF Spending Plan 29-33'!H40="","",'EBF Spending Plan 29-33'!H40) | C30: Part II
A31: 2_3e | B31: =IF('EBF Spending Plan 29-33'!K37="","",'EBF Spending Plan 29-33'!K37) -> Yes | C31: Part II
A32: 2_3f | B32: =IF('EBF Spending Plan 29-33'!K38="","",'EBF Spending Plan 29-33'!K38) -> Yes | C32: Part II
A33: 2_3g | B33: =IF('EBF Spending Plan 29-33'!K39="","",'EBF Spending Plan 29-33'!K39) | C33: Part II
A34: 2_3h | B34: =IF('EBF Spending Plan 29-33'!K40="","",'EBF Spending Plan 29-33'!K40) | C34: Part II
A35: 2_3i | B35: =IF('EBF Spending Plan 29-33'!M37="","",'EBF Spending Plan 29-33'!M37) -> Yes | C35: Part II
A36: 2_3j | B36: =IF('EBF Spending Plan 29-33'!M38="","",'EBF Spending Plan 29-33'!M38) -> Yes | C36: Part II
A37: 2_3k | B37: =IF('EBF Spending Plan 29-33'!M39="","",'EBF Spending Plan 29-33'!M39) | C37: Part II
A38: 2_3l | B38: =IF('EBF Spending Plan 29-33'!M40="","",'EBF Spending Plan 29-33'!M40) | C38: Part II
A39: 2_3m | B39: =IF('EBF Spending Plan 29-33'!G41="","",'EBF Spending Plan 29-33'!G41) | C39: Part II
A40: 2_4a | B40: ='EBF Spending Plan 29-33'!G43 -> Core Teachers | C40: Part II
A41: 2_4b | B41: ='EBF Spending Plan 29-33'!I43 -> Core Intervention Teacher | C41: Part II
A42: 2_4c | B42: ='EBF Spending Plan 29-33'!L43 -> Student Activities | C42: Part II
A43: 2_4d | B43: =IF('EBF Spending Plan 29-33'!G44="","",'EBF Spending Plan 29-33'!G44) | C43: Part II
A44: PYAT_1 | B44: ='EBF Spending Plan 29-33'!F52 -> 11961678 | C44: PY Adequacy
A45: PYAT_2 | B45: ='EBF Spending Plan 29-33'!F53 -> 2392335.5 | C45: PY Adequacy
A46: PYAT_3 | B46: ='EBF Spending Plan 29-33'!F54 -> 1163469 | C46: PY Adequacy
A47: PYAT_4 | B47: ='EBF Spending Plan 29-33'!F55 -> 516336.88 | C47: PY Adequacy
A48: PYAT_5 | B48: ='EBF Spending Plan 29-33'!F56 -> 534876.17 | C48: PY Adequacy
A49: PYAT_6 | B49: ='EBF Spending Plan 29-33'!F57 -> 701008.49 | C49: PY Adequacy
A50: PYAT_7 | B50: ='EBF Spending Plan 29-33'!F58 -> 272112.74 | C50: PY Adequacy
A51: PYAT_8 | B51: ='EBF Spending Plan 29-33'!F59 -> 454957.88 | C51: PY Adequacy
A52: PYAT_9 | B52: ='EBF Spending Plan 29-33'!F60 -> 593523.18 | C52: PY Adequacy
A53: PYAT_10 | B53: ='EBF Spending Plan 29-33'!F61 -> 341469.49 | C53: PY Adequacy
A54: PYAT_11 | B54: ='EBF Spending Plan 29-33'!F62 -> 870138.02 | C54: PY Adequacy
A55: PYAT_12 | B55: ='EBF Spending Plan 29-33'!F63 -> 753377.86 | C55: PY Adequacy
... A80: PYAT_STAI | B80: ='EBF Spending Plan 29-33'!F88 -> 14262687 | C80: PY Adequacy
A81: PYAT_T | B81: ='EBF Spending Plan 29-33'!F90 -> 58805016 | C81: PY Adequacy
A82: CYTF_1 | B82: =IF('EBF Spending Plan 29-33'!G52="","",'EBF Spending Plan 29-33'!G52) -> 71502 | C82: Tier Investments
A83: CYTF_2 | B83: =IF('EBF Spending Plan 29-33'!G53="","",'EBF Spending Plan 29-33'!G53) | C83: Tier Investments
A84: CYTF_3 | B84: =IF('EBF Spending Plan 29-33'!G54="","",'EBF Spending Plan 29-33'!G54) | C84: Tier Investments
A85: CYTF_4 | B85: =IF('EBF Spending Plan 29-33'!G55="","",'EBF Spending Plan 29-33'!G55) | C85: Tier Investments
A86: CYTF_5 | B86: =IF('EBF Spending Plan 29-33'!G56="","",'EBF Spending Plan 29-33'!G56) | C86: Tier Investments
A87: CYTF_6 | B87: =IF('EBF Spending Plan 29-33'!G57="","",'EBF Spending Plan 29-33'!G57) | C87: Tier Investments
A88: CYTF_7 | B88: =IF('EBF Spending Plan 29-33'!G58="","",'EBF Spending Plan 29-33'!G58) | C88: Tier Investments
A89: CYTF_8 | B89: =IF('EBF Spending Plan 29-33'!G59="","",'EBF Spending Plan 29-33'!G59) | C89: Tier Investments
A90: CYTF_9 | B90: =IF('EBF Spending Plan 29-33'!G60="","",'EBF Spending Plan 29-33'!G60) | C90: Tier Investments
A91: CYTF_10 | B91: =IF('EBF Spending Plan 29-33'!G61="","",'EBF Spending Plan 29-33'!G61) | C91: Tier Investments
A92: CYTF_11 | B92: =IF('EBF Spending Plan 29-33'!G62="","",'EBF Spending Plan 29-33'!G62) | C92: Tier Investments
A93: CYTF_12 | B93: =IF('EBF Spending Plan 29-33'!G63="","",'EBF Spending Plan 29-33'!G63) | C93: Tier Investments
A94: CYTF_13 | B94: =IF('EBF Spending Plan 29-33'!G64="","",'EBF Spending Plan 29-33'!G64) | C94: Tier Investments
A95: CYTF_STCI | B95: ='EBF Spending Plan 29-33'!G65 -> 71502 | C95: Tier Investments
A96: CYTF_14 | B96: =IF('EBF Spending Plan 29-33'!G66="","",'EBF Spending Plan 29-33'!G66) | C96: Tier Investments
A97: CYTF_15 | B97: =IF('EBF Spending Plan 29-33'!G67="","",'EBF Spending Plan 29-33'!G67) | C97: Tier Investments
A98: CYTF_16 | B98: =IF('EBF Spending Plan 29-33'!G68="","",'EBF Spending Plan 29-33'!G68) | C98: Tier Investments
A99: CYTF_17 | B99: =IF('EBF Spending Plan 29-33'!G69="","",'EBF Spending Plan 29-33'!G69) | C99: Tier Investments
A100: CYTF_18 | B100: =IF('EBF Spending Plan 29-33'!G70="","",'EBF Spending Plan 29-33'!G70) | C100: Tier Investments
A101: CYTF_19 | B101: =IF('EBF Spending Plan 29-33'!G71="","",'EBF Spending Plan 29-33'!G71) | C101: Tier Investments
A102: CYTF_20 | B102: =IF('EBF Spending Plan 29-33'!G72="","",'EBF Spending Plan 29-33'!G72) | C102: Tier Investments
A103: CYTF_21 | B103: =IF('EBF Spending Plan 29-33'!G73="","",'EBF Spending Plan 29-33'!G73) | C103: Tier Investments
A104: CYTF_22 | B104: =IF('EBF Spending Plan 29-33'!G74="","",'EBF Spending Plan 29-33'!G74) | C104: Tier Investments
A105: CYTF_STPSI | B105: ='EBF Spending Plan 29-33'!G75 | C105: Tier Investments
A106: CYTF_23 | B106: =IF('EBF Spending Plan 29-33'!G76="","",'EBF Spending Plan 29-33'!G76) | C106: Tier Investments
A107: CYTF_24 | B107: =IF('EBF Spending Plan 29-33'!G77="","",'EBF Spending Plan 29-33'!G77) | C107: Tier Investments
A108: CYTF_25 | B108: =IF('EBF Spending Plan 29-33'!G78="","",'EBF Spending Plan 29-33'!G78) | C108: Tier Investments
A109: CYTF_26 | B109: =IF('EBF Spending Plan 29-33'!G79="","",'EBF Spending Plan 29-33'!G79) | C109: Tier Investments
A110: CYTF_27 | B110: =IF('EBF Spending Plan 29-33'!G80="","",'EBF Spending Plan 29-33'!G80) | C110: Tier Investments
A111: CYTF_28 | B111: =IF('EBF Spending Plan 29-33'!G81="","",'EBF Spending Plan 29-33'!G81) | C111: Tier Investments
A112: CYTF_29 | B112: =IF('EBF Spending Plan 29-33'!G82="","",'EBF Spending Plan 29-33'!G82) | C112: Tier Investments
A113: CYTF_30 | B113: =IF('EBF Spending Plan 29-33'!G83="","",'EBF Spending Plan 29-33'!G83) | C113: Tier Investments
A114: CYTF_31 | B114: =IF('EBF Spending Plan 29-33'!G84="","",'EBF Spending Plan 29-33'!G84) | C114: Tier Investments
A115: CYTF_32 | B115: =IF('EBF Spending Plan 29-33'!G85="","",'EBF Spending Plan 29-33'!G85) | C115: Tier Investments
A116: CYTF_33 | B116: =IF('EBF Spending Plan 29-33'!G86="","",'EBF Spending Plan 29-33'!G86) | C116: Tier Investments
A117: CYTF_34 | B117: =IF('EBF Spending Plan 29-33'!G87="","",'EBF Spending Plan 29-33'!G87) | C117: Tier Investments
A118: CYTF_STAI | B118: ='EBF Spending Plan 29-33'!G88 | C118: Tier Investments
A119: CYTF_Other | B119: =IF('EBF Spending Plan 29-33'!G89="","",'EBF Spending Plan 29-33'!G89) | C119: Tier Investments
A120: CYTF_T | B120: ='EBF Spending Plan 29-33'!G90 -> 71502 | C120: Tier Investments
A121: CYBE_1 | B121: =IF('EBF Spending Plan 29-33'!H52="","",'EBF Spending Plan 29-33'!H52) | C121: Budget Investments
A122: CYBE_2 | B122: =IF('EBF Spending Plan 29-33'!H53="","",'EBF Spending Plan 29-33'!H53) | C122: Budget Investments
A123: CYBE_3 | B123: =IF('EBF Spending Plan 29-33'!H54="","",'EBF Spending Plan 29-33'!H54) | C123: Budget Investments
A124: CYBE_4 | B124: =IF('EBF Spending Plan 29-33'!H55="","",'EBF Spending Plan 29-33'!H55) | C124: Budget Investments
A125: CYBE_5 | B125: =IF('EBF Spending Plan 29-33'!H56="","",'EBF Spending Plan 29-33'!H56) | C125: Budget Investments
...

Sheet District Drop-down
A1: School District/Joint Agreement (H13 Result) | B1: RCDT - H14 Result | C1: County - N24 Result | D1: SD or JA -(formula in N14) B2 & B3 Result | E1: RCDT | F1: Type Code
A2: A E R O Spec Educ Coop | B2: 07016806060 | C2: Cook | D2: JA | E2: 07016806060 | F2: 60
A3: Abingdon-Avon CUSD 276 | B3: 33048276026 | C3: Knox | D3: SD | E3: 33048276026 | F3: 26
A4: A-C Central CUSD 262 | B4: 01009262026 | C4: Cass | D4: SD | E4: 01009262026 | F4: 26
A5: Addison SD 4 | B5: 19022004002 | C5: Dupage | D5: SD | E5: 19022004002 | F5: 02
A6: Adlai E Stevenson HSD 125 | B6: 34049125013 | C6: Lake | D6: SD | E6: 34049125013 | F6: 13
A7: Akin CCSD 91 | B7: 21028091004 | C7: Franklin | D7: SD | E7: 21028091004 | F7: 04
A8: Albers SD 63 | B8: 13014063002 | C8: Clinton | D8: SD | E8: 13014063002 | F8: 02
A9: Alden Hebron SD 19 | B9: 44063019024 | C9: McHenry | D9: SD | E9: 44063019024 | F9: 24
A10: Allendale CCSD 17 | B10: 20093017024 | C10: Wabash | D10: SD | E10: 20093017024 | F10: 24
A11: Allen-Otter Creek CCSD 65 | B11: 35050065004 | C11: La Salle | D11: SD | E11: 35050065004 | F11: 04
A12: Alsip-Hazlgrn-Oaklwn SD 126 | B12: 07016126002 | C12: Cook | D12: SD | E12: 07016126002 | F12: 02
... A402: Hoover-Schrum Memorial SD 157 | B402: 07016157002 | C402: Cook | D402: SD | E402: 07016157002 | F402: 02
A403: Hope Wall Joint Agreement | B403: 31045129061 | C403: Kane | D403: JA | E403: 31045129061 | F403: 61
A404: Huntley Community School District 158 | B404: 44063158022 | C404: McHenry | D404: SD | E404: 44063158022 | F404: 22
A405: Hutsonville CUSD 1 | B405: 12017001026 | C405: Crawford | D405: SD | E405: 12017001026 | F405: 26
A406: IL Spec Ed Charter Coop | B406: 15016225061 | C406: Cook | D406: JA | E406: 15016225061 | F406: 61
A407: Il Valley Central USD 321 | B407: 48072321026 | C407: Peoria | D407: SD | E407: 48072321026 | F407: 26
A408: Illini Bluffs CUSD 327 | B408: 48072327026 | C408: Peoria | D408: SD | E408: 48072327026 | F408: 26
A409: Illini Central CUSD 189 | B409: 53060189026 | C409: Mason | D409: SD | E409: 53060189026 | F409: 26
A410: Illini West H S Dist 307 | B410: 26034307016 | C410: Hancock | D410: SD | E410: 26034307016 | F410: 16
A411: Indian Creek CUSD 425 | B411: 16019425026 | C411: Dekalb | D411: SD | E411: 16019425026 | F411: 26
A412: Indian Prairie CUSD 204 | B412: 19022204026 | C412: Dupage | D412: SD | E412: 19022204026 | F412: 26
A413: Indian Springs SD 109 | B413: 07016109002 | C413: Cook | D413: SD | E413: 07016109002 | F413: 02
A414: Indian Valley Area Voc Ctr | B414: 16019430040 | C414: Dekalb | D414: JA | E414: 16019430040 | F414: 40
A415: Iroquois Area Reg Del System | B415: 32000000047 | C415: Iroquois | D415: JA | E415: 32000000047 | F415: 47
... A997: Zion-Benton Twp HSD 126 | B997: 34049126017 | C997: Lake | D997: SD | E997: 34049126017 | F997: 17

Sheet B27
A1: School District Name | B1: =Cover!J13 -> West Chicago ESD 33 | D1: =E1=B1 -> TRUE | E1: {=IF(F1<>"",INDIRECT("'"&F1&"'!"&G1),"")} -> West Chicago ESD 33 | F1: Cover | G1: J13 | I1: =IF(COUNTIF(D:D,"FALSE")<>0,"Problem",IF(COUNTIF(D:D,"#REF!")<>0,"Problem","All Good")) -> All Good | K1: Fiscal Year
A2: School District ID | B2: =Cover!J14 -> 19022033002 | D2: =E2=B2 -> TRUE | E2: {=IF(F2<>"",INDIRECT("'"&F2&"'!"&G2),"")} -> 19022033002 | F2: Cover | G2: J14 | K2: 2027
A3: Accounting Basis | B3: =Cover!B6 -> 0 | D3: =E3=B3 -> TRUE | E3: {=IF(F3<>"",INDIRECT("'"&F3&"'!"&G3),"")} -> 0 | F3: Cover | G3: B6 | K3: JA Due to ISBE | M3: SD Due to ISBE | P3: =IF(Cover!B2="x",1,0) -> 1
A4: Is this a School District? (YES) | B4: =IF(P3=0,0,"x") -> x | D4: =E4=B4 -> TRUE | E4: =IF(P3=0,0,"x") -> x | F4: IF(Q30,0,"x") | K4: 44834 | L4: 2026 | M4: 44865 | N4: 2026 | P4: =IF(Cover!B3="x",1,0) -> 0
A5: Is this a Joint Agreement? (YES) | B5: =IF(P4=0,0,"x") -> 0 | D5: =E5=B5 -> TRUE | E5: =IF(P4=0,0,"x") -> 0 | F5: IF(Q40,0,"x")
A6: 1 | B6: ='BudgetSum 2-4'!C18 -> 0 | D6: =E6=B6 -> TRUE | E6: {=IF(F6<>"",INDIRECT("'"&F6&"'!"&G6),"")} -> 0 | F6: BudgetSum 2-4 | G6: C18
A7: 2 | B7: ='BudgetSum 2-4'!D18 -> 0 | D7: =E7=B7 -> TRUE | E7: {=IF(F7<>"",INDIRECT("'"&F7&"'!"&G7),"")} -> 0 | F7: BudgetSum 2-4 | G7: D18
A8: 3 | B8: ='BudgetSum 2-4'!E18 -> 0 | D8: =E8=B8 -> TRUE | E8: {=IF(F8<>"",INDIRECT("'"&F8&"'!"&G8),"")} -> 0 | F8: BudgetSum 2-4 | G8: E18
A9: 4 | B9: ='BudgetSum 2-4'!F18 -> 0 | D9: =E9=B9 -> TRUE | E9: {=IF(F9<>"",INDIRECT("'"&F9&"'!"&G9),"")} -> 0 | F9: BudgetSum 2-4 | G9: F18
A10: 5 | B10: ='BudgetSum 2-4'!G18 -> 0 | D10: =E10=B10 -> TRUE | E10: {=IF(F10<>"",INDIRECT("'"&F10&"'!"&G10),"")} -> 0 | F10: BudgetSum 2-4 | G10: G18
A11: 6 | B11: ='BudgetSum 2-4'!H18 -> 0 | D11: =E11=B11 -> TRUE | E11: {=IF(F11<>"",INDIRECT("'"&F11&"'!"&G11),"")} -> 0 | F11: BudgetSum 2-4 | G11: H18
A12: 7 | B12: ='BudgetSum 2-4'!K18 -> 0 | D12: =E12=B12 -> TRUE | E12: {=IF(F12<>"",INDIRECT("'"&F12&"'!"&G12),"")} -> 0 | F12: BudgetSum 2-4 | G12: K18
A13: 8 | B13: ='CashSum 5'!C4 -> 78062215 | D13: =E13=B13 -> TRUE | E13: {=IF(F13<>"",INDIRECT("'"&F13&"'!"&G13),"")} -> 78062215 | F13: CashSum 5 | G13: C4
A14: 9 | B14: ='CashSum 5'!C7 -> 0 | D14: =E14=B14 -> TRUE | E14: {=IF(F14<>"",INDIRECT("'"&F14&"'!"&G14),"")} -> 0 | F14: CashSum 5 | G14: C7
A15: 10 | B15: ='CashSum 5'!C10 -> 0 | D15: =E15=B15 -> TRUE | E15: {=IF(F15<>"",INDIRECT("'"&F15&"'!"&G15),"")} -> 0 | F15: CashSum 5 | G15: C10
A16: 11 | B16: ='CashSum 5'!C11 -> 78062215 | D16: =E16=B16 -> TRUE | E16: {=IF(F16<>"",INDIRECT("'"&F16&"'!"&G16),"")} -> 78062215 | F16: CashSum 5 | G16: C11
A17: 12 | B17: ='CashSum 5'!C12 -> 126607293 | D17: =E17=B17 -> TRUE | E17: {=IF(F17<>"",INDIRECT("'"&F17&"'!"&G17),"")} -> 126607293 | F17: CashSum 5 | G17: C12
A18: 13 | B18: ='CashSum 5'!C13 -> 69196138 | D18: =E18=B18 -> TRUE | E18: {=IF(F18<>"",INDIRECT("'"&F18&"'!"&G18),"")} -> 69196138 | F18: CashSum 5 | G18: C13
A19: 14 | B19: ='CashSum 5'!C15 -> 0 | D19: =E19=B19 -> TRUE | E19: {=IF(F19<>"",INDIRECT("'"&F19&"'!"&G19),"")} -> 0 | F19: CashSum 5 | G19: C15
A20: 15 | B20: ='CashSum 5'!C16 -> 0 | D20: =E20=B20 -> TRUE | E20: {=IF(F20<>"",INDIRECT("'"&F20&"'!"&G20),"")} -> 0 | F20: CashSum 5 | G20: C16
A21: 16 | C21: Close 2008 | E21: {=IF(F21<>"",INDIRECT("'"&F21&"'!"&G21),"")}
A22: 17 | B22: ='CashSum 5'!C17 -> 0 | D22: =E22=B22 -> TRUE | E22: {=IF(F22<>"",INDIRECT("'"&F22&"'!"&G22),"")} -> 0 | F22: CashSum 5 | G22: C17
A23: 18 | B23: ='CashSum 5'!C8 -> 0 | D23: =E23=B23 -> TRUE | E23: {=IF(F23<>"",INDIRECT("'"&F23&"'!"&G23),"")} -> 0 | F23: CashSum 5 | G23: C8
A24: 19 | C24: Close 2008 | E24: {=IF(F24<>"",INDIRECT("'"&F24&"'!"&G24),"")}
A25: 20 | C25: Close 2008 | E25: {=IF(F25<>"",INDIRECT("'"&F25&"'!"&G25),"")}
A26: 21 | B26: ='CashSum 5'!C18 -> 0 | D26: =E26=B26 -> TRUE | E26: {=IF(F26<>"",INDIRECT("'"&F26&"'!"&G26),"")} -> 0 | F26: CashSum 5 | G26: C18
A27: 22 | B27: ='CashSum 5'!C19 -> 0 | D27: =E27=B27 -> TRUE | E27: {=IF(F27<>"",INDIRECT("'"&F27&"'!"&G27),"")} -> 0 | F27: CashSum 5 | G27: C19
A28: 23 | B28: ='CashSum 5'!C20 -> 69196138 | D28: =E28=B28 -> TRUE | E28: {=IF(F28<>"",INDIRECT("'"&F28&"'!"&G28),"")} -> 69196138 | F28: CashSum 5 | G28: C20
A29: 24 | B29: ='CashSum 5'!C21 -> 57411155 | D29: =E29=B29 -> TRUE | E29: {=IF(F29<>"",INDIRECT("'"&F29&"'!"&G29),"")} -> 57411155 | F29: CashSum 5 | G29: C21
A30: 25 | B30: ='CashSum 5'!D4 -> 5643399 | D30: =E30=B30 -> TRUE | E30: {=IF(F30<>"",INDIRECT("'"&F30&"'!"&G30),"")} -> 5643399 | F30: CashSum 5 | G30: D4
A31: 26 | B31: ='CashSum 5'!D7 -> 0 | D31: =E31=B31 -> TRUE | E31: {=IF(F31<>"",INDIRECT("'"&F31&"'!"&G31),"")} -> 0 | F31: CashSum 5 | G31: D7
A32: 27 | B32: ='CashSum 5'!D10 -> 0 | D32: =E32=B32 -> TRUE | E32: {=IF(F32<>"",INDIRECT("'"&F32&"'!"&G32),"")} -> 0 | F32: CashSum 5 | G32: D10
A33: 28 | B33: ='CashSum 5'!D11 -> 5643399 | D33: =E33=B33 -> TRUE | E33: {=IF(F33<>"",INDIRECT("'"&F33&"'!"&G33),"")} -> 5643399 | F33: CashSum 5 | G33: D11
A34: 29 | B34: ='CashSum 5'!D12 -> 9408813 | D34: =E34=B34 -> TRUE | E34: {=IF(F34<>"",INDIRECT("'"&F34&"'!"&G34),"")} -> 9408813 | F34: CashSum 5 | G34: D12
A35: 30 | B35: ='CashSum 5'!D13 -> 5201594 | D35: =E35=B35 -> TRUE | E35: {=IF(F35<>"",INDIRECT("'"&F35&"'!"&G35),"")} -> 5201594 | F35: CashSum 5 | G35: D13
A36: 31 | B36: ='CashSum 5'!D15 -> 0 | D36: =E36=B36 -> TRUE | E36: {=IF(F36<>"",INDIRECT("'"&F36&"'!"&G36),"")} -> 0 | F36: CashSum 5 | G36: D15
A37: 32 | B37: ='CashSum 5'!D16 -> 0 | D37: =E37=B37 -> TRUE | E37: {=IF(F37<>"",INDIRECT("'"&F37&"'!"&G37),"")} -> 0 | F37: CashSum 5 | G37: D16
A38: 33 | C38: Close 2008 | E38: {=IF(F38<>"",INDIRECT("'"&F38&"'!"&G38),"")}
A39: 34 | B39: ='CashSum 5'!D17 -> 0 | D39: =E39=B39 -> TRUE | E39: {=IF(F39<>"",INDIRECT("'"&F39&"'!"&G39),"")} -> 0 | F39: CashSum 5 | G39: D17
A40: 35 | C40: Close 2008 | E40: {=IF(F40<>"",INDIRECT("'"&F40&"'!"&G40),"")}
A41: 36 | C41: Close 2008 | E41: {=IF(F41<>"",INDIRECT("'"&F41&"'!"&G41),"")}
A42: 37 | C42: Close 2008 | E42: {=IF(F42<>"",INDIRECT("'"&F42&"'!"&G42),"")}
A43: 38 | B43: ='CashSum 5'!D18 -> 0 | D43: =E43=B43 -> TRUE | E43: {=IF(F43<>"",INDIRECT("'"&F43&"'!"&G43),"")} -> 0 | F43: CashSum 5 | G43: D18
A44: 39 | B44: ='CashSum 5'!D19 -> 0 | D44: =E44=B44 -> TRUE | E44: {=IF(F44<>"",INDIRECT("'"&F44&"'!"&G44),"")} -> 0 | F44: CashSum 5 | G44: D19
A45: 40 | B45: ='CashSum 5'!D20 -> 5201594 | D45: =E45=B45 -> TRUE | E45: {=IF(F45<>"",INDIRECT("'"&F45&"'!"&G45),"")} -> 5201594 | F45: CashSum 5 | G45: D20
A46: 41 | B46: ='CashSum 5'!D21 -> 4207219 | D46: =E46=B46 -> TRUE | E46: {=IF(F46<>"",INDIRECT("'"&F46&"'!"&G46),"")} -> 4207219 | F46: CashSum 5 | G46: D21
A47: 42 | B47: ='CashSum 5'!E4 -> 2649096 | D47: =E47=B47 -> TRUE | E47: {=IF(F47<>"",INDIRECT("'"&F47&"'!"&G47),"")} -> 2649096 | F47: CashSum 5 | G47: E4
A48: 43 | B48: ='CashSum 5'!E10 -> 0 | D48: =E48=B48 -> TRUE | E48: {=IF(F48<>"",INDIRECT("'"&F48&"'!"&G48),"")} -> 0 | F48: CashSum 5 | G48: E10
A49: 44 | B49: ='CashSum 5'!E11 -> 2649096 | D49: =E49=B49 -> TRUE | E49: {=IF(F49<>"",INDIRECT("'"&F49&"'!"&G49),"")} -> 2649096 | F49: CashSum 5 | G49: E11
A50: 45 | B50: ='CashSum 5'!E12 -> 4512997 | D50: =E50=B50 -> TRUE | E50: {=IF(F50<>"",INDIRECT("'"&F50&"'!"&G50),"")} -> 4512997 | F50: CashSum 5 | G50: E12
A51: 46 | B51: ='CashSum 5'!E13 -> 2615000 | D51: =E51=B51 -> TRUE | E51: {=IF(F51<>"",INDIRECT("'"&F51&"'!"&G51),"")} -> 2615000 | F51: CashSum 5 | G51: E13
A52: 47 | B52: ='CashSum 5'!E16 -> 0 | D52: =E52=B52 -> TRUE | E52: {=IF(F52<>"",INDIRECT("'"&F52&"'!"&G52),"")} -> 0 | F52: CashSum 5 | G52: E16
A53: 48 | C53: Close 2008 | E53: {=IF(F53<>"",INDIRECT("'"&F53&"'!"&G53),"")}
A54: 49 | C54: Close 2008 | E54: {=IF(F54<>"",INDIRECT("'"&F54&"'!"&G54),"")}
A55: 50 | B55: ='CashSum 5'!D8 -> 0 | D55: =E55=B55 -> TRUE | E55: {=IF(F55<>"",INDIRECT("'"&F55&"'!"&G55),"")} -> 0 | F55: CashSum 5 | G55: D8
A56: 51 | C56: Close 2008 | E56: {=IF(F56<>"",INDIRECT("'"&F56&"'!"&G56),"")}
A57: 52 | B57: ='CashSum 5'!E18 -> 0 | D57: =E57=B57 -> TRUE | E57: {=IF(F57<>"",INDIRECT("'"&F57&"'!"&G57),"")} -> 0 | F57: CashSum 5 | G57: E18
A58: 53 | B58: ='CashSum 5'!E19 -> 0 | D58: =E58=B58 -> TRUE | E58: {=IF(F58<>"",INDIRECT("'"&F58&"'!"&G58),"")} -> 0 | F58: CashSum 5 | G58: E19
A59: 54 | B59: ='CashSum 5'!E20 -> 2615000 | D59: =E59=B59 -> TRUE | E59: {=IF(F59<>"",INDIRECT("'"&F59&"'!"&G59),"")} -> 2615000 | F59: CashSum 5 | G59: E20
A60: 55 | B60: ='CashSum 5'!E21 -> 1897997 | D60: =E60=B60 -> TRUE | E60: {=IF(F60<>"",INDIRECT("'"&F60&"'!"&G60),"")} -> 1897997 | F60: CashSum 5 | G60: E21
A61: 56 | B61: ='CashSum 5'!F4 -> 6479291 | D61: =E61=B61 -> TRUE | E61: {=IF(F61<>"",INDIRECT("'"&F61&"'!"&G61),"")} -> 6479291 | F61: CashSum 5 | G61: F4
A62: 57 | B62: ='CashSum 5'!F7 -> 0 | D62: =E62=B62 -> TRUE | E62: {=IF(F62<>"",INDIRECT("'"&F62&"'!"&G62),"")} -> 0 | F62: CashSum 5 | G62: F7
A63: 58 | B63: ='CashSum 5'!F10 -> 0 | D63: =E63=B63 -> TRUE | E63: {=IF(F63<>"",INDIRECT("'"&F63&"'!"&G63),"")} -> 0 | F63: CashSum 5 | G63: F10
A64: 59 | B64: ='CashSum 5'!F11 -> 6479291 | D64: =E64=B64 -> TRUE | E64: {=IF(F64<>"",INDIRECT("'"&F64&"'!"&G64),"")} -> 6479291 | F64: CashSum 5 | G64: F11
A65: 60 | B65: ='CashSum 5'!F12 -> 9889856 | D65: =E65=B65 -> TRUE | E65: {=IF(F65<>"",INDIRECT("'"&F65&"'!"&G65),"")} -> 9889856 | F65: CashSum 5 | G65: F12
A66: 61 | B66: ='CashSum 5'!F13 -> 6109100 | D66: =E66=B66 -> TRUE | E66: {=IF(F66<>"",INDIRECT("'"&F66&"'!"&G66),"")} -> 6109100 | F66: CashSum 5 | G66: F13
A67: 62 | B67: ='CashSum 5'!F15 -> 0 | D67: =E67=B67 -> TRUE | E67: {=IF(F67<>"",INDIRECT("'"&F67&"'!"&G67),"")} -> 0 | F67: CashSum 5 | G67: F15
A68: 63 | B68: ='CashSum 5'!F16 -> 0 | D68: =E68=B68 -> TRUE | E68: {=IF(F68<>"",INDIRECT("'"&F68&"'!"&G68),"")} -> 0 | F68: CashSum 5 | G68: F16
A69: 64 | C69: Close 2008 | E69: {=IF(F69<>"",INDIRECT("'"&F69&"'!"&G69),"")}
A70: 65 | B70: ='CashSum 5'!F17 -> 0 | D70: =E70=B70 -> TRUE | E70: {=IF(F70<>"",INDIRECT("'"&F70&"'!"&G70),"")} -> 0 | F70: CashSum 5 | G70: F17
A71: 66 | C71: Close 2008 | E71: {=IF(F71<>"",INDIRECT("'"&F71&"'!"&G71),"")}
A72: 67 | C72: Close 2008 | E72: {=IF(F72<>"",INDIRECT("'"&F72&"'!"&G72),"")}
A73: 68 | C73: Close 2008 | E73: {=IF(F73<>"",INDIRECT("'"&F73&"'!"&G73),"")}
A74: 69 | B74: ='CashSum 5'!F18 -> 0 | D74: =E74=B74 -> TRUE | E74: {=IF(F74<>"",INDIRECT("'"&F74&"'!"&G74),"")} -> 0 | F74: CashSum 5 | G74: F18
A75: 70 | B75: ='CashSum 5'!F19 -> 0 | D75: =E75=B75 -> TRUE | E75: {=IF(F75<>"",INDIRECT("'"&F75&"'!"&G75),"")} -> 0 | F75: CashSum 5 | G75: F19
A76: 71 | B76: ='CashSum 5'!F20 -> 6109100 | D76: =E76=B76 -> TRUE | E76: {=IF(F76<>"",INDIRECT("'"&F76&"'!"&G76),"")} -> 6109100 | F76: CashSum 5 | G76: F20
A77: 72 | B77: ='CashSum 5'!F21 -> 3780756 | D77: =E77=B77 -> TRUE | E77: {=IF(F77<>"",INDIRECT("'"&F77&"'!"&G77),"")} -> 3780756 | F77: CashSum 5 | G77: F21
A78: 73 | B78: ='CashSum 5'!G4 -> 1155921 | D78: =E78=B78 -> TRUE | E78: {=IF(F78<>"",INDIRECT("'"&F78&"'!"&G78),"")} -> 1155921 | F78: CashSum 5 | G78: G4
A79: 74 | B79: ='CashSum 5'!G10 -> 0 | D79: =E79=B79 -> TRUE | E79: {=IF(F79<>"",INDIRECT("'"&F79&"'!"&G79),"")} -> 0 | F79: CashSum 5 | G79: G10
A80: 75 | B80: ='CashSum 5'!G11 -> 1155921 | D80: =E80=B80 -> TRUE | E80: {=IF(F80<>"",INDIRECT("'"&F80&"'!"&G80),"")} -> 1155921 | F80: CashSum 5 | G80: G11
A81: 76 | B81: ='CashSum 5'!G12 -> 3537885 | D81: =E81=B81 -> TRUE | E81: {=IF(F81<>"",INDIRECT("'"&F81&"'!"&G81),"")} -> 3537885 | F81: CashSum 5 | G81: G12
A82: 77 | B82: ='CashSum 5'!G13 -> 2654309 | D82: =E82=B82 -> TRUE | E82: {=IF(F82<>"",INDIRECT("'"&F82&"'!"&G82),"")} -> 2654309 | F82: CashSum 5 | G82: G13
A83: 78 | B83: ='CashSum 5'!G16 -> 0 | D83: =E83=B83 -> TRUE | E83: {=IF(F83<>"",INDIRECT("'"&F83&"'!"&G83),"")} -> 0 | F83: CashSum 5 | G83: G16
A84: 79 | C84: Close 2008 | E84: {=IF(F84<>"",INDIRECT("'"&F84&"'!"&G84),"")}
A85: 80 | B85: ='CashSum 5'!G17 -> 0 | D85: =E85=B85 -> TRUE | E85: {=IF(F85<>"",INDIRECT("'"&F85&"'!"&G85),"")} -> 0 | F85: CashSum 5 | G85: G17
A86: 81 | C86: Closed | E86: {=IF(F86<>"",INDIRECT("'"&F86&"'!"&G86),"")}
A87: 82 | C87: Close 2008 | E87: {=IF(F87<>"",INDIRECT("'"&F87&"'!"&G87),"")}
A88: 83 | B88: ='CashSum 5'!G18 -> 0 | D88: =E88=B88 -> TRUE | E88: {=IF(F88<>"",INDIRECT("'"&F88&"'!"&G88),"")} -> 0 | F88: CashSum 5 | G88: G18
A89: 84 | B89: ='CashSum 5'!G19 -> 0 | D89: =E89=B89 -> TRUE | E89: {=IF(F89<>"",INDIRECT("'"&F89&"'!"&G89),"")} -> 0 | F89: CashSum 5 | G89: G19
A90: 85 | B90: ='CashSum 5'!G20 -> 2654309 | D90: =E90=B90 -> TRUE | E90: {=IF(F90<>"",INDIRECT("'"&F90&"'!"&G90),"")} -> 2654309 | F90: CashSum 5 | G90: G20
A91: 86 | B91: ='CashSum 5'!G21 -> 883576 | D91: =E91=B91 -> TRUE | E91: {=IF(F91<>"",INDIRECT("'"&F91&"'!"&G91),"")} -> 883576 | F91: CashSum 5 | G91: G21
A92: 87 | B92: ='CashSum 5'!H4 -> 0 | D92: =E92=B92 -> TRUE | E92: {=IF(F92<>"",INDIRECT("'"&F92&"'!"&G92),"")} -> 0 | F92: CashSum 5 | G92: H4
A93: 88 | B93: ='CashSum 5'!H10 -> 0 | D93: =E93=B93 -> TRUE | E93: {=IF(F93<>"",INDIRECT("'"&F93&"'!"&G93),"")} -> 0 | F93: CashSum 5 | G93: H10
A94: 89 | B94: ='CashSum 5'!H11 -> 0 | D94: =E94=B94 -> TRUE | E94: {=IF(F94<>"",INDIRECT("'"&F94&"'!"&G94),"")} -> 0 | F94: CashSum 5 | G94: H11
A95: 90 | B95: ='CashSum 5'!H12 -> 5840803 | D95: =E95=B95 -> TRUE | E95: {=IF(F95<>"",INDIRECT("'"&F95&"'!"&G95),"")} -> 5840803 | F95: CashSum 5 | G95: H12
A96: 91 | B96: ='CashSum 5'!H13 -> 4700000 | D96: =E96=B96 -> TRUE | E96: {=IF(F96<>"",INDIRECT("'"&F96&"'!"&G96),"")} -> 4700000 | F96: CashSum 5 | G96: H13
A97: 92 | B97: ='CashSum 5'!H16 -> 0 | D97: =E97=B97 -> TRUE | E97: {=IF(F97<>"",INDIRECT("'"&F97&"'!"&G97),"")} -> 0 | F97: CashSum 5 | G97: H16
A98: 93 | C98: Close 2008 | E98: {=IF(F98<>"",INDIRECT("'"&F98&"'!"&G98),"")}
A99: 94 | B99: ='CashSum 5'!H19 -> 0 | D99: =E99=B99 -> TRUE | E99: {=IF(F99<>"",INDIRECT("'"&F99&"'!"&G99),"")} -> 0 | F99: CashSum 5 | G99: H19
A100: 95 | B100: ='CashSum 5'!H20 -> 4700000 | D100: =E100=B100 -> TRUE | E100: {=IF(F100<>"",INDIRECT("'"&F100&"'!"&G100),"")} -> 4700000 | F100: CashSum 5 | G100: H20
...

Sheet FY 26 Data for FY 27
A1: 1 | B1: 2 | C1: 3 | D1: 4 | E1: 5 | F1: 6 | G1: 7 | H1: 8 | I1: 9 | J1: 10 | K1: 11 | L1: 12 | M1: 13 | N1: 14 | O1: 15 | P1: 16 | Q1: 17 | R1: 18 | S1: 19 | T1: 20 | U1: 21 | V1: 22 | W1: 23 | X1: 24 | Y1: 25 | Z1: 26 | AA1: 27 | AB1: 28 | AC1: 29 | AD1: 30 | AE1: 31 | AF1: 32 | AG1: 33 | AH1: 34 | AI1: 35 | AJ1: 36 | AK1: 37 | AL1: 38 | AM1: 39 | AN1: 40 | AO1: 41 | AP1: 42 | AQ1: 43 | AR1: 44 | AS1: 45 | AT1: 46 | AU1: 47 | AV1: 48 | AW1: 49 | AX1: 50 | AY1: 51 | AZ1: 52 | BA1: 53 | BB1: 54 | BC1: 55
A2: District ID | B2: District Name | C2: ASE | D2: Final Adequacy Target (Adjusted for Regionalization Factor) | E2: Final Resources | F2: Final Adequacy Level | G2: Tier Assignment | H2: Calculated New FY 26 Funding (Tier Funding) | I2: Gross Base Funding Minimum | J2: Total Gross FY 26 State Contribution | K2: Regionalization Factor (CWI) | L2: Core Teachers | M2: Specialist Teacher | N2: Instructional Facilitator | O2: Core Intervention Teacher | P2: Substitute Teachers | Q2: Guidance Counselor | R2: Nurse | S2: Supervisory Aide | T2: Librarian | U2: Librarian Aide | V2: Principal | W2: Assistant Principal | X2: School Site Staff | Y2: Total Core Investment Cost | Z2: Gifted | AA2: Professional Development | AB2: Instructional Materials | AC2: Assessments | AD2: Computer & Tech Equip | AE2: Student Activities | AF2: Maintenance & Operations | AG2: Central Office | AH2: Employee Benefits | AI2: Total Cost | AJ2: Total Salary Portion of Central Office and O&M Subject to CWI | AK2: Total Cost NOT Subject to CWI | AL2: Total Adjusted FY 26 Per Student Investments | AM2: LI Intervention Teacher | AN2: LI Pupil Support Staff | AO2: LI Extended Day Teacher | AP2: LI Summer School Teacher | AQ2: EL Intervention Teacher | AR2: EL Pupil Support Staff | AS2: EL Extended Day Teacher | AT2: EL Summer School Teacher | AU2: EL Core Teacher | AV2: Sp Ed Teacher | AW2: Sp Ed Instructional Assistant | AX2: Sp Ed Psychologist | AY2: Total FY 25 Additional Investments | AZ2: Final Adjusted Adequacy Target | BA2: Total Allocation of Low-Income Funds from State Contribution | BB2: Total Allocation of EL Funds from State Contribution | BC2: Total Allocation of Sp Ed Funds from FY 23 State Contribution
B3: ADAM/BRW/CS/MRGN/PK/SCT ROE - TAOEP | C3: 33 | D3: 520585.97 | E3: 388023.28 | F3: 0.7453587 | G3: 1 | H3: 6778.59 | I3: 335964.69 | J3: 342743.28 | K3: 0.9 | L3: 109839.88 | M3: 36609.63 | N3: 12204.43 | O3: 3813.88 | P3: 3712.44 | Q3: 10511.74 | R3: 2316.34 | S3: 4639.39 | T3: 3785.53 | U3: 3189.58 | V3: 5549.8 | W3: 4805.1 | X3: 5567.04 | Y3: 206544.78 | Z3: 2970 | AA3: 4125 | AB3: 11253 | AC3: 1122 | AD3: 18843 | AE3: 32835 | AF3: 52239 | AG3: 35376 | AH3: 98386.977 | AI3: 257149.98 | AJ3: 35437.38 | AK3: 221712.6 | AL3: 253606.24 | AM3: 6948.99 | AN3: 6948.99 | AO3: 6948.99 | AP3: 6948.99 | AQ3: 1389.79 | AR3: 1389.79 | AS3: 1389.79 | AT3: 1389.79 | AU3: 2084.69 | AV3: 15982.67 | AW3: 6669.12 | AX3: 2343.24 | AY3: 60434.84 | AZ3: 520585.97 | BA3: 7532.28 | BB3: 538.19 | BC3: 3654.27
B4: ADAM/BRW/CS/MRGN/PK/SCT ROE - RSSP | C4: 44.31 | D4: 636969.23 | E4: 744565.08 | F4: 1.1689184 | G4: 4 | H4: 42.67 | I4: 680868.16 | J4: 680910.83 | K4: 0.9 | L4: 140135.12 | M4: 40736.79 | N4: 15289.4 | O4: 5027.04 | P4: 4723.66 | Q4: 13067.56 | R4: 2895.43 | S4: 5799.24 | T4: 5299.74 | U4: 4059.46 | V4: 7769.72 | W4: 6727.14 | X4: 6958.8 | Y4: 258489.1 | Z4: 3987.9 | AA4: 5538.75 | AB4: 15109.71 | AC4: 1506.54 | AD4: 12650.5 | AE4: 33032.49 | AF4: 70142.73 | AG4: 47500.32 | AH4: 122589.84 | AI4: 312058.78 | AJ4: 47582.73 | AK4: 264476.05 | AL4: 307300.5 | AM4: 9033.68 | AN4: 9033.68 | AO4: 9728.58 | AP4: 9728.58 | AQ4: 0 | AR4: 0 | AS4: 0 | AT4: 0 | AU4: 0 | AV4: 21541.86 | AW4: 8988.82 | AX4: 3124.33 | AY4: 71179.53 | AZ4: 636969.23 | BA4: 30007.73 | BB4: 0 | BC4: 14096.47
A5: 01001001026 | B5: PAYSON COMM UNIT SCHOOL DIST 1 | C5: 435.38 | D5: 6311728.9 | E5: 5415587 | F5: 0.85801958 | G5: 2 | H5: 11055.12 | I5: 2441385.6 | J5: 2452440.7 | K5: 0.9 | L5: 1412430.9 | M5: 346441.74 | N5: 149660.98 | O5: 59697.27 | P5: 48297.38 | Q5: 103816.63 | R5: 33007.95 | S5: 57702.43 | T5: 65868.3 | U5: 41754.52 | V5: 96566.6 | W5: 83608.74 | X5: 69240.06 | Y5: 2568093.5 | Z5: 38772 | AA5: 54422.5 | AB5: 148464.58 | AC5: 14802.92 | AD5: 248601.98 | AE5: 199639.04 | AF5: 689206.54 | AG5: 466727.36 | AH5: 1217582.9 | AI5: 3078219.9 | AJ5: 467537.16 | AK5: 2610682.7 | AL5: 3031466.1 | AM5: 91726.66 | AN5: 91726.66 | AO5: 95896.06 | AP5: 95896.06 | AQ5: 0 | AR5: 0 | AS5: 0 | AT5: 0 | AU5: 0 | AV5: 214028.89 | AW5: 89308.29 | AX5: 33586.56 | AY5: 712169.18 | AZ5: 6311728.9 | BA5: 234638.58 | BB5: 466.98 | BC5: 185251.71
A6: 01001002026 | B6: LIBERTY COMM UNIT SCHOOL DIST 2 | C6: 565.63 | D6: 7703138.3 | E6: 6051787.2 | F6: 0.78562618 | G6: 2 | H6: 34944.78 | I6: 2517337.3 | J6: 2552282.1 | K6: 0.9 | L6: 1742290.2 | M6: 424513.31 | N6: 194347.37 | O6: 78105.52 | P6: 57201.75 | Q6: 131829.03 | R6: 42273.35 | S6: 75390.12 | T6: 86310.19 | U6: 54222.89 | V6: 126535.55 | W6: 109556.28 | X6: 90464.4 | Y6: 3213040 | Z6: 50472 | AA6: 70703.75 | AB6: 192879.83 | AC6: 19231.42 | AD6: 322974.73 | AE6: 251335.04 | AF6: 895392.29 | AG6: 606355.36 | AH6: 1460999.9 | AI6: 3870344.3 | AJ6: 607407.43 | AK6: 3262936.9 | AL6: 3809603.6 | AM6: 59066.41 | AN6: 59066.41 | AO6: 61846.01 | AP6: 61846.01 | AQ6: 0 | AR6: 0 | AS6: 0 | AT6: 0 | AU6: 0 | AV6: 278654.49 | AW6: 116274.76 | AX6: 43740.64 | AY6: 680494.73 | AZ6: 7703138.3 | BA6: 117619.28 | BB6: 0 | BC6: 252879.6
A7: 01001003026 | B7: CAMP POINT C U SCHOOL DIST 3 | C7: 749.54 | D7: 10470516 | E7: 9402483.2 | F7: 0.89799619 | G7: 2 | H7: 19032.24 | I7: 3700488.8 | J7: 3719521.1 | K7: 0.9 | L7: 2365785.8 | M7: 575343.72 | N7: 257962.67 | O7: 104175.41 | P7: 78826.64 | Q7: 176160.31 | R7: 57329.61 | S7: 100036.89 | T7: 115080.26 | U7: 71910.57 | V7: 168714.07 | W7: 146075.04 | X7: 120039.3 | Y7: 4337440.3 | Z7: 66971.7 | AA7: 93692.5 | AB7: 255593.14 | AC7: 25484.36 | AD7: 427987.34 | AE7: 333809.43 | AF7: 1186521.8 | AG7: 803506.88 | AH7: 2000755.7 | AI7: 5194322.9 | AJ7: 804901.02 | AK7: 4389421.9 | AL7: 5113832.8 | AM7: 105624.64 | AN7: 105624.64 | AO7: 109794.04 | AP7: 109794.04 | AQ7: 1389.79 | AR7: 1389.79 | AS7: 1389.79 | AT7: 1389.79 | AU7: 2084.69 | AV7: 368991.36 | AW7: 153969.82 | AX7: 57800.14 | AY7: 1019242.5 | AZ7: 10470516 | BA7: 384107.77 | BB7: 71.5 | BC7: 256791.45
A8: 01001004026 | B8: COMMUNITY UNIT SCHOOL DIST 4 | C8: 636 | D8: 8894437.1 | E8: 7156966.2 | F8: 0.80465645 | G8: 2 | H8: 32863.73 | I8: 2860575.9 | J8: 2893439.7 | K8: 0.9 | L8: 2009458.8 | M8: 478353.73 | N8: 217954.53 | O8: 88643.88 | P8: 67500.97 | Q8: 144930.47 | R8: 48064.22 | S8: 84668.9 | T8: 98423.91 | U8: 60892.02 | V8: 144294.93 | W8: 124932.6 | X8: 101598.48 | Y8: 3669717.4 | Z8: 56880 | AA8: 79500 | AB8: 216876 | AC8: 21624 | AD8: 363156 | AE8: 262761 | AF8: 1006788 | AG8: 681792 | AH8: 1705133.5 | AI8: 4394510.5 | AJ8: 682974.96 | AK8: 3711535.6 | AL8: 4326213 | AM8: 93116.46 | AN8: 93116.46 | AO8: 96590.96 | AP8: 96590.96 | AQ8: 4864.29 | AR8: 4864.29 | AS8: 4864.29 | AT8: 4864.29 | AU8: 6254.09 | AV8: 313399.44 | AW8: 130772.86 | AX8: 49208.22 | AY8: 898506.61 | AZ8: 8894437.1 | BA8: 157900.25 | BB8: 1105.47 | BC8: 247057.27
A9: 01001172022 | B9: QUINCY SCHOOL DISTRICT 172 | C9: 5900.52 | D9: 87363448 | E9: 65708843 | F9: 0.75213198 | G9: 1 | H9: 598433.01 | I9: 17434843 | J9: 18033276 | K9: 0.9 | L9: 19455903 | M9: 4731245.6 | N9: 2038428.1 | O9: 826504.45 | P9: 676596.99 | Q9: 1385313.1 | R9: 454583.29 | S9: 789856.48 | T9: 913071.04 | U9: 569775.33 | V9: 1338613 | W9: 1158990.1 | X9: 947788.56 | Y9: 35286669 | Z9: 524799.9 | AA9: 737565 | AB9: 2012077.3 | AC9: 200617.68 | AD9: 3369196.9 | AE9: 2612650 | AF9: 9340523.2 | AG9: 6325357.4 | AH9: 16975099 | AI9: 42097886 | AJ9: 6336332.4 | AK9: 35761554 | AL9: 41464253 | AM9: 1440525.6 | AN9: 1440525.6 | AO9: 1500286.9 | AP9: 1500286.9 | AQ9: 27795.96 | AR9: 27795.96 | AS9: 29185.75 | AT9: 29185.75 | AU9: 35439.84 | AV9: 2907457.4 | AW9: 1213201 | AX9: 460838.97 | AY9: 10612526 | AZ9: 87363448 | BA9: 5383112.7 | BB9: 3909.31 | BC9: 2501490.2
A10: 01005001026 | B10: BROWN COUNTY C U SCH DIST 1 | C10: 613 | D10: 8534906.5 | E10: 8071367.8 | F10: 0.94568907 | G10: 3 | H10: 11174.09 | I10: 2389413.6 | J10: 2400587.7 | K10: 0.9 | L10: 1951452.9 | M10: 485359.65 | N10: 212237.5 | O10: 84762.26 | P10: 65628.02 | Q10: 147548.57 | R10: 46906.04 | S10: 82349.2 | T10: 93124.16 | U10: 58862.28 | V10: 136525.2 | W10: 118205.46 | X10: 98814.96 | Y10: 3581776.1 | Z10: 54585 | AA10: 76625 | AB10: 209033 | AC10: 20842 | AD10: 175011.5 | AE10: 292754.5 | AF10: 970379 | AG10: 657136 | AH10: 1667797.2 | AI10: 4124163.2 | AJ10: 658276.18 | AK10: 3465887 | AL10: 4058335.5 | AM10: 98675.65 | AN10: 98675.65 | AO10: 102845.05 | AP10: 102845.05 | AQ10: 2779.59 | AR10: 2779.59 | AS10: 3474.49 | AT10: 3474.49 | AU10: 4169.39 | AV10: 301586.16 | AW10: 125843.5 | AX10: 47646.06 | AY10: 894794.67 | AZ10: 8534906.5 | BA10: 287084.73 | BB10: 216.5 | BC10: 211738.61
A11: 01009015026 | B11: BEARDSTOWN C U SCH DIST 15 | C11: 1377.25 | D11: 23900300 | E11: 16286371 | F11: 0.68142957 | G11: 1 | H11: 842594.78 | I11: 14040459 | J11: 14883054 | K11: 0.9 | L11: 4576532.2 | M11: 1108495 | N11: 475328.82 | O11: 193131.68 | P11: 197477.4 | Q11: 321769.35 | R11: 104814.74 | S11: 184125.87 | T11: 213504.17 | U11: 132802.59 | V11: 313009 | W11: 271007.64 | X11: 220941.9 | Y11: 8312940.4 | Z11: 122490 | AA11: 172156.25 | AB11: 469642.25 | AC11: 46826.5 | AD11: 786409.75 | AE11: 603581 | AF11: 2180186.8 | AG11: 1476412 | AH11: 4831022.9 | AI11: 10688727 | AJ11: 1478973.7 | AK11: 9209753.8 | AL11: 10540830 | AM11: 348144.39 | AN11: 348144.39 | AO11: 362042.37 | AP11: 362042.37 | AQ11: 479480.31 | AR11: 479480.31 | AS11: 499632.38 | AT11: 499632.38 | AU11: 599697.83 | AV11: 678221.42 | AW11: 283002.91 | AX11: 107008.37 | AY11: 5046529.4 | AZ11: 23900300 | BA11: 2101471.7 | BB11: 1083702.5 | BC11: 829819
A12: 01009064026 | B12: VIRGINIA C U SCH DIST 64 | C12: 305.25 | D12: 4208714.4 | E12: 3022409.6 | F12: 0.71813131 | G12: 1 | H12: 75832.1 | I12: 823163.38 | J12: 898995.48 | K12: 0.9 | L12: 942881.76 | M12: 223655.31 | N12: 103620.89 | O12: 42189.8 | P12: 31743.67 | Q12: 68996.19 | R12: 22584.39 | S12: 40014.75 | T12: 46940.63 | U12: 29286.16 | V12: 68817.58 | W12: 59583.24 | X12: 48015.72 | Y12: 1728330.1 | Z12: 27090 | AA12: 38156.25 | AB12: 104090.25 | AC12: 10378.5 | AD12: 174297.75 | AE12: 123504 | AF12: 483210.75 | AG12: 327228 | AH12: 804202.75 | AI12: 2092158.3 | AJ12: 327795.76 | AK12: 1764362.5 | AL12: 2059378.7 | AM12: 39609.24 | AN12: 39609.24 | AO12: 41693.94 | AP12: 41693.94 | AQ12: 4169.39 | AR12: 4169.39 | AS12: 4169.39 | AT12: 4169.39 | AU12: 5559.19 | AV12: 150098.18 | AW12: 62631.79 | AX12: 23432.49 | AY12: 421005.57 | AZ12: 4208714.4 | BA12: 150037.3 | BB12: 622.34 | BC12: 59262.3
A13: 01009262026 | B13: A C CENTRAL CUSD 262 | C13: 304.7 | D13: 4282831.9 | E13: 4631945.3 | F13: 1.0815146 | G13: 4 | H13: 286.96 | I13: 1360277.5 | J13: 1360564.4 | K13: 0.9 | L13: 984042.91 | M13: 241852.01 | N13: 104766.32 | O13: 41947.67 | P13: 33253.96 | Q13: 71291.95 | R13: 22584.39 | S13: 40594.68 | T13: 46183.52 | U13: 29286.16 | V13: 67707.62 | W13: 58622.22 | X13: 48711.6 | Y13: 1790845 | Z13: 27325.8 | AA13: 38087.5 | AB13: 103902.7 | AC13: 10359.8 | AD13: 86991.85 | AE13: 140690.98 | AF13: 482340.1 | AG13: 326638.4 | AH13: 840111.48 | AI13: 2056448.6 | AJ13: 327205.14 | AK13: 1729243.5 | AL13: 2023728.1 | AM13: 56981.71 | AN13: 56981.71 | AO13: 59066.41 | AP13: 59066.41 | AQ13: 0 | AR13: 0 | AS13: 0 | AT13: 0 | AU13: 0 | AV13: 150098.18 | AW13: 62631.79 | AX13: 23432.49 | AY13: 468258.7 | AZ13: 4282831.9 | BA13: 119063.74 | BB13: 3.15 | BC13: 88949.45
A14: 01069001026 | B14: FRANKLIN C U SCHOOL DISTRICT 1 | C14: 255.38 | D14: 3522655.3 | E14: 4589252.6 | F14: 1.3027822 | G14: 4 | H14: 236.03 | I14: 519737.78 | J14: 519973.81 | K14: 0.9 | L14: 807033.68 | M14: 201467.93 | N14: 88438.14 | O14: 34494.3 | P14: 26998.45 | Q14: 60407.04 | R14: 19109.87 | S14: 34215.51 | T14: 37855.35 | U14: 24066.84 | V14: 55498.05 | W14: 48051 | X14: 41056.92 | Y14: 1478693.1 | Z14: 22819.5 | AA14: 31922.5 | AB14: 87084.58 | AC14: 8682.92 | AD14: 72910.99 | AE14: 123236.75 | AF14: 404266.54 | AG14: 273767.36 | AH14: 686302.03 | AI14: 1710993.2 | AJ14: 274242.36 | AK14: 1436750.8 | AL14: 1683568.9 | AM14: 39609.24 | AN14: 39609.24 | AO14: 41693.94 | AP14: 41693.94 | AQ14: 0 | AR14: 0 | AS14: 0 | AT14: 0 | AU14: 0 | AV14: 125776.71 | AW14: 52483.12 | AX14: 19527.07 | AY14: 360393.26 | AZ14: 3522655.3 | BA14: 77277.4 | BB14: 0 | BC14: 99222.01
A15: 01069006026 | B15: WAVERLY C U SCHOOL DIST 6 | C15: 309.38 | D15: 4409616.2 | E15: 4968470.7 | F15: 1.1267354 | G15: 4 | H15: 295.46 | I15: 1351630.6 | J15: 1351926.1 | K15: 0.9 | L15: 991592.83 | M15: 237871.37 | N15: 105354.71 | O15: 41635.28 | P15: 33786.46 | Q15: 70726.48 | R15: 23163.48 | S15: 40594.68 | T15: 46183.52 | U15: 29286.16 | V15: 67707.62 | W15: 58622.22 | X15: 48711.6 | Y15: 1795236.4 | Z15: 27686.7 | AA15: 38672.5 | AB15: 105498.58 | AC15: 10518.92 | AD15: 176655.98 | AE15: 131678.91 | AF15: 489748.54 | AG15: 331655.36 | AH15: 848986.27 | AI15: 2161101.8 | AJ15: 332230.8 | AK15: 1828871 | AL15: 2127878.7 | AM15: 60456.21 | AN15: 60456.21 | AO15: 63235.8 | AP15: 63235.8 | AQ15: 0 | AR15: 0 | AS15: 0 | AT15: 0 | AU15: 0 | AV15: 152182.88 | AW15: 63501.67 | AX15: 23432.49 | AY15: 486501.06 | AZ15: 4409616.2 | BA15: 190288.29 | BB15: 243.1 | BC15: 132296.32
A16: 01069011026 | B16: MEREDOSIA-CHAMBERSBURG CUSD 11 | C16: 183.04 | D16: 2680939.8 | E16: 2998835.1 | F16: 1.1185761 | G16: 4 | H16: 179.63 | I16: 343647.37 | J16: 343827 | K16: 0.9 | L16: 609380.42 | M16: 143228.49 | N16: 61673.22 | O16: 24440.2 | P16: 21567.87 | Q16: 40288.3 | R16: 13319 | S16: 23776.88 | T16: 27255.85 | U16: 17107.75 | V16: 39958.59 | W16: 34596.72 | X16: 28531.08 | Y16: 1085124.4 | Z16: 16226.1 | AA16: 22880 | AB16: 62416.64 | AC16: 6223.36 | AD16: 52257.91 | AE16: 72303.65 | AF16: 289752.32 | AG16: 196218.88 | AH16: 534413.09 | AI16: 1252692 | AJ16: 196559.33 | AK16: 1056132.6 | AL16: 1233036 | AM16: 53507.22 | AN16: 53507.22 | AO16: 55591.92 | AP16: 55591.92 | AQ16: 694.89 | AR16: 694.89 | AS16: 694.89 | AT16: 694.89 | AU16: 694.89 | AV16: 89641.97 | AW16: 37405.09 | AX16: 14059.49 | AY16: 362779.28 | AZ16: 2680939.8 | BA16: 203850.61 | BB16: 0.3 | BC16: 71261.21
... A24: 01086002026 | B24: SCOTT-MORGAN C U SCHOOL DIST 2 | C24: 163.2 | D24: 2262517.2 | E24: 2377929.4 | F24: 1.0510105 | G24: 4 | H24: 151.59 | I24: 1014943.9 | J24: 1015095.5 | K24: 0.9 | L24: 519322.7 | M24: 127962.26 | N24: 55503.27 | O24: 22013.87 | P24: 17452.1 | Q24: 38654.17 | R24: 12160.82 | S24: 21457.18 | T24: 24227.42 | U24: 15367.98 | V24: 35518.75 | W24: 30752.64 | X24: 25747.56 | Y24: 946140.72 | Z24: 14575.5 | AA24: 20400 | AB24: 55651.2 | AC24: 5548.8 | AD24: 46593.59 | AE24: 76071.29 | AF24: 258345.6 | AG24: 174950.4 | AH24: 442045.67 | AI24: 1094182 | AJ24: 175253.95 | AK24: 918928.1 | AL24: 1076656.6 | AM24: 27795.96 | AN24: 27795.96 | AO24: 29185.75 | AP24: 29185.75 | AQ24: 0 | AR24: 0 | AS24: 0 | AT24: 0 | AU24: 0 | AV24: 79913.38 | AW24: 33345.63 | AX24: 12497.32 | AY24: 239719.75 | AZ24: 2262517.2 | BA24: 196010.59 | BB24: 27.78 | BC24: 74684.91
B25: BOND/CH/EFHM/FYT/MNTGMY ROE - TAOEP | C25: 96.65 | D25: 1502654.3 | E25: 1103764.1 | F25: 0.73454297 | G25: 1 | H25: 25175.59 | I25: 953498.72 | J25: 978674.31 | K25: 0.9 | L25: 321891.89 | M25: 107286.56 | N25: 36613.29 | O25: 12204.43 | P25: 10602.7 | Q25: 30726.64 | R25: 6949.04 | S25: 13918.17 | T25: 12113.71 | U25: 9278.78 | V25: 17759.37 | W25: 15376.32 | X25: 16701.12 | Y25: 611422.02 | Z25: 8698.5 | AA25: 12081.25 | AB25: 32957.65 | AC25: 3286.1 | AD25: 55187.15 | AE25: 96166.75 | AF25: 152996.95 | AG25: 103608.8 | AH25: 282714.25 | AI25: 747697.4 | AJ25: 103788.56 | AK25: 643908.84 | AL25: 737318.54 | AM25: 19457.17 | AN25: 19457.17 | AO25: 20152.07 | AP25: 20152.07 | AQ25: 0 | AR25: 0 | AS25: 0 | AT25: 0 | AU25: 694.89 | AV25: 47253.13 | AW25: 19717.41 | AX25: 7029.74 | AY25: 153913.65 | AZ25: 1502654.3 | BA25: 61781.08 | BB25: 74.5 | BC25: 32823.56
B26: BOND/CH/EFHM/FYT/MNTGMY ROE - RSSP | C26: 37 | D26: 486201.88 | E26: 484951.63 | F26: 0.99742854 | G26: 3 | H26: 636.54 | I26: 436331.45 | J26: 436967.99 | K26: 0.9 | L26: 106042.16 | M26: 21208.42 | N26: 11855.64 | O26: 5269.17 | P26: 3767.32 | Q26: 9737.02 | R26: 2316.34 | S26: 4639.39 | T26: 6056.85 | U26: 3479.54 | V26: 8879.68 | W26: 7688.16 | X26: 5567.04 | Y26: 196506.73 | Z26: 3330 | AA26: 4625 | AB26: 12617 | AC26: 1258 | AD26: 10563.5 | AE26: 10693 | AF26: 58571 | AG26: 39664 | AH26: 95211.468 | AI26: 236532.97 | AJ26: 39732.82 | AK26: 196800.15 | AL26: 232559.68 | AM26: 6948.99 | AN26: 6948.99 | AO26: 7643.88 | AP26: 7643.88 | AQ26: 0 | AR26: 0 | AS26: 0 | AT26: 0 | AU26: 0 | AV26: 18067.37 | AW26: 7539.01 | AX26: 2343.24 | AY26: 57135.36 | AZ26: 486201.88 | BA26: 334.19 | BB26: 0.33 | BC26: 186.83
A27: 03003001026 | B27: MULBERRY GROVE C U SCH DIST 1 | C27: 304.61 | D27: 4433440.1 | E27: 4056297.8 | F27: 0.91493237 | G27: 3 | H27: 5804.36 | I27: 2289348.1 | J27: 2295152.5 | K27: 0.9 | L27: 989627.01 | M27: 245205.74 | N27: 104870.45 | O27: 41947.67 | P27: 33873.57 | Q27: 72909.14 | R27: 23163.48 | S27: 40594.68 | T27: 46183.52 | U27: 28996.2 | V27: 67707.62 | W27: 58622.22 | X27: 48711.6 | Y27: 1802412.9 | Z27: 27070.2 | AA27: 38076.25 | AB27: 103872.01 | AC27: 10356.74 | AD27: 173932.31 | AE27: 143373.7 | AF27: 482197.63 | AG27: 326541.92 | AH27: 855313.56 | AI27: 2160734.3 | AJ27: 327108.49 | AK27: 1833625.8 | AL27: 2128023.5 | AM27: 65320.5 | AN27: 65320.5 | AO27: 68100.1 | AP27: 68100.1 | AQ27: 0 | AR27: 0 | AS27: 0 | AT27: 0 | AU27: 0 | AV27: 150098.18 | AW27: 62631.79 | AX27: 23432.49 | AY27: 503003.66 | AZ27: 4433440.1 | BA27: 248718.69 | BB27: 0 | BC27: 144219.62
A28: 03003002026 | B28: BOND CO C U SCHOOL DIST 2 | C28: 1473.54 | D28: 21027591 | E28: 17099818 | F28: 0.81320861 | G28: 2 | H28: 83018.23 | I28: 8744448.6 | J28: 8827466.8 | K28: 0.9 | L28: 4694695 | M28: 1149107.8 | N28: 508888.48 | O28: 205820.37 | P28: 159420.54 | Q28: 351155.8 | R28: 112921.96 | S28: 197174.16 | T28: 227132.1 | U28: 141791.41 | V28: 332988.3 | W28: 288306 | X28: 236599.2 | Y28: 8606001 | Z28: 131036.4 | AA28: 184192.5 | AB28: 502477.14 | AC28: 50100.36 | AD28: 841391.34 | AE28: 667770.74 | AF28: 2332613.8 | AG28: 1579634.9 | AH28: 4040332.3 | AI28: 10329549 | AJ28: 1582375.7 | AK28: 8747173.8 | AL28: 10171312 | AM28: 269620.81 | AN28: 269620.81 | AO28: 281434.09 | AP28: 281434.09 | AQ28: 694.89 | AR28: 694.89 | AS28: 694.89 | AT28: 694.89 | AU28: 1389.79 | AV28: 726169.45 | AW28: 303010.29 | AX28: 114819.2 | AY28: 2250278.1 | AZ28: 21027591 | BA28: 973261.88 | BB28: 625.91 | BC28: 665729.14
A29: 03011001026 | B29: MORRISONVILLE C U SCH DIST 1 | C29: 264.28 | D29: 3695201.6 | E29: 3422715.8 | F29: 0.92625954 | G29: 3 | H29: 4837.84 | I29: 795998.32 | J29: 800836.16 | K29: 0.90102 | L29: 843795.43 | M29: 206524.43 | N29: 90099.56 | O29: 36407.32 | P29: 28625.09 | Q29: 63034.22 | R29: 19711.27 | S29: 35125.16 | T29: 40172.14 | U29: 24964.99 | V29: 58894.6 | W29: 50991.78 | X29: 42148.45 | Y29: 1540494.4 | Z29: 23395.5 | AA29: 33035 | AB29: 90119.48 | AC29: 8985.52 | AD29: 75451.93 | AE29: 119830.27 | AF29: 418355.24 | AG29: 283308.16 | AH29: 723858.51 | AI29: 1776339.6 | AJ29: 283799.72 | AK29: 1492539.9 | AL29: 1748249.1 | AM29: 49393.74 | AN29: 49393.74 | AO29: 51480.8 | AP29: 51480.8 | AQ29: 0 | AR29: 0 | AS29: 0 | AT29: 0 | AU29: 0 | AV29: 130093.38 | AW29: 54284.34 | AX29: 20331.17 | AY29: 406457.97 | AZ29: 3695201.6 | BA29: 122630.55 | BB29: 0 | BC29: 46999.99
A30: 03011003026 | B30: TAYLORVILLE C U SCH DIST 3 | C30: 2071.11 | D30: 30535655 | E30: 23189744 | F30: 0.75943169 | G30: 2 | H30: 173662.45 | I30: 9305004.1 | J30: 9478666.6 | K30: 0.90102 | L30: 6758603.2 | M30: 1691507 | N30: 721114.34 | O30: 287998.07 | P30: 233489.25 | Q30: 509759.32 | R30: 158849.66 | S30: 278969.28 | T30: 316071.42 | U30: 200010.23 | V30: 463378.3 | W30: 401199.51 | X30: 334749.29 | Y30: 12355699 | Z30: 184390.2 | AA30: 258888.75 | AB30: 706248.51 | AC30: 70417.74 | AD30: 1182603.8 | AE30: 1011109.1 | AF30: 3278567.1 | AG30: 2220229.9 | AH30: 5898434.5 | AI30: 14810890 | AJ30: 2224082.2 | AK30: 12586807 | AL30: 14590750 | AM30: 479328.03 | AN30: 479328.03 | AO30: 499502.94 | AP30: 499502.94 | AQ30: 4174.11 | AR30: 4174.11 | AS30: 4174.11 | AT30: 4174.11 | AU30: 5565.49 | AV30: 1021267.8 | AW30: 426146.63 | AX30: 161867.42 | AY30: 3589205.8 | AZ30: 30535655 | BA30: 1865622.9 | BB30: 323.34 | BC30: 478841.38
A31: 03011004026 | B31: EDINBURG C U SCH DIST 4 | C31: 208.7 | D31: 2936471.5 | E31: 2805773.3 | F31: 0.95549142 | G31: 3 | H31: 3844.49 | I31: 586225.74 | J31: 590070.23 | K31: 0.90102 | L31: 668631.57 | M31: 165282.27 | N31: 71566.2 | O31: 28181.86 | P31: 22780.31 | Q31: 49821.66 | R31: 15653.06 | S31: 27577.6 | T31: 31076.56 | U31: 19739.76 | V31: 45559.97 | W31: 39446.47 | X31: 33091.76 | Y31: 1218409.1 | Z31: 18656.1 | AA31: 26087.5 | AB31: 71166.7 | AC31: 7095.8 | AD31: 59583.84 | AE31: 98461.61 | AF31: 330372.1 | AG31: 223726.4 | AH31: 575175.02 | AI31: 1410325.1 | AJ31: 224114.58 | AK31: 1186210.5 | AL31: 1388142.2 | AM31: 41045.5 | AN31: 41045.5 | AO31: 43132.56 | AP31: 43132.56 | AQ31: 0 | AR31: 0 | AS31: 0 | AT31: 0 | AU31: 0 | AV31: 102961.6 | AW31: 42963.01 | AX31: 15639.36 | AY31: 329920.09 | AZ31: 2936471.5 | BA31: 77750.11 | BB31: 0 | BC31: 39663.34
A32: 03011008026 | B32: PANA COMM UNIT SCHOOL DIST 8 | C32: 1094.5 | D32: 16343738 | E32: 12489081 | F32: 0.76415079 | G32: 2 | H32: 114777.05 | I32: 7426757.7 | J32: 7541534.7 | K32: 0.90102 | L32: 3633910.5 | M32: 907058.21 | N32: 380010.54 | O32: 151946.93 | P32: 126010.82 | Q32: 267274.22 | R32: 84062.77 | S32: 147177.34 | T32: 166752.31 | U32: 105375.49 | V32: 244468.17 | W32: 211664.01 | X32: 176605.5 | Y32: 6602316.8 | Z32: 97785 | AA32: 136812.5 | AB32: 373224.5 | AC32: 37213 | AD32: 624959.5 | AE32: 531633.5 | AF32: 1732593.5 | AG32: 1173304 | AH32: 3168692.1 | AI32: 7876217.6 | AJ32: 1175339.8 | AK32: 6700877.8 | AL32: 7759882.4 | AM32: 275491.87 | AN32: 275491.87 | AO32: 286622.85 | AP32: 286622.85 | AQ32: 1391.37 | AR32: 1391.37 | AS32: 1391.37 | AT32: 1391.37 | AU32: 1391.37 | AV32: 539852.76 | AW32: 225265.52 | AX32: 85234.53 | AY32: 1981539.1 | AZ32: 16343738 | BA32: 1556220.1 | BB32: 1239.29 | BC32: 306418.45
A33: 03011014024 | B33: SOUTH FORK SCHOOL DISTRICT 14 | C33: 259.77 | D33: 3821130.1 | E33: 2902932.6 | F33: 0.75970524 | G33: 2 | H33: 32072.89 | I33: 2236326.6 | J33: 2268399.5 | K33: 0.90102 | L33: 857952.91 | M33: 207727.24 | N33: 89231.67 | O33: 35643.68 | P33: 29616.92 | Q33: 60022.61 | R33: 19131.52 | S33: 34544.58 | T33: 39414.18 | U33: 24674.7 | V33: 57783.38 | W33: 50029.67 | X33: 41451.78 | Y33: 1547224.8 | Z33: 23274.9 | AA33: 32471.25 | AB33: 88581.57 | AC33: 8832.18 | AD33: 148328.67 | AE33: 114072.99 | AF33: 411215.91 | AG33: 278473.44 | AH33: 740675.15 | AI33: 1845926.1 | AJ33: 278956.61 | AK33: 1566969.5 | AL33: 1818314.9 | AM33: 62611.78 | AN33: 62611.78 | AO33: 64698.84 | AP33: 64698.84 | AQ33: 0 | AR33: 0 | AS33: 0 | AT33: 0 | AU33: 0 | AV33: 128006.32 | AW33: 53413.47 | AX33: 19549.2 | AY33: 455590.23 | AZ33: 3821130.1 | BA33: 351730.72 | BB33: 0 | BC33: 88467.51
A34: 03025010026 | B34: ALTAMONT COMM UNIT SCH DIST 10 | C34: 676.95 | D34: 9858951.4 | E34: 7464012.4 | F34: 0.75707974 | G34: 2 | H34: 65206.81 | I34: 3892985.1 | J34: 3958191.9 | K34: 0.9 | L34: 2214224.2 | M34: 542387.77 | N34: 232863.82 | O34: 93428.8 | P34: 75686.24 | Q34: 159598.29 | R34: 50959.65 | S34: 90178.18 | T34: 102966.55 | U34: 64951.48 | V34: 150954.69 | W34: 130698.72 | X34: 108209.34 | Y34: 4017107.7 | Z34: 60506.1 | AA34: 84618.75 | AB34: 230839.95 | AC34: 23016.3 | AD34: 386538.45 | AE34: 308478.61 | AF34: 1071611.8 | AG34: 725690.4 | AH34: 1904728.6 | AI34: 4796029 | AJ34: 726949.52 | AK34: 4069079.5 | AL34: 4723334 | AM34: 145233.89 | AN34: 145233.89 | AO34: 151487.98 | AP34: 151487.98 | AQ34: 0 | AR34: 0 | AS34: 0 | AT34: 0 | AU34: 0 | AV34: 333551.52 | AW34: 139181.76 | AX34: 52332.56 | AY34: 1118509.6 | AZ34: 9858951.4 | BA34: 531820.23 | BB34: 0 | BC34: 277003.87
A35: 03025020026 | B35: BEECHER CITY C U SCHOOL DIST 20 | C35: 328.55 | D35: 4624231.1 | E35: 4515098.6 | F35: 0.97639986 | G35: 3 | H35: 6054.14 | I35: 606960.45 | J35: 613014.59 | K35: 0.9 | L35: 1069867.7 | M35: 253424.66 | N35: 111941.18 | O35: 44928.52 | P35: 36456.48 | Q35: 73508.49 | R35: 24321.65 | S35: 43204.33 | T35: 49969.06 | U35: 31315.89 | V35: 73257.42 | W35: 63427.32 | X35: 51843.06 | Y35: 1927465.8 | Z35: 29412 | AA35: 41068.75 | AB35: 112035.55 | AC35: 11170.7 | AD35: 93801.01 | AE35: 133587.02 | AF35: 520094.65 | AG35: 352205.6 | AH35: 911804.01 | AI35: 2205179.3 | AJ35: 352816.7 | AK35: 1852362.6 | AL35: 2169897.6 | AM35: 66710.3 | AN35: 66710.3 | AO35: 69489.9 | AP35: 69489.9 | AQ35: 0 | AR35: 0 | AS35: 0 | AT35: 0 | AU35: 0 | AV35: 161911.46 | AW35: 67561.14 | AX35: 24994.65 | AY35: 526867.65 | AZ35: 4624231.1 | BA35: 215845.17 | BB35: 19.45 | BC35: 92097.54
A36: 03025030026 | B36: DIETERICH COMM UNIT SCH DIST 30 | C36: 605 | D36: 8315565.8 | E36: 5527192.8 | F36: 0.66468031 | G36: 1 | H36: 326416.9 | I36: 3636088.5 | J36: 3962505.4 | K36: 0.9 | L36: 1899402 | M36: 461426.3 | N36: 208145.09 | O36: 83582.96 | P36: 62231.98 | Q36: 140045.02 | R36: 45747.87 | S36: 80609.43 | T36: 92367.05 | U36: 57992.4 | V36: 135415.24 | W36: 117244.44 | X36: 96727.32 | Y36: 3480937.1 | Z36: 54225 | AA36: 75625 | AB36: 206305 | AC36: 20570 | AD36: 345455 | AE36: 267640.5 | AF36: 957715 | AG36: 648560 | AH36: 1581730.9 | AI36: 4157826.4 | AJ36: 649685.3 | AK36: 3508141.1 | AL36: 4092857.9 | AM36: 66710.3 | AN36: 66710.3 | AO36: 69489.9 | AP36: 69489.9 | AQ36: 0 | AR36: 0 | AS36: 0 | AT36: 0 | AU36: 0 | AV36: 298111.67 | AW36: 124393.69 | AX36: 46864.98 | AY36: 741770.74 | AZ36: 8315565.8 | BA36: 249459.48 | BB36: 0 | BC36: 279079.48
A37: 03025040026 | B37: EFFINGHAM COMM UNIT SCH DIST 40 | C37: 2178.12 | D37: 31573698 | E37: 31759100 | F37: 1.0058721 | G37: 4 | H37: 2115.56 | I37: 6471632.5 | J37: 6473748 | K37: 0.9 | L37: 7060045.5 | M37: 1736159.1 | N37: 754407.12 | O37: 303721.7 | P37: 248091.8 | Q37: 517562.15 | R37: 167356.14 | S37: 291991.73 | T37: 334641.29 | U37: 210222.45 | V37: 490602.76 | W37: 424770.84 | X37: 350375.58 | Y37: 12889948 | Z37: 193308.3 | AA37: 272265 | AB37: 742738.92 | AC37: 74056.08 | AD37: 621853.26 | AE37: 998259.23 | AF37: 3447964 | AG37: 2334944.6 | AH37: 6244803.1 | AI37: 14930192 | AJ37: 2338995.9 | AK37: 12591197 | AL37: 14696293 | AM37: 464192.53 | AN37: 464192.53 | AO37: 483649.7 | AP37: 483649.7 | AQ37: 75049.09 | AR37: 75049.09 | AS37: 78523.58 | AT37: 78523.58 | AU37: 94506.26 | AV37: 1072924.1 | AW37: 447701.32 | AX37: 169495.01 | AY37: 3987456.4 | AZ37: 31573698 | BA37: 1452770.5 | BB37: 3364.24 | BC37: 892833.19
A38: 03025050026 | B38: TEUTOPOLIS C U SCHOOL DIST 50 | C38: 1117.25 | D38: 14683888 | E38: 10865699 | F38: 0.73997424 | G38: 1 | H38: 157480.08 | I38: 3633878.1 | J38: 3791358.2 | K38: 0.9 | L38: 3364275 | M38: 812967.51 | N38: 384464.34 | O38: 156002.79 | P38: 107198.35 | Q38: 260084.39 | R38: 85704.87 | S38: 149040.46 | T38: 172620.39 | U38: 107285.94 | V38: 253071.1 | W38: 219112.56 | X38: 178841.16 | Y38: 6250668.8 | Z38: 99675 | AA38: 139656.25 | AB38: 380982.25 | AC38: 37986.5 | AD38: 637949.75 | AE38: 484528.5 | AF38: 1768606.8 | AG38: 1197692 | AH38: 2757345.8 | AI38: 7504422.8 | AJ38: 1199770.1 | AK38: 6304652.7 | AL38: 7384445.7 | AM38: 44473.53 | AN38: 44473.53 | AO38: 46558.23 | AP38: 46558.23 | AQ38: 0 | AR38: 0 | AS38: 0 | AT38: 0 | AU38: 0 | AV38: 550360 | AW38: 229649.9 | AX38: 86700.21 | AY38: 1048773.6 | AZ38: 14683888 | BA38: 68622.54 | BB38: 16.2 | BC38: 297670.69
... A46: 03068022026 | B46: NOKOMIS COMM UNIT SCH DIST 22 | C46: 548.5 | D46: 7881783.6 | E46: 5944196.2 | F46: 0.75416891 | G46: 1 | H46: 60175.54 | I46: 3204415.8 | J46: 3264591.3 | K46: 0.9 | L46: 1771903 | M46: 436841.6 | N46: 189494.72 | O46: 75679.2 | P46: 59976.98 | Q46: 130081.8 | R46: 41694.26 | S46: 73070.42 | T46: 83281.77 | U46: 52773.08 | V46: 122095.71 | W46: 105712.2 | X46: 87680.88 | Y46: 3230285.7 | Z46: 49140 | AA46: 68562.5 | AB46: 187038.5 | AC46: 18649 | AD46: 313193.5 | AE46: 255544 | AF46: 868275.5 | AG46: 587992 | AH46: 1515606 | AI46: 3864001 | AJ46: 589012.21 | AK46: 3274988.8 | AL46: 3805099.7 | AM46: 102845.05 | AN46: 102845.05 | AO46: 107709.34 | AP46: 107709.34 | AQ46: 0 | AR46: 0 | AS46: 0 | AT46: 0 | AU46: 0 | AV46: 270315.71 | AW46: 112795.21 | AX46: 42178.48 | AY46: 846398.18 | AZ46: 7881783.6 | BA46: 615083.56 | BB46: 0 | BC46: 130435.22
B47: BOONE/WINNEBAGO ROE - TAOEP | C47: 15.64 | D47: 209825.71 | E47: 301091.54 | F47: 1.4349602 | G47: 4 | H47: 14.05 | I47: 280108.97 | J47: 280123.02 | K47: 0.91621 | L47: 47961.27 | M47: 11248.4 | N47: 4129.06 | O47: 1341.01 | P47: 1650.36 | Q47: 3655.27 | R47: 589.51 | S47: 1771.1 | T47: 1541.48 | U47: 1180.73 | V47: 2259.9 | W47: 1956.65 | X47: 2125.24 | Y47: 81409.98 | Z47: 1407.6 | AA47: 1955 | AB47: 5333.24 | AC47: 531.76 | AD47: 4465.21 | AE47: 7096.86 | AF47: 24758.12 | AG47: 16766.08 | AH47: 40122.177 | AI47: 102436.05 | AJ47: 16795.17 | AK47: 85640.877 | AL47: 101028.78 | AM47: 3537.07 | AN47: 3537.07 | AO47: 4244.48 | AP47: 4244.48 | AQ47: 0 | AR47: 0 | AS47: 0 | AT47: 0 | AU47: 0 | AV47: 7781.56 | AW47: 3247.02 | AX47: 795.15 | AY47: 27386.83 | AZ47: 209825.71 | BA47: 11.14 | BB47: 0.05 | BC47: 5.06
B48: BOONE/WINNEBAGO ROE - RSSP | C48: 154.66 | D48: 2443561.5 | E48: 1994349.5 | F48: 0.81616506 | G48: 2 | H48: 13211.77 | I48: 1749993.4 | J48: 1763205.2 | K48: 0.91621 | L48: 509188.28 | M48: 147278.32 | N48: 56823.53 | O48: 20470.36 | P48: 18324.87 | Q48: 47679.86 | R48: 11790.34 | S48: 21843.65 | T48: 21580.81 | U48: 14759.22 | V48: 31638.67 | W48: 27393.21 | X48: 26211.3 | Y48: 954982.42 | Z48: 13919.4 | AA48: 19332.5 | AB48: 52739.06 | AC48: 5258.44 | AD48: 88310.86 | AE48: 114117.72 | AF48: 244826.78 | AG48: 165795.52 | AH48: 465467.2 | AI48: 1169767.5 | AJ48: 166083.18 | AK48: 1003684.3 | AL48: 1155851.4 | AM48: 41030.06 | AN48: 41030.06 | AO48: 42444.89 | AP48: 42444.89 | AQ48: 8488.97 | AR48: 8488.97 | AS48: 8488.97 | AT48: 8488.97 | AU48: 10611.22 | AV48: 77108.22 | AW48: 32175.11 | AX48: 11927.26 | AY48: 332727.59 | AZ48: 2443561.5 | BA48: 101146.54 | BB48: 5500.9 | BC48: 42668.74
B49: BOONE/WINNEBAGO ROE - ALOP | C49: 220 | D49: 3543561.6 | E49: 1845622 | F49: 0.52083814 | G49: 1 | H49: 320739.33 | I49: 1491265.9 | J49: 1812005.2 | K49: 0.91621 | L49: 738898.95 | M49: 226343.5 | N49: 82096.05 | O49: 28447.53 | P49: 27255.64 | Q49: 63055.14 | R49: 16506.47 | S49: 31289.56 | T49: 29288.24 | U49: 21253.28 | V49: 42938.19 | W49: 37176.5 | X49: 37545.91 | Y49: 1382095 | Z49: 19800 | AA49: 27500 | AB49: 75020 | AC49: 7480 | AD49: 62810 | AE49: 176544 | AF49: 348260 | AG49: 235840 | AH49: 690497.82 | AI49: 1643751.8 | AJ49: 236249.2 | AK49: 1407502.6 | AL49: 1623956.5 | AM49: 58008.02 | AN49: 58008.02 | AO49: 60837.68 | AP49: 60837.68 | AQ49: 23344.69 | AR49: 23344.69 | AS49: 24759.52 | AT49: 24759.52 | AU49: 29711.42 | AV49: 110356.72 | AW49: 46048.78 | AX49: 17493.32 | AY49: 537510.06 | AZ49: 3543561.6 | BA49: 96408.88 | BB49: 19176.63 | BC49: 43798.42
A50: 04004100026 | B50: BELVIDERE C U SCH DIST 100 | C50: 7211.05 | D50: 1.1555186e+08 | E50: 84790731 | F50: 0.73378941 | G50: 1 | H50: 1751559.7 | I50: 46144912 | J50: 47896472 | K50: 0.93557 | L50: 24457253 | M50: 6053269 | N50: 2603320 | O50: 1045561.4 | P50: 925122.07 | Q50: 1809712.5 | R50: 577894.85 | S50: 1007352.1 | T50: 1149850.2 | U50: 724015.5 | V50: 1685744.4 | W50: 1459541.4 | X50: 1208772.5 | Y50: 44707409 | Z50: 646632 | AA50: 901381.25 | AB50: 2458968 | AC50: 245175.7 | AD50: 4117509.5 | AE50: 3413558.5 | AF50: 11415092 | AG50: 7730245.6 | AH50: 22202344 | AI50: 53130907 | AJ50: 7743658.2 | AK50: 45387249 | AL50: 52631983 | AM50: 1575473.6 | AN50: 1575473.6 | AO50: 1640486.3 | AP50: 1640486.3 | AQ50: 1117495.5 | AR50: 1117495.5 | AS50: 1163726.7 | AT50: 1163726.7 | AU50: 1397049.9 | AV50: 3694164.1 | AW50: 1541471.8 | AX50: 585418.21 | AY50: 18212468 | AZ50: 1.1555186e+08 | BA50: 5803380.4 | BB50: 1227218.7 | BC50: 3646163.8
A51: 04004200026 | B51: NORTH BOONE C U SCH DIST 200 | C51: 1445.28 | D51: 21744768 | E51: 17224167 | F51: 0.79210626 | G51: 2 | H51: 120811.6 | I51: 9928201.1 | J51: 10049013 | K51: 0.93557 | L51: 4820177.2 | M51: 1189380.9 | N51: 520281.35 | O51: 208802.15 | P51: 169527.45 | Q51: 362242.26 | R51: 114976.99 | S51: 201048.43 | T51: 229812.62 | U51: 144682.53 | V51: 336918.1 | W51: 291708.48 | X51: 241248.13 | Y51: 8830806.6 | Z51: 129550.5 | AA51: 180660 | AB51: 492840.48 | AC51: 49139.52 | AD51: 825254.88 | AE51: 678337.33 | AF51: 2287878.2 | AG51: 1549340.2 | AH51: 4111689.7 | AI51: 10304691 | AJ51: 1552028.4 | AK51: 8752662.4 | AL51: 10204694 | AM51: 263662.47 | AN51: 263662.47 | AO51: 274497.92 | AP51: 274497.92 | AQ51: 87405.91 | AR51: 87405.91 | AS51: 91017.73 | AT51: 91017.73 | AU51: 109799.16 | AV51: 740422.02 | AW51: 308957.49 | AX51: 116921.25 | AY51: 2709268 | AZ51: 21744768 | BA51: 988467.61 | BB51: 121045.99 | BC51: 756792.43
A52: 04101122022 | B52: HARLEM UNIT DIST 122 | C52: 5932.69 | D52: 89206619 | E52: 67755458 | F52: 0.75953397 | G52: 2 | H52: 661499.4 | I52: 35108784 | J52: 35770284 | K52: 0.91621 | L52: 19727444 | M52: 4794370.2 | N52: 2086541.1 | O52: 846084.28 | P52: 697004.21 | Q52: 1425132.7 | R52: 465128.91 | S52: 808215.26 | T52: 934911.66 | U52: 583284.64 | V52: 1370632.5 | W52: 1186713.1 | X52: 969818.18 | Y52: 35895281 | Z52: 527439.6 | AA52: 741586.25 | AB52: 2023047.3 | AC52: 201711.46 | AD52: 3387566 | AE52: 2628279.3 | AF52: 9391448.3 | AG52: 6359843.7 | AH52: 17172915 | AI52: 42433837 | AJ52: 6370878.5 | AK52: 36062959 | AL52: 41900021 | AM52: 1366725.6 | AN52: 1366725.6 | AO52: 1424026.2 | AP52: 1424026.2 | AQ52: 213639.3 | AR52: 213639.3 | AS52: 222835.69 | AT52: 222835.69 | AU52: 267402.83 | AV52: 2976094.5 | AW52: 1241841.4 | AX52: 471524.64 | AY52: 11411317 | AZ52: 89206619 | BA52: 4653485 | BB52: 143793.76 | BC52: 2615171.7
A53: 04101131004 | B53: KINNIKINNICK C C SCH DIST 131 | C53: 1641.71 | D53: 21657013 | E53: 16595468 | F53: 0.7662861 | G53: 2 | H53: 117722.18 | I53: 4634333.3 | J53: 4752055.5 | K53: 0.91621 | L53: 5010721 | M53: 1002144.2 | N53: 549818.17 | O53: 243395.11 | P53: 167924.86 | Q53: 329941.4 | R53: 128514.7 | S53: 214894.34 | T53: 279779.83 | U53: 161170.75 | V53: 410172.8 | W53: 355133.44 | X53: 257862.54 | Y53: 9111473.1 | Z53: 146036.7 | AA53: 205213.75 | AB53: 559823.11 | AC53: 55818.14 | AD53: 937416.41 | AE53: 318151.91 | AF53: 2598826.9 | AG53: 1759913.1 | AH53: 4112165.2 | AI53: 10693365 | AJ53: 1762966.7 | AK53: 8930398.5 | AL53: 10545646 | AM53: 137238.49 | AN53: 137238.49 | AO53: 142897.81 | AP53: 142897.81 | AQ53: 26881.76 | AR53: 26881.76 | AS53: 27589.18 | AT53: 27589.18 | AU53: 33248.5 | AV53: 823430.94 | AW53: 343594.8 | AX53: 130404.79 | AY53: 1999893.5 | AZ53: 21657013 | BA53: 203185.5 | BB53: 3931.57 | BC53: 690057.7
A54: 04101133004 | B54: PRAIRIE HILL C C SCH DIST 133 | C54: 745.25 | D54: 9653228.7 | E54: 6814905.9 | F54: 0.70597167 | G54: 1 | H54: 225010.82 | I54: 2998515.3 | J54: 3223526.1 | K54: 0.91621 | L54: 2232127.7 | M54: 446425.53 | N54: 249429.7 | O54: 110634.14 | P54: 74066.83 | Q54: 150810.12 | R54: 58362.18 | S54: 97706.08 | T54: 127172.65 | U54: 73205.76 | V54: 186442.18 | W54: 161424.29 | X54: 117242.44 | Y54: 4085049.6 | Z54: 66105 | AA54: 93156.25 | AB54: 254130.25 | AC54: 25338.5 | AD54: 425537.75 | AE54: 145382.5 | AF54: 1179730.8 | AG54: 798908 | AH54: 1823163.8 | AI54: 4811452.8 | AJ54: 800294.16 | AK54: 4011158.7 | AL54: 4744396.2 | AM54: 38200.4 | AN54: 38200.4 | AO54: 39615.23 | AP54: 39615.23 | AQ54: 14855.71 | AR54: 14855.71 | AS54: 15563.12 | AT54: 15563.12 | AU54: 19100.2 | AV54: 373515.06 | AW54: 155857.43 | AX54: 58841.18 | AY54: 823782.79 | AZ54: 9653228.7 | BA54: 90566.66 | BB54: 9527.37 | BC54: 320401.54
A55: 04101134004 | B55: SHIRLAND C C SCHOOL DIST 134 | C55: 102.06 | D55: 1316593.8 | E55: 1371926.8 | F55: 1.0420274 | G55: 4 | H55: 88.21 | I55: 116191.39 | J55: 116279.6 | K55: 0.91621 | L55: 315810.19 | M55: 63162.03 | N55: 33525.49 | O55: 14751.21 | P55: 10500.22 | Q55: 19116.77 | R55: 7074.2 | S55: 13283.3 | T55: 16956.35 | U55: 9741.08 | V55: 24858.95 | W55: 21523.23 | X55: 15939.3 | Y55: 566242.32 | Z55: 9072.9 | AA55: 12757.5 | AB55: 34802.46 | AC55: 3470.04 | AD55: 29138.12 | AE55: 18936.01 | AF55: 161560.98 | AG55: 109408.32 | AH55: 255682.51 | AI55: 634828.84 | AJ55: 109598.15 | AK55: 525230.69 | AL55: 625645.61 | AM55: 9196.39 | AN55: 9196.39 | AO55: 9196.39 | AP55: 9196.39 | AQ55: 1414.82 | AR55: 1414.82 | AS55: 1414.82 | AT55: 1414.82 | AU55: 2122.24 | AV55: 50933.87 | AW55: 21253.28 | AX55: 7951.51 | AY55: 124705.74 | AZ55: 1316593.8 | BA55: 23135.23 | BB55: 5.47 | BC55: 34175.83
A56: 04101140004 | B56: ROCKTON SCH DIST 140 | C56: 1547.29 | D56: 20490156 | E56: 14419522 | F56: 0.70372924 | G56: 1 | H56: 510080.01 | I56: 7204571.6 | J56: 7714651.6 | K56: 0.91621 | L56: 4741176 | M56: 948235.18 | N56: 517633.69 | O56: 229314.4 | P56: 159239.23 | Q56: 310116.59 | R56: 120850.98 | S56: 202496.59 | T56: 263594.22 | U56: 151724.85 | V56: 386443.79 | W56: 334588.53 | X56: 242985.85 | Y56: 8608399.9 | Z56: 137486.7 | AA56: 193411.25 | AB56: 527625.89 | AC56: 52607.86 | AD56: 883502.59 | AE56: 299192.91 | AF56: 2449360.1 | AG56: 1658694.9 | AH56: 3895036.3 | AI56: 10096918 | AJ56: 1661572.8 | AK56: 8435345.6 | AL56: 9957695.3 | AM56: 142190.39 | AN56: 142190.39 | AO56: 148557.12 | AP56: 148557.12 | AQ56: 22637.27 | AR56: 22637.27 | AS56: 23344.69 | AT56: 23344.69 | AU56: 28296.59 | AV56: 776034.14 | AW56: 323817.43 | AX56: 122453.28 | AY56: 1924060.4 | AZ56: 20490156 | BA56: 424796.7 | BB56: 20311.34 | BC56: 711095.8
A57: 04101205025 | B57: ROCKFORD SCHOOL DIST 205 | C57: 26418.75 | D57: 4.4149872e+08 | E57: 2.8757751e+08 | F57: 0.65136659 | G57: 1 | H57: 19730619 | I57: 1.9012814e+08 | J57: 2.0985876e+08 | K57: 0.91621 | L57: 92721263 | M57: 22348641 | N57: 9277433 | O57: 3780197.4 | P57: 3617845.4 | Q57: 6253951.2 | R57: 2075689.4 | S57: 3596233.2 | T57: 4183594.8 | U57: 2599099.9 | V57: 6133382.9 | W57: 5310370 | X57: 4315301.3 | Y57: 1.66213e+08 | Z57: 2357145 | AA57: 3302343.8 | AB57: 9008793.8 | AC57: 898237.5 | AD57: 15085106 | AE57: 11400574 | AF57: 41820881 | AG57: 28320900 | AH57: 87334489 | AI57: 1.9952847e+08 | AJ57: 28370039 | AK57: 1.7115843e+08 | AL57: 1.9715134e+08 | AM57: 9121407.8 | AN57: 9121407.8 | AO57: 9501289.6 | AP57: 9501289.6 | AQ57: 3750713.8 | AR57: 3750713.8 | AS57: 3907052.5 | AT57: 3907052.5 | AU57: 4688746 | AV57: 13254126 | AW57: 5530577.5 | AX57: 2099994.2 | AY57: 78134371 | AZ57: 4.4149872e+08 | BA57: 62635397 | BB57: 5350610.4 | BC57: 14704147
A58: 04101207016 | B58: HONONEGAH COMM H S DIST 207 | C58: 1832.49 | D58: 27265960 | E58: 19934387 | F58: 0.73110895 | G58: 1 | H58: 425416.69 | I58: 7705970.9 | J58: 8131387.6 | K58: 0.91621 | L58: 5914718.3 | M58: 1971375.6 | N58: 711288.16 | O58: 236837.21 | P58: 187588.15 | Q58: 602552.9 | R58: 143842.14 | S58: 270389.03 | T58: 235076.71 | U58: 180062.56 | V58: 344635.55 | W58: 298390.35 | X58: 324453.41 | Y58: 11421210 | Z58: 164924.1 | AA58: 229061.25 | AB58: 624879.09 | AC58: 62304.66 | AD58: 1046351.8 | AE58: 1823327.6 | AF58: 2900831.7 | AG58: 1964429.3 | AH58: 4990116.8 | AI58: 13806226 | AJ58: 1967837.7 | AK58: 11838388 | AL58: 13641341 | AM58: 162705.42 | AN58: 162705.42 | AO58: 169779.57 | AP58: 169779.57 | AQ58: 16977.95 | AR58: 16977.95 | AS58: 17685.37 | AT58: 17685.37 | AU58: 21222.44 | AV58: 918931.95 | AW58: 383444.71 | AX58: 145512.66 | AY58: 2203408.4 | AZ58: 27265960 | BA58: 298270.29 | BB58: 4661.36 | BC58: 759306.46
A59: 04101320026 | B59: SOUTH BELOIT C U SCH DIST 320 | C59: 844.78 | D59: 13110967 | E59: 9193595.3 | F59: 0.70121414 | G59: 1 | H59: 358356.22 | I59: 5660312.6 | J59: 6018668.9 | K59: 0.91621 | L59: 2848300.7 | M59: 684866.22 | N59: 295429.37 | O59: 119673.93 | P59: 104325.59 | Q59: 199025.58 | R59: 66025.9 | S59: 114531.6 | T59: 132567.85 | U59: 82651.67 | V59: 194351.85 | W59: 168272.59 | X59: 137432.23 | Y59: 5147455.1 | Z59: 75430.8 | AA59: 105597.5 | AB59: 288069.98 | AC59: 28722.52 | AD59: 482369.38 | AE59: 361912.94 | AF59: 1337286.7 | AG59: 905604.16 | AH59: 2547789.3 | AI59: 6132783.3 | AJ59: 907175.45 | AK59: 5225607.9 | AL59: 6056771.1 | AM59: 219298.61 | AN59: 219298.61 | AO59: 228495.01 | AP59: 228495.01 | AQ59: 64374.75 | AR59: 64374.75 | AS59: 67204.41 | AT59: 67204.41 | AU59: 80645.29 | AV59: 423741.52 | AW59: 176815.53 | AX59: 66792.69 | AY59: 1906740.6 | AZ59: 13110967 | BA59: 1236881.4 | BB59: 47926.45 | BC59: 423549.64
A60: 04101321026 | B60: PECATONICA C U SCH DIST 321 | C60: 878.77 | D60: 12213921 | E60: 8753606.5 | F60: 0.71669094 | G60: 1 | H60: 250432.81 | I60: 3888566.8 | J60: 4138999.6 | K60: 0.91621 | L60: 2761014.5 | M60: 683659.97 | N60: 309019.68 | O60: 123980.53 | P60: 91224.24 | Q60: 215011.01 | R60: 67794.45 | S60: 119844.92 | T60: 136421.57 | U60: 86193.88 | V60: 200001.61 | W60: 173164.23 | X60: 143807.95 | Y60: 5111138.6 | Z60: 78624.9 | AA60: 109846.25 | AB60: 299660.57 | AC60: 29878.18 | AD60: 501777.67 | AE60: 414910.53 | AF60: 1391092.9 | AG60: 942041.44 | AH60: 2293651.6 | AI60: 6061484.1 | AJ60: 943675.95 | AK60: 5117808.1 | AL60: 5982413.5 | AM60: 87719.44 | AN60: 87719.44 | AO60: 91256.52 | AP60: 91256.52 | AQ60: 12733.46 | AR60: 12733.46 | AS60: 13440.88 | AT60: 13440.88 | AU60: 16270.54 | AV60: 440719.48 | AW60: 183899.96 | AX60: 69178.15 | AY60: 1120368.7 | AZ60: 12213921 | BA60: 225456.24 | BB60: 6290.58 | BC60: 386878.47
A61: 04101322026 | B61: DURAND C U SCH DIST 322 | C61: 484.96 | D61: 6658126 | E61: 7331872.3 | F61: 1.1011916 | G61: 4 | H61: 446.12 | I61: 2218184 | J61: 2218630.2 | K61: 0.91621 | L61: 1545798.3 | M61: 382754.9 | N61: 170497.36 | O61: 68007.62 | P61: 51106.94 | Q61: 116750.2 | R61: 37139.57 | S61: 65826.15 | T61: 74762.1 | U61: 47229.52 | V61: 109605.4 | W61: 94897.91 | X61: 78988.11 | Y61: 2843364 | Z61: 43459.2 | AA61: 60620 | AB61: 165371.36 | AC61: 16488.64 | AD61: 138456.07 | AE61: 227882.12 | AF61: 767691.68 | AG61: 519877.12 | AH61: 1279701.4 | AI61: 3219547.6 | AJ61: 520779.14 | AK61: 2698768.4 | AL61: 3175911.5 | AM61: 56593.19 | AN61: 56593.19 | AO61: 58715.43 | AP61: 58715.43 | AQ61: 4951.9 | AR61: 4951.9 | AS61: 4951.9 | AT61: 4951.9 | AU61: 6366.73 | AV61: 242643.31 | AW61: 101248.29 | AX61: 38167.25 | AY61: 638850.42 | AZ61: 6658126 | BA61: 83240.31 | BB61: 5.87 | BC61: 245728.81
A62: 04101323026 | B62: WINNEBAGO C U SCH DIST 323 | C62: 1226.29 | D62: 17054006 | E62: 12580861 | F62: 0.73770704 | G62: 1 | H62: 213869.25 | I62: 4681931 | J62: 4895800.3 | K62: 0.91621 | L62: 3838548.8 | M62: 945021.54 | N62: 431977.21 | O62: 174165.35 | P62: 127528.19 | Q62: 299853.76 | R62: 95501.75 | S62: 167074.44 | T62: 191915.09 | U62: 120435.29 | V62: 281358.2 | W62: 243603.93 | X62: 200481.04 | Y62: 7117464.5 | Z62: 109181.7 | AA62: 153286.25 | AB62: 418164.89 | AC62: 41693.86 | AD62: 700211.59 | AE62: 566480.39 | AF62: 1941217.1 | AG62: 1314582.9 | AH62: 3206318.8 | AI62: 8451137.4 | AJ62: 1316863.8 | AK62: 7134273.7 | AL62: 8340797.4 | AM62: 130871.75 | AN62: 130871.75 | AO62: 135823.66 | AP62: 135823.66 | AQ62: 17685.37 | AR62: 17685.37 | AS62: 18392.78 | AT62: 18392.78 | AU62: 21929.86 | AV62: 614743.55 | AW62: 256515.36 | AX62: 97008.44 | AY62: 1595744.3 | AZ62: 17054006 | BA62: 252168.79 | BB62: 5213.08 | BC62: 490327.33
B63: REGION 05 NORTH COOK ISC 1 - RSSP | C63: 29 | D63: 501553.4 | E63: 459648.03 | F63: 0.91644884 | G63: 3 | H63: 656.64 | I63: 409492.69 | J63: 410149.33 | K63: 1.07645 | L63: 109102.17 | M63: 33738.48 | N63: 12398.89 | O63: 3524.74 | P63: 4081.29 | Q63: 10367.84 | R63: 2077.86 | S63: 4508.53 | T63: 3622.16 | U63: 3121.29 | V63: 5310.3 | W63: 4597.73 | X63: 5410.02 | Y63: 201861.3 | Z63: 2610 | AA63: 3625 | AB63: 9889 | AC63: 986 | AD63: 8279.5 | AE63: 24619 | AF63: 45907 | AG63: 31088 | AH63: 87531.813 | AI63: 214535.31 | AJ63: 31141.94 | AK63: 183393.37 | AL63: 216916.11 | AM63: 4986.82 | AN63: 4986.82 | AO63: 4986.82 | AP63: 4986.82 | AQ63: 6649.1 | AR63: 6649.1 | AS63: 7480.24 | AT63: 7480.24 | AU63: 9142.51 | AV63: 16622.75 | AW63: 6936.21 | AX63: 1868.43 | AY63: 82775.86 | AZ63: 501553.4 | BA63: 477.41 | BB63: 204.36 | BC63: 362.7
B64: REGION 05 NORTH COOK ISC 1 - ALOP | C64: 1406 | D64: 24772548 | E64: 6619454.3 | F64: 0.26720926 | G64: 1 | H64: 4410802.7 | I64: 4142199.5 | J64: 8553002.2 | K64: 1.07645 | L64: 5082629.9 | M64: 1371027.1 | N64: 595614.91 | O64: 229261.66 | P64: 202455.51 | Q64: 487795.4 | R64: 129519.98 | S64: 229588.65 | T64: 247212.97 | U64: 162307.38 | V64: 362427.98 | W64: 313795.29 | X64: 275494.98 | Y64: 9689131.7 | Z64: 126540 | AA64: 175750 | AB64: 479446 | AC64: 47804 | AD64: 802826 | AE64: 873830 | AF64: 2225698 | AG64: 1507232 | AH64: 4324344.7 | AI64: 10563471 | AJ64: 1509847.2 | AK64: 9053623.5 | AL64: 10678898 | AM64: 244354.51 | AN64: 244354.51 | AO64: 254328.16 | AP64: 254328.16 | AQ64: 393959.32 | AR64: 393959.32 | AS64: 410582.07 | AT64: 410582.07 | AU64: 492864.72 | AV64: 828644.39 | AW64: 345770.22 | AX64: 130790.61 | AY64: 4404518.1 | AZ64: 24772548 | BA64: 645173.31 | BB64: 956040.81 | BC64: 573299.25
A65: 05016015004 | B65: PALATINE C C SCHOOL DIST 15 | C65: 10794.75 | D65: 1.8077209e+08 | E65: 1.4548724e+08 | F65: 0.80481032 | G65: 2 | H65: 487190.37 | I65: 18106459 | J65: 18593650 | K65: 1.07645 | L65: 40535926 | M65: 8107185.1 | N65: 4250852.3 | O65: 1889092.6 | P65: 1578700.1 | Q65: 2531347 | R65: 996680.5 | S65: 1663650.7 | T65: 2171489.8 | U65: 1247477.9 | V65: 3183524.9 | W65: 2756341.1 | X65: 1996298.3 | Y65: 72908566 | Z65: 954405 | AA65: 1349343.8 | AB65: 3681009.8 | AC65: 367021.5 | AD65: 6163802.2 | AE65: 2060588.5 | AF65: 17088089 | AG65: 11571972 | AH65: 32158642 | AI65: 75394874 | AJ65: 11592050 | AK65: 63802824 | AL65: 76281086 | AM65: 2308069.7 | AN65: 2308069.7 | AO65: 2404481.7 | AP65: 2404481.7 | AQ65: 2274824.2 | AR65: 2274824.2 | AS65: 2369573.9 | AT65: 2369573.9 | AU65: 2843322.4 | AV65: 6362359.9 | AW65: 2654835.6 | AX65: 1008021.9 | AY65: 31582439 | AZ65: 1.8077209e+08 | BA65: 5451605.8 | BB65: 1524001.8 | BC65: 4470642.1
